 Dungeon Crawl Stone Soup version 0.31-a0-963-ga325b2283a (webtiles) character file.

Game seed: 6690858932012988226

12948195 scionoferis the Executioner (level 27, 295/295 HPs)
             Began as a Minotaur Chaos Knight on Oct 21, 2023.
             Was a Favourite Plaything of Xom.
             Escaped with the Orb
             ... and 15 runes on Oct 25, 2023!
             The game lasted 10:59:18 (124813 turns).

scionoferis the Executioner (MiCK)                Turns: 124813, Time: 10:59:18

Health: 295/295    AC: 43    Str: 27    XL:     27
Magic:  43/43      EV: 40    Int: 15    God:    Xom [.....*]
Gold:   13732      SH:  0    Dex: 29    Spells: 44/61 levels left

rFire   + + .        a - +9 executioner's axe (flame)
rCold   + + +        (shield currently unavailable)
rNeg    + + +        o - +5 faerie dragon scales {rElec rF+ rCorr Int+2}
rPois   ∞            z - +2 hat {Stlth+}
rElec   +            j - +4 dragonskin cloak
rCorr   +            Z - +0 pair of fencer's gloves {Riposte Dex+3}
SInv    +            e - +2 pair of boots {Fly}
Will    ++++.        T - amulet of faith
Stlth   ++++         R - ring of willpower
HPRegen 0.69/turn    p - ring of the Tortoise {AC+8}
MPRegen 0.28/turn

%: clarity, faith
@: death-form, flying, studying Long Blades
A: vile attack, torment immunity, no potions, horns 2, retaliatory headbutt,
hooves 1, iridescent scales 2, thin skeletal structure 2, see invisible, agile
2, clarity, clever 2, cold resistance 3, fire resistance 1, mutation resistance
2, sense surroundings 1, robust 1, shaggy fur 1, strong 2, wild magic 2,
MP-powered wands
0: Orb of Zot
}: 15/15 runes: barnacled, slimy, silver, golden, iron, obsidian, icy, bone,
abyssal, demonic, glowing, magical, fiery, dark, gossamer
a: Siphon Essence, Begin Untransformation, Renounce Religion


You escaped.
You worshipped Xom.
You were Xom's teddy bear.
You were an undying horror.
You visited 17 branches of the dungeon, and saw 86 of its levels.
You visited Pandemonium 5 times, and saw 13 of its levels.
You visited the Abyss 4 times.
You also visited: Bailey and Ice Cave.

You collected 19223 gold pieces.
You spent 5491 gold pieces at shops.


Innate Abilities, Weirdness & Mutations

You are an undying horror.
Your melee and unarmed attacks drain, slow and weaken victims.
You are immune to unholy pain and torment.
You cannot drink.
You are immune to poison.
You have a pair of horns on your head.
You reflexively headbutt those who attack you in melee.
You have large cloven feet.
You are mostly covered in iridescent scales. (AC +4)
You have a moderately thin skeletal structure. (Dex +4, Stealth++)
You have supernaturally acute eyesight. (SInv)
You are very agile. (Dex +8, Str/Int -2)
You possess an exceptional clarity of mind.
Your mind is very acute. (Int +8, Str/Dex -2)
Your flesh is almost immune to the effects of cold. (rC+++)
Your flesh is heat resistant. (rF+)
You are somewhat resistant to both further mutation and mutation removal.
You passively map a small area around you.
You are robust. (+10% HP)
You are covered in fur. (AC +1)
Your muscles are very strong. (Str +8, Int/Dex -2)
Your spells are harder to cast, but more powerful.
You expend magic power (3 MP) to strengthen your wands.


   Skills:
 - Level 26.0 Fighting
 - Level 26.0 Axes
 + Level 24.3 Ranged Weapons
 - Level 26.0 Throwing
 - Level 21.0 Armour
 - Level 26.0 Dodging
 - Level 18.0 Stealth
 + Level 17.9 Spellcasting
 - Level 18.0 Translocations
 - Level 3.0 Transmutations
 - Level 10.0 Air Magic
 - Level 3.0 Earth Magic
 - Level 18.0 Evocations
 - Level 23.0 Shapeshifting


You had 44 spell levels left.
You knew the following spells:

 Your Spells              Type           Power      Damage    Failure   Level
a - Apportation           Tloc           100%       N/A       1%          1
b - Blink                 Tloc           100%       N/A       1%          2
c - Wereblood             Tmut           35%        N/A       7%          2
d - Manifold Assault      Tloc           82%        N/A       1%          4
e - Vhi's Electric Charg  Tloc/Air       100%       N/A       1%          4
f - Lesser Beckoning      Tloc           100%       N/A       1%          2
g - Passwall              Tmut/Erth      29%        N/A       7%          2

Your spell library contained the following spells:

 Spells                   Type           Power      Damage    Failure   Level
 Momentum Strike          Conj/Tloc      100%       3d10      1%          2
 Gell's Gravitas          Tloc           82%        N/A       1%          3
 Swiftness                Air            62%        N/A       1%          3
 Teleport Other           Tloc           82%        N/A       1%          3
 Volatile Blastmotes      Fire/Tloc      100%       2d18      2%          3
 Dispersal                Tloc           41%        N/A       2%          6
 Shock                    Conj/Air       100%       1d9       3%          1
 Poisonous Vapours        Pois/Air       90%        N/A       3%          2
 Static Discharge         Conj/Air       90%        3-7/arc   3%          2
 Airstrike                Air            31%        2d(5-21)  3%          4
 Dimensional Bullseye     Hex/Tloc       29%        N/A       4%          4
 Iskenderun's Mystic Bla  Conj/Tloc      59%        2d12      4%          4
 Cigotuvi's Dreadful Rot  Necr/Pois/Air  74%        N/A       6%          2
 Sting                    Tmut/Pois      100%       1d8       8%          1
 Summon Forest            Summ/Tloc      29%        N/A       9%          5
 Mephitic Cloud           Conj/Pois/Air  37%        N/A       10%         3
 Freeze                   Ice            84%        1d9       12%         1
 Magic Dart               Conj           84%        1d7       12%         1
 Necrotise                Necr           84%        1d8       12%         1
 Slow                     Hex            84%        N/A       12%         1
 Summon Small Mammal      Summ           84%        N/A       12%         1
 Summon Lightning Spire   Summ/Air       45%        N/A       14%         4
 Call Imp                 Summ           42%        N/A       17%         2
 Ensorcelled Hibernation  Hex/Ice        42%        N/A       17%         2
 Jinxbite                 Hex            42%        N/A       17%         2
 Scorch                   Fire           42%        2d6       17%         2
 Searing Ray              Conj           42%        2d6       17%         2
 Sublimation of Blood     Necr           21%        N/A       17%         2
 Stone Arrow              Conj/Erth      56%        3d10      17%         3
 Ignite Poison            Fire/Tmut/Pois 26%        N/A       21%         3
 Call Canine Familiar     Summ           21%        N/A       28%         3
 Confusing Touch          Hex            21%        N/A       28%         3
 Dazzling Flash           Conj/Hex       42%        N/A       28%         3
 Frozen Ramparts          Ice            42%        1d7       28%         3
 Hailstorm                Conj/Ice       21%        3d6       28%         3
 Inner Flame              Hex/Fire       21%        N/A       28%         3
 Ozocubu's Armour         Ice            21%        N/A       28%         3
 Sigil of Binding         Hex            21%        N/A       28%         3
 Summon Guardian Golem    Hex/Summ       21%        N/A       28%         3
 Tukima's Dance           Hex            21%        N/A       28%         3
 Vampiric Draining        Necr           21%        2d7       28%         3
 Petrify                  Tmut/Erth      35%        N/A       28%         4
 Arcjolt                  Conj/Air       22%        1d32      32%         5
 Silence                  Hex/Air        22%        N/A       32%         5
 Disjunction              Tloc           41%        N/A       36%         8
 Animate Armour           Summ/Erth      56%        N/A       43%         4
 Brom's Barrelling Bould  Conj/Erth      28%        2d5       43%         4
 Leda's Liquefaction      Hex/Erth       14%        N/A       43%         4
 Freezing Cloud           Conj/Ice/Air   18%        6-21      52%         5
 Lee's Rapid Deconstruct  Erth           17%        3d11*     54%         5
 Anguish                  Hex/Necr       10%        N/A       61%         4
 Animate Dead             Necr           21%        N/A       61%         4
 Dispel Undead            Necr           21%        3d11      61%         4
 Flame Wave               Conj/Fire      21%        2d8       61%         4
 Fulminant Prism          Conj/Hex       10%        3d9       61%         4
 Olgreb's Toxic Radiance  Pois           21%        N/A       61%         4
 Sticky Flame             Conj/Fire      21%        2d4       61%         4
 Summon Ice Beast         Ice/Summ       21%        N/A       61%         4
 Alistair's Intoxication  Tmut/Pois      18%        N/A       75%         5
 Irradiate                Conj/Tmut      14%        3d16      75%         5
 Yara's Violent Unravell  Hex/Tmut       14%        3d7       75%         5
 Conjure Ball Lightning   Conj/Air       22%        3x3d6     82%         6
 Plasma Beam              Fire/Air       22%        2x1d34    82%         6
 Malign Gateway           Summ/Tloc      29%        N/A       85%         7
 Fireball                 Conj/Fire      10%        3d6       90%         5
 Iskenderun's Battlesphe  Conj           21%        2d7       90%         5
 Metabolic Englaciation   Hex/Ice        10%        N/A       90%         5
 Summon Mana Viper        Hex/Summ       21%        N/A       90%         5
 Bombard                  Conj/Erth      14%        9d3       99%         6
 Eringya's Noxious Bog    Tmut/Pois      14%        4d6       99%         6
 Death Channel            Necr           10%        N/A       100%        6
 Simulacrum               Ice/Necr       10%        N/A       100%        6
 Starburst                Conj/Fire      10%        6d5       100%        6
 Summon Cactus Giant      Summ           10%        N/A       100%        6
 Enfeeble                 Hex            10%        N/A       100%        7
 Haunt                    Necr/Summ      10%        N/A       100%        7
 Monstrous Menagerie      Summ           10%        N/A       100%        7
 Orb of Destruction       Conj           10%        9d6       100%        7
 Ozocubu's Refrigeration  Ice            10%        4d9       100%        7
 Spellforged Servitor     Conj/Summ      10%        N/A       100%        7
 Summon Hydra             Summ           10%        N/A       100%        7
 Discord                  Hex            10%        N/A       100%        8
 Ignition                 Fire           10%        3d5       100%        8
 Infestation              Necr           10%        N/A       100%        8
 Lehudib's Crystal Spear  Conj/Erth      14%        10d5      100%        8
 Maxwell's Capacitive Co  Air            31%        ∞         100%        8
 Summon Horrible Things   Summ           10%        N/A       100%        8
 Chain Lightning          Conj/Air       22%        3d30      100%        9
 Death's Door             Necr           10%        N/A       100%        9
 Fire Storm               Conj/Fire      10%        8d3       100%        9
 Polar Vortex             Ice            10%        12d1*     100%        9
 Shatter                  Erth           17%        3d16*     100%        9

Inventory:

Hand Weapons
 a - a +9 executioner's axe of flaming (weapon)
   (You subdued it on level 2 of the Elven Halls)
 b - the +8 storm bow {elec, penet}
   (You found it on level 5 of the Vaults)
 d - the +6 arbalest "Damnation" {damnation}
   (You found it on level 8 of the Dungeon)
 f - a +9 executioner's axe of freezing
   (You found it in an ice cave)
Missiles
 i - 14 javelins
 v - 10 silver javelins
 x - 53 boomerangs
 K - 9 throwing nets (quivered)
Armour
 e - a +2 pair of boots of flying (worn)
   (Xom gifted it to you on level 4 of the Depths)
 j - the +4 dragonskin cloak (worn)
   (You took it off Tiamat on level 3 of the Realm of Zot)

   Avatar's Aegis: It grants the wearer a chance to resist fire, cold, poison,
   electricity, acid, and negative energy.
 o - the +5 faerie dragon scales (worn) {rElec rF+ rCorr Int+2}
   (You took it off the Enchantress on level 1 of the Depths)

   Int+2:     It affects your intelligence (+2).
   rF+:       It protects you from fire.
   rElec:     It insulates you from electricity.
   rCorr:     It protects you from acid and corrosion.
 t - a +2 cloak of willpower
   (You took it off a draconian stormcaller on level 5 of the Realm of Zot)
 z - a +2 hat of stealth (worn)
   (You took it off Gastronok on level 12 of the Dungeon)
 C - a scarf of invisibility
   (You found it on level 4 of the Spider Nest)
 Z - the +0 pair of fencer's gloves (worn) {Riposte Dex+3}
   (You found it on level 3 of the Tomb of the Ancients)

   Riposte:   It allows the wearer to riposte with melee weapons, swiftly
   retaliating against missed or blocked melee attacks.
   Dex+3:     It affects your dexterity (+3).
Jewellery
 c - a +6 ring of dexterity
   (You found it in Pandemonium)
 p - the ring of the Tortoise (right hand) {AC+8}
   (You bought it in a shop on level 4 of the Vaults)

   [ring of protection]

   AC+8:      It affects your AC (+8).
 R - a ring of willpower (left hand)
   (You took it off an orc priest on level 9 of the Dungeon)
 T - an amulet of faith (around neck)
   (You took it off a gnoll sergeant on level 9 of the Dungeon)
Talismans
 A - a talisman of death (active)
   (You found it on level 1 of the Spider Nest)
Wands
 l - a wand of flame (11)
   (You found it on level 7 of Cocytus)
 s - a wand of mindburst (102)
   (You took it off Ijyb on level 4 of the Dungeon)
 y - a wand of paralysis (85)
   (You found it on level 6 of the Dungeon)
 I - a wand of digging (43)
   (You found it on level 6 of the Dungeon)
 J - a wand of roots (127)
   (You found it on level 6 of the Dungeon)
 P - a wand of quicksilver (43)
   (Xom gifted it to you on level 9 of the Dungeon)
Scrolls
 h - 12 scrolls of teleportation
 k - 6 scrolls of butterflies
 m - 14 scrolls of blinking
 q - 8 scrolls of immolation
 w - 3 scrolls of fear
 F - 10 scrolls of fog
 M - a scroll of revelation
 Q - 3 scrolls of poison
 V - 4 scrolls of silence
Potions
 n - 5 potions of might
 r - 13 potions of mutation
 u - 11 potions of heal wounds
 D - 8 potions of resistance
 E - 24 potions of curing
 G - a potion of enlightenment
 O - 8 potions of brilliance
 U - 5 potions of haste
Miscellaneous
 g - a phial of floods
   (You found it on level 9 of the Dungeon)
 B - a sack of spiders
   (You found it on level 5 of the Lair of Beasts)
 H - the horn of Geryon
   (You took it off Geryon in the Vestibule of Hell)
 L - a condenser vane
   (You found it on level 4 of the Shoals)
 N - a tin of tremorstones (2/2)
   (Xom gifted it to you on level 1 of the Tomb of the Ancients)
 S - a box of beasts
   (Xom gifted it to you in Pandemonium)
 W - a figurine of a ziggurat
 X - a phantom mirror
   (You found it on level 9 of the Dungeon)
 Y - a lightning rod (4/4)
   (You found it on level 9 of the Dungeon)

Dungeon Overview and Level Annotations

Branches:
Dungeon (15/15)            Temple (0/1) D:6            Lair (5/5) D:8
 Shoals (4/4) Lair:3       Spider (4/4) Lair:3        Slime (5/5) Lair:4
    Orc (2/2) D:12            Elf (3/3) Orc:2        Vaults (5/5) D:14
  Crypt (3/3) Vaults:2       Tomb (3/3) Crypt:3      Depths (4/4) D:15
   Hell (visited)             Dis (7/7) Hell            Geh (7/7) Hell
    Coc (7/7) Hell            Tar (7/7) Hell            Zot (5/5) Depths:4
 Bailey (visited)           IceCv (visited)

Altars:
Ashenzari
Elyvilon
Gozag
Hepliaklqana
Kikubaaqudgha
Nemelex Xobeh
Okawaru
Ru
Sif Muna
Vehumet
Wu Jian
Xom
Zin
The Shining One
Jiyva

Shops:
D:2 =   Orc:2 [?*!   Elf:2 (   Elf:3 ?   Shoals:2 (   Vaults:4 =(   Vaults:5 [!
Depths:2 :=:*

Portals:
Hell: Depths:1* Depths:2 Depths:3 Depths:4
Abyss: Depths:2 Depths:3
Pandemonium: Depths:2 Depths:4
Ziggurat: Depths:3
Trove: Depths:1 (give 2 scrolls of acquirement)

........#.#####..# ##..#### ##
.#..#...#.######.#######..#### #.
.####.###..............#.....###.
......###..#####'#####.#.........
.......##..#PPP#.#PPP#.###.......
#..........#P⌠P#.#P⌠P#...........
######.###.#PPP#.#PPP#..###+#....
######.###.#####.#####..# #......
.......#...+....z....'..# #.###..
....#..#.#.#####.#####.## #.# #..
....#....#.#PPP#.#PPP#.# #.# ###
....+.##.#.#P⌠P#.#P⌠P#.# #.#####
)...#.#....#PPP#.#PPP#.####......
###.#.#.##.#####+#####...........
# #.#........................)...
###.#.##########.######.....#####
..#............PP....#......# #


There were no monsters in sight!


Message History

You shoot an arrow.
The arrow pierces through the spectral iron giant.
The spectral iron giant is moderately damaged.
Xom does a drum roll.
You hear a roar! x3
Something shouts, "Capitulate, thou unctious roguish gnoll-tail!"
You shoot an arrow.
The arrow pierces through the spectral naga warrior but does no damage.
The spectral naga warrior is severely damaged.
The +8 storm bow {elec, penet} stops crackling.
Your +9 executioner's axe of flaming bursts into flame!
a - a +9 executioner's axe of flaming (weapon)
You slice the spectral iron giant!!
The spectral iron giant decays.
You burn the spectral iron giant!
The spectral iron giant is heavily damaged.
The spectral iron giant misses you.
You slash the spectral iron giant!
The spectral iron giant decays.
You burn the spectral iron giant. You headbutt the spectral iron giant!
The spectral iron giant is severely damaged.
A spectral dire elephant comes into view.
You slice the spectral iron giant!!
The spectral iron giant decays.
You burn the spectral iron giant!
The spectral iron giant is almost destroyed.
The spectral iron giant misses you.
You hit the spectral iron giant.
The spectral iron giant decays.
You burn the spectral iron giant.
The spectral iron giant is almost destroyed.
You slice the spectral iron giant!! You burn the spectral iron giant.
You destroy the spectral iron giant!
You slice the spectral dire elephant!!
The spectral dire elephant decays.
You burn the spectral dire elephant!
You headbutt the spectral dire elephant, but do no damage.
The spectral dire elephant is heavily damaged.
You slash the spectral dire elephant!
The spectral dire elephant decays.
You burn the spectral dire elephant.
The spectral dire elephant is severely damaged.
You carve the spectral naga warrior like a ham!!!
You burn the spectral naga warrior!
You destroy the spectral naga warrior!
The spectral dire elephant tramples you but does no damage.
The spectral dire elephant completely misses you.
You slash the spectral dire elephant!
The spectral dire elephant decays.
You burn the spectral dire elephant.
The spectral dire elephant is almost destroyed.
You completely miss the spectral dire elephant.
You headbutt the spectral dire elephant.
The spectral dire elephant is almost destroyed.
You slice the spectral dire elephant!! You burn the spectral dire elephant.
You destroy the spectral dire elephant!
Your +9 executioner's axe of flaming stops flaming.
You hear the crackle of electricity.
b - the +8 storm bow (weapon)
{elec, penet} "Take this instrument of something!"
Something appears at your feet!
You see here a +0 sling.
You see here a +0 sling.
You see here 6 large rocks.
A Tzitzimitl comes into view. "Hum-dee-hum-dee-hum..."
The Tzitzimitl evaporates and reforms as a Hell Sentinel!
You shoot an arrow.
The arrow pierces through the Hell Sentinel but does no damage.
The Hell Sentinel gestures at you.
The sphere of damnation explodes!
The damnation engulfs you!!
There is a large open door here.
The +8 storm bow {elec, penet} stops crackling.
Your +9 executioner's axe of flaming bursts into flame!
a - a +9 executioner's axe of flaming (weapon)
You start resting.
HP restored.
Your +9 executioner's axe of flaming stops flaming.
You hear the crackle of electricity.
b - the +8 storm bow (weapon)
{elec, penet}
There is a large open door here.
You see here 6 large rocks.
A Tzitzimitl comes into view.
You see here 6 large rocks.
You shoot an arrow.
The arrow completely misses the Tzitzimitl.
The Tzitzimitl roars!
You see here 6 large rocks.
There is a large open door here.
The +8 storm bow {elec, penet} stops crackling.
Your +9 executioner's axe of flaming bursts into flame!
a - a +9 executioner's axe of flaming (weapon)
Casting: Vhi's Electric Charge (mildly dangerous; 1% risk of failure)
Confirm with . or Enter, or press ? or * to list all spells.
Charge where?
Press: ? - help, Dir - move target, f/p - Tzitzimitl
Aim: a Tzitzimitl (79% to hit)
You charge forward with an electric crackle!
You slice the Tzitzimitl!!
The Tzitzimitl decays.
You burn the Tzitzimitl! You headbutt the Tzitzimitl!
The Tzitzimitl is moderately wounded.
You closely miss the Tzitzimitl.
The Tzitzimitl is moderately wounded.
The Tzitzimitl gestures at you.
You convulse!
You slash the Tzitzimitl!
The Tzitzimitl decays.
You burn the Tzitzimitl. You headbutt the Tzitzimitl.
The Tzitzimitl is heavily wounded.
You slice the Tzitzimitl like a ripe choko!!!
The Tzitzimitl decays.
You burn the Tzitzimitl. Your headbutt misses the Tzitzimitl.
The Tzitzimitl is almost dead.
The Tzitzimitl completely misses you. You furiously retaliate!
You headbutt the Tzitzimitl!
You kill the Tzitzimitl!
Your +9 executioner's axe of flaming stops flaming.
You hear the crackle of electricity.
b - the +8 storm bow (weapon)
{elec, penet} You start resting.
HP restored.
You start resting.
Magic restored.
You start resting.
Xom's generous nature manifests itself.
Something appears at your feet!
You start resting. "Where it stops, nobody knows!"
Your surroundings suddenly seem different.
Unknown command.
Unknown command. "Let's see if it's strong enough to survive yet."
You are now a very special plaything of Xom.
The +8 storm bow {elec, penet} stops crackling.
Your +9 executioner's axe of flaming bursts into flame!
a - a +9 executioner's axe of flaming (weapon)
Unknown command.
You cut the quasit into ribbons!!! You burn the quasit.
You kill the quasit!
The quasit disappears in a puff of smoke!
You barely miss the crimson imp. You hit the shadow imp.
The shadow imp decays.
You burn the shadow imp. The crimson imp completely misses you.
The crimson imp blinks!
Unknown command.
You chop the crimson imp into pieces!!!
You kill the crimson imp!
The crimson imp disappears in a puff of smoke!
You barely miss the ufetubus. You slice the quasit!! You burn the quasit.
You kill the quasit!
The quasit disappears in a puff of smoke!
You slash the shadow imp! You burn the shadow imp.
You kill the shadow imp!
The shadow imp disappears in a puff of smoke!
You slash the quasit!
The quasit decays.
You carve the white imp like a ham!!! You burn the white imp.
You kill the white imp!
The white imp disappears in a puff of smoke!
You closely miss the quasit. You barely miss the shadow imp.
The ufetubus completely misses you. You furiously retaliate!
You headbutt the ufetubus.
The ufetubus hits you but does no damage.
The quasit completely misses you. x3
You slash the quasit!
You kill the quasit!
The quasit disappears in a puff of smoke!
You cut the quasit into ribbons!!! You burn the quasit.
You kill the quasit!
The quasit disappears in a puff of smoke!
You closely miss the shadow imp. You hit the ufetubus.
The ufetubus decays.
You burn the ufetubus.
You kill the ufetubus!
The ufetubus disappears in a puff of smoke!
The shadow imp completely misses you. The white imp gestures at you.
The puff of frost misses you.
The puff of frost hits the crimson imp!
The crimson imp is frozen!
Xom is interested.
You slice the shadow imp!! You burn the shadow imp.
You kill the shadow imp!
The shadow imp disappears in a puff of smoke!
You closely miss the crimson imp. You chop the iron imp into pieces!!!
You kill the iron imp!
The iron imp disappears in a puff of smoke!
You hit the crimson imp.
The crimson imp decays.
The crimson imp blinks! x2
You open the white imp like a pillowcase!!!
You burn the white imp!
You kill the white imp!
The white imp disappears in a puff of smoke!
Unknown command.
You hit the shadow imp.
The shadow imp decays.
You burn the shadow imp.
You kill the shadow imp!
The shadow imp disappears in a puff of smoke!
You slice the crimson imp!!
You kill the crimson imp!
The crimson imp disappears in a puff of smoke!
Unknown command.
The crimson imp blinks!
You slice the crimson imp like a ripe choko!!!
You kill the crimson imp!
The crimson imp disappears in a puff of smoke!
Your +9 executioner's axe of flaming stops flaming.
You hear the crackle of electricity.
b - the +8 storm bow (weapon)
{elec, penet} You see here a +0 sling.
You see here 6 large rocks.
Ereshkigal, Queen of Tartarus comes into view.
Press: ? - help, v - describe, . - travel
Here: Ereshkigal (wandering, hasn't noticed you)
The floor.
As you read the scroll of butterflies, it crumbles to dust.
You hear the flapping of tiny wings.
Xom's attention almost turns to you for a moment.
Your potion of enlightenment falls out of your pack, then immediately jumps back in!
You are now a special plaything of Xom.
You swap places.
You swap places. "Fight to survive, mortal."
As you read the scroll of immolation, it crumbles to dust.
The creatures around you are filled with an inner flame!
Ereshkigal closely misses your butterfly.
Unknown command.
The white imp hits your butterfly.
Your butterfly disappears in a burst of colours!
Your butterfly explodes!
The fiery explosion engulfs the white imp!!!
The white imp is burned terribly!
The white imp disappears in a puff of smoke!
The fiery explosion engulfs you but does no damage.
The fiery explosion engulfs your butterfly!
Your butterfly disappears in a burst of colours!
Your butterfly explodes!
The fiery explosion engulfs Ereshkigal!
Ereshkigal is lightly wounded.
The fiery explosion engulfs your butterfly!!
Your butterfly disappears in a burst of colours!
Your butterfly explodes!
The fiery explosion engulfs your butterfly!!
Your butterfly disappears in a burst of colours!
The fiery explosion engulfs Ereshkigal!
Ereshkigal is lightly wounded.
The fiery explosion engulfs your butterfly!!
Your butterfly disappears in a burst of colours!
Your butterfly explodes!
The fiery explosion engulfs Ereshkigal!
Ereshkigal is lightly wounded.
The fiery explosion engulfs your butterfly!!
Your butterfly disappears in a burst of colours!
The fiery explosion engulfs your butterfly!
Your butterfly disappears in a burst of colours!
The fiery explosion engulfs your butterfly!!
Your butterfly disappears in a burst of colours!
Your butterfly explodes!
The fiery explosion engulfs your butterfly!!
Your butterfly disappears in a burst of colours!
Your butterfly explodes!
The fiery explosion engulfs your butterfly!!!
Your butterfly disappears in a burst of colours!
The fiery explosion engulfs your butterfly!!
Your butterfly disappears in a burst of colours!
The fiery explosion engulfs your butterfly!!
Your butterfly disappears in a burst of colours!
Your butterfly explodes! x2
The fiery explosion engulfs your butterfly!!
Your butterfly disappears in a burst of colours!
Your butterfly explodes!
The fiery explosion engulfs your butterfly!!
Your butterfly disappears in a burst of colours!
Your butterfly explodes! x3
The fiery explosion engulfs your butterfly!!
Your butterfly disappears in a burst of colours!
Your butterfly explodes!
The fiery explosion engulfs your butterfly!!
You kill your butterfly!
Your butterfly disappears in a burst of colours!
Your butterfly explodes! x2
The fiery explosion engulfs Ereshkigal!
Ereshkigal is lightly wounded.
The white imp explodes!
Unknown command.
Unknown command.
Unknown command.
Unknown command.
Unknown command.
Unknown command.
Unknown command.
Unknown command.
Unknown command.
Your butterfly is engulfed in blazing flames.
Your butterfly disappears in a burst of colours!
Your butterfly explodes!
The fiery explosion engulfs your butterfly!!
Your butterfly disappears in a burst of colours!
Your butterfly explodes!
Ereshkigal is engulfed in blazing flames.
Your butterfly is engulfed in blazing flames.
Your butterfly disappears in a burst of colours!
Your butterfly explodes!
The fiery explosion engulfs your butterfly!!
Your butterfly disappears in a burst of colours!
The fiery explosion engulfs Ereshkigal!!
Ereshkigal is moderately wounded.
The fiery explosion engulfs your butterfly!!!
Your butterfly disappears in a burst of colours!
Your butterfly explodes!
The fiery explosion engulfs your butterfly!!
Your butterfly disappears in a burst of colours!
Your butterfly explodes! x2
The fiery explosion engulfs you but does no damage.
Ereshkigal is engulfed in blazing flames.
You hear a roar! x2
Unknown command.
Unknown command.
Unknown command.
Unknown command.
The +8 storm bow {elec, penet} stops crackling.
Your +9 executioner's axe of flaming bursts into flame!
a - a +9 executioner's axe of flaming (weapon)
You are engulfed in blazing flames.
You resist.
Your butterfly is engulfed in blazing flames.
Your butterfly disappears in a burst of colours!
Your butterfly explodes!
The fiery explosion engulfs your butterfly!!
Your butterfly disappears in a burst of colours!
Your butterfly explodes!
Press: ? - help, v - describe, . - travel
Here: Ereshkigal (flame, moderately wounded, ally target)
The floor.
Throw: 10 throwing nets
Press: ? - help, Q - select action, (/) - cycle Shift-Dir - straight line, f - Ereshkigal
Aim: Ereshkigal (flame, moderately wounded, ally target, 45% to hit)
You throw a throwing net. The throwing net hits Ereshkigal.
Ereshkigal is caught in the net!
Ereshkigal is moderately wounded.
You are engulfed in blazing flames.
You resist.
Your butterfly is engulfed in blazing flames.
Your butterfly disappears in a burst of colours!
Your butterfly explodes!
Ereshkigal is engulfed in blazing flames.
Ereshkigal struggles against the net.
You catch the helpless Ereshkigal completely off-guard!
You carve Ereshkigal like a ham!!!
Ereshkigal decays.
You burn Ereshkigal!!
You headbutt Ereshkigal, but do no damage.
Ereshkigal is heavily wounded.
You are engulfed in blazing flames.
You resist.
Your butterfly is engulfed in blazing flames.
Your butterfly disappears in a burst of colours!
Your butterfly explodes!
Ereshkigal is engulfed in blazing flames.
Ereshkigal gestures at you. The bolt of cold misses you.
You hear a sizzling sound!
Ereshkigal struggles against the net.
Unknown command.
You strike the helpless Ereshkigal from behind!
You chop Ereshkigal into pieces!!!
Ereshkigal decays.
You burn Ereshkigal!
Ereshkigal is severely wounded.
Your butterfly is engulfed in blazing flames.
Your butterfly disappears in a burst of colours!
Your butterfly explodes!
The fiery explosion engulfs you but does no damage.
You resist.
Unknown command.
Unknown command.
You hit Ereshkigal.
Ereshkigal decays.
You burn Ereshkigal. You headbutt Ereshkigal!
Ereshkigal is severely wounded.
Your butterfly is engulfed in blazing flames.
You kill your butterfly!
Your butterfly disappears in a burst of colours!
Unknown command.
Unknown command.
You catch the helpless Ereshkigal completely off-guard!
You hit Ereshkigal.
Ereshkigal decays.
You burn Ereshkigal. You headbutt Ereshkigal!
Ereshkigal is severely wounded.
Ereshkigal is engulfed in blazing flames.
Ereshkigal gestures.
Ereshkigal's surroundings become eerily quiet.
Ereshkigal struggles against the net.
Unknown command.
You slice Ereshkigal!!
Ereshkigal decays.
You burn Ereshkigal.
Ereshkigal is severely wounded.
Unknown command.
You catch the helpless Ereshkigal completely off-guard!
You cut Ereshkigal into ribbons!!!
Ereshkigal decays.
You burn Ereshkigal! You headbutt Ereshkigal!
Ereshkigal is almost dead.
Unknown command.
You slice Ereshkigal like a ripe choko!!!
You burn Ereshkigal!
As Ereshkigal dies, the sound returns.
You kill Ereshkigal!
Unknown command.
You hear Xom's avuncular chuckle.
The Hell Sentinel evaporates and reforms as a Brimstone Fiend!
There is a large open door here.
You start waiting.
A Brimstone Fiend is nearby!
Your +9 executioner's axe of flaming stops flaming.
Your +9 executioner's axe of freezing glows with a cold blue light!
f - a +9 executioner's axe of freezing (weapon)
You closely miss the Brimstone Fiend. The Brimstone Fiend misses you.
You riposte.
You hit the Brimstone Fiend but do no damage.
The Brimstone Fiend completely misses you. x2
You hit the Brimstone Fiend but do no damage.
Unknown command.
You chop the Brimstone Fiend into pieces!!!
The Brimstone Fiend decays.
You freeze the Brimstone Fiend!
You headbutt the Brimstone Fiend, but do no damage.
The Brimstone Fiend is heavily wounded.
The Brimstone Fiend barely misses you. You furiously retaliate!
You headbutt the Brimstone Fiend!!
You riposte.
You slash the Brimstone Fiend!
The Brimstone Fiend decays.
You freeze the Brimstone Fiend! You headbutt the Brimstone Fiend.
You kill the Brimstone Fiend!
Your +9 executioner's axe of freezing stops glowing.
Your +9 executioner's axe of flaming bursts into flame!
a - a +9 executioner's axe of flaming (weapon)
There is a large open door here.
You hear Xom's maniacal laughter.
The ufetubus completely misses you.
The ufetubus hits you but does no damage.
There is a large open door here.
You slice the ufetubus!! You burn the ufetubus.
You kill the ufetubus!
The ufetubus disappears in a puff of smoke!
No target in view!
You now have 13481 gold pieces (gained 45).
There is a large open door here.
You see here 6 large rocks.
A Tzitzimitl comes into view.
A Tzitzimitl comes into view.
The Tzitzimitl roars! "This might be better!"
The Tzitzimitl looks momentarily different.
Casting: Vhi's Electric Charge (mildly dangerous; 1% risk of failure)
Confirm with . or Enter, or press ? or * to list all spells.
Charge where?
Press: ? - help, Dir - move target, f - Tzitzimitl
Aim: a Tzitzimitl (79% to hit)
You charge forward with an electric crackle!
The Tzitzimitl roars!
You slash the Tzitzimitl!
The Tzitzimitl decays.
You burn the Tzitzimitl. You headbutt the Tzitzimitl!
The Tzitzimitl is lightly wounded.
Xom asks Qazlal to spice things up a little.
The Tzitzimitl misses you. You furiously retaliate!
You headbutt the Tzitzimitl!
The Tzitzimitl bites you but does no damage.
You closely miss the Tzitzimitl.
The Tzitzimitl is moderately wounded.
You are engulfed in seething chaos.
You slice the Tzitzimitl!!
The Tzitzimitl decays.
You burn the Tzitzimitl! Your headbutt misses the Tzitzimitl.
The Tzitzimitl is severely wounded.
You are engulfed in seething chaos.
The Tzitzimitl completely misses you. You furiously retaliate!
You headbutt the Tzitzimitl! The Tzitzimitl completely misses you.
Press: ? - help, v - describe, . - travel The floor.
There is a cloud of seething chaos here.
Unknown command.
You hit the Tzitzimitl.
The Tzitzimitl decays.
You burn the Tzitzimitl. You headbutt the Tzitzimitl.
The Tzitzimitl is almost dead.
You slice the Tzitzimitl!! You burn the Tzitzimitl.
You kill the Tzitzimitl!
The Tzitzimitl is engulfed in seething chaos.
The Tzitzimitl is duplicated!
You miss the Tzitzimitl. You headbutt the Tzitzimitl.
The Tzitzimitl is lightly wounded.
You are now Xom's teddy bear.
The Tzitzimitl engulfs you! The Tzitzimitl drains your vigour!
You feel yourself slow down. The Tzitzimitl completely misses you.
The Tzitzimitl gestures at you.
You convulse!
You slice the Tzitzimitl!!
The Tzitzimitl decays.
You burn the Tzitzimitl!
The Tzitzimitl is heavily wounded.
You slice the Tzitzimitl!!
The Tzitzimitl decays.
You burn the Tzitzimitl.
Unknown command.
You chop the Tzitzimitl into pieces!!!
The Tzitzimitl decays.
You burn the Tzitzimitl.
The Tzitzimitl is almost dead.
You closely miss the Tzitzimitl. The Tzitzimitl barely misses you.
You furiously retaliate!
You headbutt the Tzitzimitl.
The Tzitzimitl completely misses you. x3
Unknown command.
You slice the Tzitzimitl!! You burn the Tzitzimitl.
You kill the Tzitzimitl!
You cut the Tzitzimitl into ribbons!!!
The Tzitzimitl decays.
You burn the Tzitzimitl!
The Tzitzimitl engulfs you but does no damage.
The Tzitzimitl bites you but does no damage.
Unknown command.
You slash the Tzitzimitl!
The Tzitzimitl decays.
You burn the Tzitzimitl.
The Tzitzimitl is almost dead.
The Tzitzimitl barely misses you. You furiously retaliate!
You headbutt the Tzitzimitl!
You kill the Tzitzimitl!
That felt strangely unrewarding.
You feel yourself speed up.
You start resting.
HP restored.
You start waiting.
Done waiting.
Found the Monograph on Guile.
You now have 13508 gold pieces (gained 27).
You see here the Monograph on Guile.
You now have 13522 gold pieces (gained 14).
You now have 13529 gold pieces (gained 7).
You see here a +1 spear of flaming.
Unknown command.
You now have 13576 gold pieces (gained 47).
You now have 13601 gold pieces (gained 25).
You see here a +1 chain mail of cold resistance.
Unknown command.
You now have 13623 gold pieces (gained 22).
You now have 13645 gold pieces (gained 22).
You pick up the bone rune and feel its power.
You have collected all the runes!
Now go and win!
Press } to see all the runes you have collected.
You now have 13683 gold pieces (gained 38).
Done exploring.
Done exploring.
Search for what [? for help]? tar Sorry, I don't know how to get there.
There is a large open door here.
There is a large open door here.
There is a large open door here.
There is a large open door here.
You reach down and open the large door.
There is a large open door here.
There is a gateway leading out of Tartarus here.
You fly up through the gate.
Welcome back to the Vestibule of Hell!
There is a gateway to the decaying netherworld of Tartarus here.
Things that are here:
a scarf of invisibility; the +4 dragonskin cloak; a +6 ring of dexterity
j - the +4 dragonskin cloak;
C - a scarf of invisibility You can't carry that many items.
You drop a scroll of brand weapon.
You see here a +6 ring of dexterity.
c - a +6 ring of dexterity
Okay, then.
You start removing your armour.
You continue taking off your +2 cloak of willpower. x4
You finish taking off your +2 cloak of willpower.
You feel less strong-willed.
You start putting on your armour.
You continue putting on the +4 dragonskin cloak. x5
You finish putting on the +4 dragonskin cloak.
You feel oddly protected from the elements.
Unknown command.
What level of the Realm of Zot? (default 1, ? - help)
Okay, then.
Unknown command.
What level of the Realm of Zot? (default 1, ? - help)
There is an open door here.
You see here 4 large rocks.
There is a gateway back to the Dungeon here.
Thank you for visiting Hell.
Please come again soon.
You fly up through the gate.
Welcome back to the Depths!
There is a gateway to Hell here.
There is a stone staircase leading down here.
You fly downwards.
There is a stone staircase leading up here.
There is an open door, spattered with blood here.
There is an open door here.
There is an open door here.
There is an open door here.
There is an open door here.
There is an open door here.
Things that are here:
a +0 robe; a +0 trident
There is an abandoned shop here.
Xom is getting BORED.
Unknown command.
What level of the Realm of Zot? (default 5, ? - help) Xom is getting BORED.
What level of the Realm of Zot? (default 5, ? - help)
There is an open door here.
There is an open door, spattered with blood here.
There is a stone staircase leading down here.
You fly downwards.
There is a stone staircase leading up here.
There is a stone staircase leading down here.
You fly downwards.
There is a stone staircase leading up, spattered with blood here.
You see here +0 gold dragon scales.
Things that are here:
a +0 cloak; a +2 long sword of distortion You see here a +0 troll leather armour.
Xom is getting BORED.
What level of the Realm of Zot? (default 5, ? - help)
There is an open door, spattered with blood here.
You are now a BORING thing.
Unknown command.
There is a gate to the Realm of Zot here.
You fly down through the gate.
Welcome back to the Realm of Zot!
There is a gate leading back out of this place here.
What level of the Realm of Zot? (default 5, ? - help)
There is a stone staircase leading down here.
You fly downwards.
There is a stone staircase leading up here.
There is a stone staircase leading down here.
You fly downwards.
There is a stone staircase leading up here.
Things that are here:
a +0 trident; a +0 halberd You see here a +0 dire flail. "Fight to survive, mortal."
You are now Xom's teddy bear.
Unknown command.
You carve the sun demon like a ham!!!
The sun demon decays.
You headbutt the sun demon, but do no damage.
The sun demon is severely wounded.
You hit the hellwing but do no damage. You hit the hellwing.
The hellwing decays.
You burn the hellwing. You headbutt the hellwing.
The hellwing is moderately wounded.
You barely miss the ufetubus. You slash the sun demon!
The sun demon decays.
The ufetubus completely misses you. x2; The sun demon completely misses you.
You riposte.
You carve the sun demon like a ham!!!
You kill the sun demon!
The sun demon disappears in a puff of smoke!
You slash the hellwing!
The hellwing decays.
You burn the hellwing. You barely miss the crimson imp.
You slice the sun demon!!
The sun demon decays.
You slice the chaos spawn!!
The chaos spawn decays.
You burn the chaos spawn!
You kill the chaos spawn!
The chaos spawn degenerates into a cloud of primal chaos!
You carve the ufetubus like a ham!!! You burn the ufetubus.
You kill the ufetubus!
The ufetubus disappears in a puff of smoke!
You chop the quasit into pieces!!! You burn the quasit.
You kill the quasit!
The quasit disappears in a puff of smoke!
The hellwing hits you but does no damage.
The hellwing barely misses you.
You barely miss the sun demon.
The sun demon is heavily wounded.
You hit the crimson imp but do no damage.
You slice the hellwing!!
The hellwing decays.
You burn the hellwing!
You kill the hellwing!
The hellwing disappears in a puff of smoke!
The sun demon completely misses you. You furiously retaliate!
You headbutt the sun demon.
The crimson imp laughs crazily.
The crimson imp blinks!
You open the sun demon like a pillowcase!!!
You kill the sun demon!
The sun demon disappears in a puff of smoke!
You slice the crimson imp like a ripe choko!!!
You kill the crimson imp!
The crimson imp disappears in a puff of smoke!
Unknown command.
What level of the Realm of Zot? (default 5, ? - help)
There is a stone staircase leading down here.
You fly downwards.
There is a stone staircase leading up here.
There is a stone staircase leading down, spattered with blood here.
You fly downwards.
Level annotation: 1 exclusion
There is a stone staircase leading up here.
You see here a +0 scimitar.
There is an open door here.
You see here 4 stones.
There is an open door, spattered with blood here.
Items here: )))).
You see here a +11 club.
You see here a +8 heavy club.
You see here a +0 long sword.
Things that are here:
a +0 cloak; a +0 rapier
Things that are here:
a +0 cloak; a +0 long sword
Press: ? - help, v - describe, . - travel, g - get item Item here: the Orb of Zot.
The floor.
Removed exclusion.
You see here the Orb of Zot.
You pick up the Orb of Zot!
The Orb lets out a hideous shriek!
The lords of Pandemonium are not amused.
Beware!
Now all you have to do is get back out of the dungeon!
You enter a permanent teleport trap!
Your surroundings suddenly seem different.
A hell beast comes into view.
You enter a permanent teleport trap!
Your surroundings suddenly seem different.
There is a stone staircase leading up here.
You fly upwards.
There is a stone staircase leading down here.
What level of the Dungeon? (default 15, ? - help)
A glowing orange brain comes into view.
A soul eater comes into view.
A sun demon comes into view.
The sun demon shouts!
A lich comes into view.
There is a stone staircase leading up here.
You fly upwards.
There is a stone staircase leading down, spattered with blood here.
You see here a +1 glaive of flaming.
What level of the Dungeon? (default 1, ? - help)
Items here: )))).
Items here: )))) [[.
You see here a +0 scimitar.
A Puserch, a hellwing and a lich come into view.
You see here a +0 dire flail.
Puserch moves out of view.
Things that are here:
a +0 trident; a +0 halberd
There is a stone staircase leading up here.
You fly upwards.
There is a stone staircase leading down here.
What level of the Dungeon? (default 1, ? - help)
There is a stone staircase leading up here.
You fly upwards.
There is a stone staircase leading down here.
There is a gate leading back out of this place here.
You fly up through the gate.
Welcome back to the Depths!
There is a gate to the Realm of Zot here.
Things that are here:
a +0 battleaxe; a +2 scimitar of flaming; a +0 shortbow
There is an open door, spattered with blood here.
You see here a +0 troll leather armour.
A red devil comes into view. It is wielding a +0 trident.
You see here a +0 troll leather armour.
You barely miss the red devil. You closely miss the red devil.
The red devil completely misses you.
You riposte.
You slice the red devil!!
The red devil decays.
The red devil is severely wounded.
You slice the red devil!!
You kill the red devil!
Things that are here:
a +0 cloak; a +2 long sword of distortion You see here +0 gold dragon scales.
There is a stone staircase leading up, spattered with blood here.
You fly upwards.
There is a stone staircase leading down here.
What level of the Dungeon? (default 1, ? - help)
There is an open door here.
There is an open door here.
There is an open door here.
There is an open door here.
There is an open door here.
There is an open door here.
There is an open door here.
There is an open door here.
There is an open door here.
There is an open door here.
There is an open door here.
There is an open door here.
There is an open door here.
There is a stone staircase leading up here.
You fly upwards.
There is a stone staircase leading down here.
An Orb Guardian comes into view.
Unknown command.
The Orb Guardian attacks as it pursues you!
The Orb Guardian misses you. You furiously retaliate!
You headbutt the Orb Guardian!
The Orb Guardian hits you but does no damage.
The Orb Guardian attacks as it pursues you!
The Orb Guardian completely misses you. You furiously retaliate!
You headbutt the Orb Guardian!
Items here: )) [[.
The Orb Guardian attacks as it pursues you!
The Orb Guardian misses you. You furiously retaliate!
You headbutt the Orb Guardian!
There is a stone staircase leading up here.
You slice the Orb Guardian like a ripe choko!!!
You burn the Orb Guardian!!
You kill the Orb Guardian!
You fly upwards.
There is a stone staircase leading down, spattered with blood here.
What level of the Dungeon? (default 1, ? - help)
Things that are here:
a +0 plate armour; a +3 great mace
There is a staircase back to the Dungeon here.
You fly upwards.
Welcome back to the Dungeon!
There is a staircase to the Depths here.
Items here: !! ))) ////// ========= ??????? [[[[[[[[[.
You see here a +0 trident.
There is an open door here.
A large abomination comes into view.
You hit the large abomination.
The large abomination decays.
You burn the large abomination. You headbutt the large abomination!
The large abomination is moderately damaged.
You slash the large abomination!
The large abomination decays.
You burn the large abomination.
The large abomination is severely damaged.
You slice the large abomination!! You burn the large abomination!
You destroy the large abomination!
What level of the Dungeon? (default 1, ? - help)
A large abomination comes into view.
An Executioner comes into view.
The large abomination completely misses you.
The Executioner gives a hideous shriek!
You slice the large abomination!!
The large abomination decays.
You burn the large abomination. You headbutt the large abomination.
The large abomination is heavily damaged.
You slice the large abomination!!
The large abomination decays.
You burn the large abomination.
The large abomination is almost destroyed.
The Executioner gestures.
The Executioner seems to speed up.
The large abomination completely misses you.
You furiously retaliate!
You headbutt the large abomination.
You destroy the large abomination!
The Executioner completely misses you. You furiously retaliate!
You headbutt the Executioner! The Executioner completely misses you.
The Executioner closely misses you.
You chop the Executioner into pieces!!! You burn the Executioner!
You kill the Executioner!
What level of the Dungeon? (default 1, ? - help)
There is an open door here.
There is an open door here.
There is an open door here.
There is an open door here.
There is an open door here.
There is a stone staircase leading up here.
Xom grants you an implement of some kind.
Something appears at your feet!
You fly upwards.
There is a stone staircase leading down here.
Unknown command.
You fly downwards.
You now have 13732 gold pieces (gained 49).
There is a stone staircase leading up here.
You fly upwards.
There is a stone staircase leading down here.
What level of the Dungeon? (default 1, ? - help)
You see here a ring of protection from cold.
There is a stone staircase leading up here.
You fly upwards.
There is a stone staircase leading down here.
There is a stone staircase leading up here.
You fly upwards.
There is a stone staircase leading down here.
There is a stone staircase leading up here.
You fly upwards.
There is a stone staircase leading down here.
There is a stone staircase leading up here.
You fly upwards.
There is a stone staircase leading down here.
A rust devil comes into view.
A red devil comes into view.
It is wielding a +2 demon trident of venom.
Zietyc Disamp comes into view.
The red devil closely misses you.
Zietyc Disamp moves out of view. "Forecast: mostly cloudy."
Zietyc Disamp completely misses you. The red devil completely misses you.
You riposte.
You slash the red devil!
The red devil decays.
You headbutt the red devil, but do no damage.
The red devil is moderately wounded.
You slice the rust devil!!
The rust devil decays.
You slash Zietyc Disamp!
Zietyc Disamp decays.
You burn Zietyc Disamp. The rust devil completely misses you.
You furiously retaliate!
You headbutt the rust devil!
You riposte.
You hit the rust devil.
The rust devil decays.
The rust devil is severely wounded.
You closely miss Zietyc Disamp. You slash the red devil!
The red devil decays.
You slice Zietyc Disamp!!
Zietyc Disamp decays.
You burn Zietyc Disamp.
You headbutt Zietyc Disamp, but do no damage.
Zietyc Disamp is moderately wounded.
You slash the red devil!
The red devil decays.
You slash the rust devil!
The rust devil decays.
Zietyc Disamp hits you but does no damage.
Unknown command.
You open Zietyc Disamp like a pillowcase!!!
Zietyc Disamp decays.
You burn Zietyc Disamp!
Zietyc Disamp is almost dead.
You barely miss the red devil. You slice the rust devil!!
You kill the rust devil!
Unknown command.
You closely miss Zietyc Disamp. Your headbutt misses Zietyc Disamp.
Zietyc Disamp is almost dead.
You completely miss the red devil.
Zietyc Disamp hits you but does no damage.
The red devil hits you but does no damage.
Unknown command.
You hit Zietyc Disamp.
Zietyc Disamp decays.
Your headbutt misses Zietyc Disamp.
Zietyc Disamp is almost dead.
You slash the red devil!
You kill the red devil!
Zietyc Disamp hits you but does no damage.
Unknown command.
You barely miss Zietyc Disamp. Your headbutt misses Zietyc Disamp.
Zietyc Disamp is almost dead.
Zietyc Disamp misses you.
Unknown command.
You open Zietyc Disamp like a pillowcase!!!
You burn Zietyc Disamp.
You kill Zietyc Disamp!
Unknown command.
You see here a +2 demon trident of venom.
What level of the Dungeon? (default 1, ? - help)
A reaper comes into view. It is wielding a +1 scythe.
The reaper closely misses you.
You riposte.
You slash the reaper!
The reaper decays.
You burn the reaper.
You headbutt the reaper, but do no damage.
The reaper is lightly wounded.
You carve the reaper like a ham!!!
The reaper decays.
You burn the reaper!
You headbutt the reaper, but do no damage.
The reaper is almost dead.
You cut the reaper into ribbons!!! You burn the reaper.
You kill the reaper!
You see here a +1 scythe.
There is a stone staircase leading up here.
You fly upwards.
There is a stone staircase leading down here.
What level of the Dungeon? (default 1, ? - help)
There is a stone staircase leading up here.
You fly upwards.
There is a stone staircase leading down here.
There is a stone staircase leading up here.
You fly upwards.
There is a stone staircase leading down here.
You reach down and open the door.
There is an open door here.
An efreet comes into view.
It is wielding a +1 scimitar of flaming.
There is an open door here.
Things that are here:
a +0 leather armour; a +0 whip A Zaqup and a small abomination come into view.
An Orb Guardian comes into view.
The Orb Guardian moves out of view.
There is a stone staircase leading up here.
You fly upwards.
There is a stone staircase leading down here.
What level of the Dungeon? (default 1, ? - help) Enkiathratt comes into view.
You see here a +0 short sword.
Things that are here:
a +0 leather armour; a +0 flail You see here a +0 club.
There is a stone staircase leading down here.
Press: ? - help, v - describe, . - travel
Here: Enkiathratt The floor. "This might be better!"
Enkiathratt's appearance momentarily alters.
Unknown command. "Just a minor improvement..."
You swap places.
Enkiathratt hits your butterfly!!
Your butterfly dies!
Your butterfly disappears in a puff of smoke! "This might be better!"
Enkiathratt's appearance momentarily alters.
Enkiathratt barely misses your butterfly.
Xom adds some personal touches to your environment.
Enkiathratt hits your butterfly!!
Your butterfly dies!
Your butterfly degenerates into a cloud of primal chaos!
Enkiathratt hits your butterfly!!
Your butterfly dies!
Your butterfly disappears in a puff of smoke!
Your butterfly is engulfed in seething chaos.
Enkiathratt hits your butterfly!
Your butterfly dies!
Your butterfly disappears in a puff of smoke!
Enkiathratt is engulfed in seething chaos.
There is a stone staircase leading up here. "Go forth and destroy!"
Your +9 executioner's axe of flaming looks sharp (like it always does).
Enkiathratt hits your butterfly!!
Your butterfly dies!
Your butterfly disappears in a puff of smoke!
You fly upwards.
There is a stone staircase leading down here.
What level of the Dungeon? (default 1, ? - help)
You see here a +0 leather armour.
There is a stone staircase leading up here.
You fly upwards.
There is a stone staircase leading down here.
A reaper comes into view. It is wielding a +1 heavy scythe.
The reaper hits you with a +1 heavy scythe!!
You closely miss the reaper. You headbutt the reaper.
The reaper is lightly wounded.
You slice the reaper!!
The reaper decays.
You burn the reaper! You headbutt the reaper.
The reaper is heavily wounded.
You hit the reaper.
The reaper decays.
You burn the reaper. Your headbutt misses the reaper.
The reaper is heavily wounded.
The reaper hits you with a +1 heavy scythe.
You hit the reaper.
The reaper decays.
You burn the reaper. You headbutt the reaper!
The reaper is severely wounded.
You carve the reaper like a ham!!! You burn the reaper.
You kill the reaper!
What level of the Dungeon? (default 1, ? - help)
There is a stone staircase leading up here.
You fly upwards.
There is a stone staircase leading down here.
There is a stone staircase leading up here.
Your cleaving frenzy subsides.
You fly upwards.
There is a stone staircase leading down here.
HP restored.
You see here a +0 club.
There is a stone staircase leading up here.
You fly upwards.
There is a stone staircase leading down here.
You reach down and open the door.
There is an open door here.
There is a staircase leading out of the dungeon here.
Unknown command.
You have escaped!

Skill      XL: |  1  2  3  4  5  6  7  8  9 10 11 12 13 14 15 16 17 18 19 20 21 22 23 24 25 26 27 |
---------------+----------------------------------------------------------------------------------+-----
Axes           | 4 7 8 9 11 12 14 16 17 18 19 20 24 26 | 26.0
Fighting       | 4 5 6 7 8 9 10 11 12 14 15 17 18 19 21 26 | 26.0
Armour         | 3 5 7 9 10 11 13 15 17 21 | 21.0
Dodging        | 2 4 6 10 11 12 13 14 15 16 17 18 19 26 | 26.0
Evocations     | 3 6 7 8 9 11 12 13 18 | 18.0
Ranged Weapons | 3 6 8 12 14 16 18 24 | 24.3
Shapeshifting  | 6 11 15 18 20 23 | 23.0
Stealth        | 3 9 18 | 18.0
Translocations | 18 | 18.0
Spellcasting   | 17 | 17.9
Air Magic      | 10 | 10.0
Throwing       | 26 | 26.0
Transmutations | 3 |  3.0
Earth Magic    | 3 |  3.0

Action                     |  1- 3 |  4- 6 |  7- 9 | 10-12 | 13-15 | 16-18 | 19-21 | 22-24 | 25-27 || total
---------------------------+-------+-------+-------+-------+-------+-------+-------+-------+-------++-------
  Melee: Hand axe          |    81 |    56 |   337 |   140 |       |       |       |       |       ||   614
         Headbutt          |     9 |     9 |    57 |    67 |   138 |   178 |   169 |   227 |  1813 ||  2667
         Punch             |       |       |    11 |       |       |       |       |       |       ||    11
         Battleaxe         |       |       |       |   226 |   550 |   757 |   551 |   252 |    92 ||  2428
         Executioner's axe |       |       |       |       |       |       |    35 |   398 |  4610 ||  5043
   Fire: Arbalest          |       |       |       |   168 |   494 |   591 |   725 |   898 |   761 ||  3637
         Longbow           |       |       |       |       |       |       |       |       |  5835 ||  5835
  Throw: Dart              |       |       |    16 |    12 |       |     1 |     2 |       |     5 ||    36
         Javelin           |       |       |       |       |       |       |       |       |    13 ||    13
         Throwing net      |       |       |       |       |       |       |       |       |     7 ||     7
         Boomerang         |       |       |       |       |       |       |       |       |     2 ||     2
   Cast: Manifold Assault  |       |       |       |       |       |       |       |       |   128 ||   128
         Vhi's Electric Ch |       |       |       |       |       |       |       |       |   107 ||   107
         Apportation       |       |       |       |       |       |       |       |       |    10 ||    10
         Blink             |       |       |       |       |       |       |       |       |     9 ||     9
         Passwall          |       |       |       |       |       |       |       |       |     2 ||     2
  Evoke: Wand              |       |       |    19 |     5 |     5 |     4 |     6 |     4 |    26 ||    69
         Lightning rod     |       |       |       |       |     7 |     5 |     6 |     3 |     1 ||    22
         Phantom mirror    |       |       |       |       |       |     1 |     1 |     2 |     4 ||     8
         Condenser vane    |       |       |       |       |       |       |     1 |       |     1 ||     2
         Sack of spiders   |       |       |       |       |       |       |       |     1 |     1 ||     2
         Horn of Geryon    |       |       |       |       |       |       |       |       |     1 ||     1
         Box of beasts     |       |       |       |       |       |       |       |       |     1 ||     1
         Tin of tremorston |       |       |       |       |       |       |       |       |     1 ||     1
    Use: Scroll            |       |       |     5 |     3 |    20 |    14 |    10 |     7 |    31 ||    90
         Potion            |       |       |       |       |     3 |     6 |     5 |       |    15 ||    29
   Stab: Paralysed         |       |       |     2 |    11 |     2 |     5 |     2 |       |    16 ||    38
         Confused          |       |       |     1 |       |     1 |       |     1 |     2 |    37 ||    42
         Sleeping          |       |       |     1 |       |       |       |       |     2 |    60 ||    63
         Held in net/web   |       |       |       |       |       |     1 |       |       |    29 ||    30
         Petrified         |       |       |       |       |       |     5 |       |       |     3 ||     8
         Invisible         |       |       |       |       |       |     4 |    14 |       |    23 ||    41
         Distracted        |       |       |       |       |       |     1 |     1 |     4 |    39 ||    45
         Petrifying        |       |       |       |       |       |       |       |       |    11 ||    11
 Armour: Leather armour    |    26 |     4 |       |       |       |       |       |       |       ||    30
         Ring mail         |       |    22 |   155 |   212 |   281 |  1053 |     8 |       |       ||  1731
         Scale mail        |       |       |       |       |   120 |    39 |   475 |   321 |       ||   955
         Acid dragon scale |       |       |       |       |       |       |       |   259 |  2149 ||  2408
  Dodge: Dodged            |    28 |    26 |    98 |   159 |   421 |   893 |   558 |   895 |  5949 ||  9027
  Block: Other             |    17 |     6 |    46 |    41 |       |       |    87 |    21 |       ||   218
         Reflection        |       |       |     2 |     9 |       |       |       |       |       ||    11
Riposte: Executioner's axe |       |       |       |       |       |       |       |       |    47 ||    47
   Form: Death             |       |       |       |       |       |       |       |     1 |     6 ||     7
                           |       |       |       |       |       |       |       |       |     5 ||     5

Levels and vault maps discovered:
D:1:      beargit_arrival_greenhouse, layout_basic, minmay_surrounded
D:2:      layout_loops_ring, serial_shops, shop
D:3:      gammafunk_wand_slinger, layout_loops_ring, kennysheep_generic_room_15,
          uniq_crazy_yiuf_cottage, uniq_grinder
D:4:      layout_basic, mainiacjoe_overflow_tiny_flanked, elyvilon_altar_4,
          uniq_robin, uniq_ijyb, uniq_eustachio
D:5:      layout_basic
D:6:      layout_gridville, nicolae_ru_awakened_eye,
          worldfamousw_hep_ancestral_shrine, minmay_temple_entry_mist,
          serial_rivers, chequers_serial_rivers_room_b,
          chequers_serial_rivers_micro_b, chequers_serial_rivers_marsh,
          chequers_serial_rivers_large_b, chequers_serial_rivers_marsh,
          chequers_serial_rivers_micro_c, uniq_blork_the_orc, uniq_duvessa,
          uniq_pikel
D:7:      layout_gridville, nemelex_diamond_rough_becter, vehumet_statue,
          serial_co_window_serial, co_window_of_opportunity_a,
          co_window_corner_a, co_window_corner_a, co_window_paths_a,
          co_window_paths_a, co_window_corner_cb, co_window_broadway_a,
          co_window_paths_c, co_window_paths_d, glass_columns_b, glass_columns_c
D:8:      minmay_clustersquares, layout_basic, nicolae_gozag_seed_capital,
          david_lair_shrubbed, uniq_joseph
D:9:      minmay_the_grid_octo_tiled_squarecenter
          [minmay_the_grid_octo_odd_swirl, minmay_the_grid_octo_horde,
          minmay_the_grid_octo_concentric, minmay_the_grid_octo_vomiting_pacman,
          minmay_the_grid_square_5x5_megaprize_open,
          minmay_the_grid_square_5x5_z, minmay_the_grid_square_5x5_beaten_path,
          minmay_the_grid_square_5x5_half_checkered,
          minmay_the_grid_square_5x5_minibox], layout_basic, enter_bailey_6,
          kennysheep_diamond, nicolae_tricolors
D:10:     layout_cave_pools, lemuel_blue_sif_altar, serial_gnoll_camp,
          gnoll_camp_huts_basic, gnoll_camp_mini_hut, gnoll_camp_medium_01,
          gnoll_camp_mini_loothouse, minivault_8
D:11:     layout_cave_pools, corner_web_ring
D:12:     layout_stronghold, orc_0_dummy, hive_lemuel, uniq_gastronok,
          uniq_erolcha, uniq_sonja, uniq_kirke
D:13:     layout_basic, portal_ice_cave_demonic_guard, hangedman_fish_farm,
          uniq_nessos
D:14:     layout_basic, hellmonk_vaults_attempted_burglary,
          hangedman_abyss_or_decor_clamps
D:15:     hangedman_depths_entry_try_elsewhere_first, layout_stronghold,
          nicolae_hexahallways
Lair:1:   layout_roguey, beast_lair_carwin_1
Lair:2:   layout_cave_pods, serial_bayou_shore_a
Lair:3:   layout_roguey, elwin_shoals_entry_stream, spider_nest_entry_web_field,
          columned_hall_lemuel, chequers_serial_rivers_large_a, nzn_random_ring
Lair:4:   lemuel_reptile_caves, layout_loops_ring, minmay_slime_entry_pillars,
          beast_lair_carwin_9, uniq_rupert
Lair:5:   minmay_lair_end_frog_pond, layout_regular_city
Shoals:1: layout_shoals
Shoals:2: layout_shoals, serial_shops, nicolae_shop_just_a_little_nook,
          uniq_polyphemus, uniq_roxanne
Shoals:3: layout_shoals
Shoals:4: shoals_end_hellmonk_holy_island
Spider:1: layout_spider_delve, gammafunk_ghost_berserking_beasts,
          einodemon_crawler_minivault, uniq_agnes
Spider:2: layout_spider_delve, uniq_arachne
Spider:3: layout_spider_delve, nicolae_spider_cling_halls
Spider:4: johnstein_spider_rune_arachne_lair
Slime:1:  layout_caves
Slime:2:  layout_caves
Slime:3:  nicolae_slime_jelly_donut, layout_caves
Slime:4:  layout_caves
Slime:5:  slime_pit_nicolae_amoeboid
Orc:1:    layout_caves, basic_altar
Orc:2:    st_orc_elflike, layout_diamond_mine, okawaru_metal_pillars_1_2
Elf:1:    layout_geoelf_diagonals, basic_altar, minmay_elf_necromancy,
          roderic_roman_lattice, uniq_louise
Elf:2:    elven_hall_of_blades_hangedman_original
          [nicolae_vaults_blade_armed_guards], layout_rooms, serial_shops,
          nicolae_shop_bloodbath_and_beyond, uniq_azrael
Elf:3:    minmay_elf_hall_not_hex, layout_geoelf_grid, serial_shops,
          nicolae_shop_tiny_glass, nicolae_elf_big_sculpture_3,
          dreamdust_princess_bridge
Vaults:1: ontoclasm_vaults_twist, v_rooms_2, v_rooms_5,
          vaults_room_hangedman_quadrants, vaults_room_corners,
          nicolae_vaults_border_crossing, layout_vaults_quadrants
Vaults:2: vaults_mumra_hexcomb, nicolae_vaults_twisting_passages,
          nicolae_vaults_big_ls, ontoclasm_vaults_ring_square,
          nicolae_vaults_apartment_2, nicolae_vaults_network_barrier,
          vaults_room_door_ring, nicolae_vaults_trapezoid_lopsided_3,
          nicolae_vaults_disjoint_gnomons, hangedman_vaults_cutoff,
          nicolae_vaults_antechamber_and_loot_room, nicolae_vaults_gold_heap,
          nicolae_vaults_trapezoid_2, layout_vaults_omnicross
Vaults:3: vaults_mumra_hex, hangedman_vaults_snaps, grunt_vaults_bifocal,
          hangedman_vaults_trim, nicolae_vaults_apartment_2,
          nicolae_vaults_house_1, nicolae_vaults_tetromino_Z_1,
          layout_vaults_chaotic_city
Vaults:4: v_misc_17, st_squares, hangedman_vaults_nails, v_rooms_4,
          nicolae_vaults_network_periphery, hangedman_vaults_nails,
          nicolae_vaults_offset_grid_hallway_3, ontoclasm_vaults_pinch,
          nicolae_vaults_trapezoid_3, ontoclasm_vaults_shuriken,
          nicolae_vaults_trapezoid_1, layout_vaults_ring, serial_shops, shop,
          shop, uniq_sojobo
Vaults:5
Crypt:1:  layout_regular_city, hellmonk_scarab_ruin, uniq_mennas
Crypt:2:  gammafunk_its_a_trap, layout_gridlike, hex_medium
Crypt:3:  church_of_pain_bobbens, layout_chaotic_city
Tomb:1
Tomb:2
Tomb:3:   uniq_boris
Depths:1: layout_cave_pools, hell_entry, nicolae_trove_entry_free_sample,
          lightli_fourway_metalbox, uniq_enchantress
Depths:2: minmay_chopped_fan, layout_gridville, pan_entry, abandoned_shop,
          abyss_entry, serial_shops, nicolae_shop_window_shopping,
          grunt_metal_band, ashenzari_conservatory_becter,
          minmay_staircase_statues_hall_large, minmay_shop_grove
Depths:3: minmay_tile_spiral, layout_basic, enter_ziggurat_c,
          pf_vacation_house_of_asmodeus, abyss_entry_crystal,
          chequers_serial_rivers_micro_e, infiniplex_staircase_door_maze
Depths:4: grunt_zot_entry_pinwheel, layout_cave_shapes, hell_entry, pan_entry,
          lightli_corner_chamber, uniq_saint_roka, uniq_vv
Hell
Dis:1:    layout_subdivisions
Dis:2:    layout_overlapping_boxes
Dis:3:    layout_jigsaw, nicolae_hells_fiendish_ambush
Dis:4:    layout_subdivisions
Dis:5:    layout_subdivisions
Dis:6:    nicolae_dis_heavy_handed_symbolism
Dis:7:    dis_hangedman
Geh:1:    layout_gehenna_pools_box
Geh:2:    layout_gehenna_pools_basic
Geh:3:    layout_gehenna_lava_caves
Geh:4:    layout_gehenna_lava_caves, special_room [special_room_morgue]
Geh:5:    layout_gehenna_pools_basic, nicolae_hells_leichenhalle
Geh:6:    layout_gehenna_pools_basic
Geh:7:    geh_grunt
Coc:1:    layout_cocytus_water_paths
Coc:2:    layout_ice_bergs
Coc:3:    layout_cocytus_water_paths
Coc:4:    layout_ice_bergs
Coc:5:    nicolae_coc_caina, layout_cocytus_water_paths
Coc:6:    nicolae_coc_on_the_berg
Coc:7:    coc_dpeg
Tar:1:    layout_catacombs
Tar:2:    layout_cathedral_of_symmetry, nicolae_tar_grid_combs
Tar:4:    nicolae_tar_fifth_circle, layout_cathedral_of_symmetry
Tar:5:    layout_honeycomb
Tar:6:    layout_catacombs, lemuel_nasty_fountain
Tar:7:    tar_grunt_cathedral
Zot:1:    layout_misc_corridors, st_stairs_11, grunt_ministairs_10,
          evilmike_ambush [evilmike_ambush_outer_basic,
          evilmike_ambush_inner_pond]
Zot:2:    layout_gridlike, uniq_parghit
Zot:3:    cheibrodos_zot_enchanting_chambers, layout_basic, grunt_megastairs_3
Zot:4:    layout_cellular_growth, regret_index_zotdec_split_disrupt, uniq_tiamat
Zot:5:    layout_twisted_circle

Notes
Turn   | Place    | Note
-------+----------+-------------------------------------------
     0 | D:1      | scionoferis the Minotaur Chaos Knight began the quest for
                  | the Orb.
     0 | D:1      | Reached XP level 1. HP: 19/19 MP: 0/0
   112 | D:1      | Reached skill level 4 in Axes
   198 | D:1      | Reached XP level 2. HP: 27/27 MP: 1/1
   326 | D:1      | Reached skill level 4 in Fighting
   612 | D:1      | XOM: divination: detect creatures
   698 | D:1      | XOM: divination: detect creatures
   781 | D:2      | Found Ezxoimas's Jewellery Shop.
   801 | D:2      | Reached XP level 3. HP: 31/33 MP: 2/2
   801 | D:2      | XOM: smoke on damage
   905 | D:2      | Reached skill level 5 in Axes
  1067 | D:2      | XOM: divination: magic mapping
  1410 | D:3      | XOM: cast spell 'Summon Cactus Giant'
  1493 | D:3      | Noticed Grinder
  1499 | D:3      | XOM: confuse monster(s)
  1506 | D:3      | Killed Grinder
  1507 | D:3      | Reached skill level 5 in Fighting
  1507 | D:3      | Reached skill level 7 in Axes
  1507 | D:3      | Reached XP level 4. HP: 18/42 MP: 3/3
  1507 | D:3      | Reached XP level 5. HP: 20/48 MP: 4/4
  1507 | D:3      | Reached XP level 6. HP: 24/56 MP: 5/5
  1737 | D:3      | Found a runed translucent door.
  1738 | D:3      | Noticed Crazy Yiuf
  1812 | D:3      | Found a transporter.
  1825 | D:3      | Found a transporter.
  1942 | D:3      | Identified the +4 ring mail "Xyuzar" {Rampage rPois Str+2
                  | Dex-5}
  2065 | D:3      | XOM: give mutations
  2065 | D:3      | Gained mutation: Armour fits poorly on your strangely
                  | shaped body. [Xom's mischief]
  2065 | D:3      | Gained mutation: You are strong-willed. (Will+) [Xom's
                  | mischief]
  2213 | D:3      | Killed Crazy Yiuf
  2421 | D:4      | Noticed Robin
  2454 | D:4      | XOM: chaos upgrade
  2462 | D:4      | Killed Robin
  2487 | D:4      | XOM: noise
  2527 | D:4      | Identified the +1 short sword of Giulod {heavy, MP+9}
  2745 | D:4      | Found a white marble altar of Elyvilon.
  2763 | D:4      | Noticed Eustachio
  2767 | D:4      | Noticed Ijyb
  2773 | D:4      | Killed Eustachio
  2774 | D:4      | Reached skill level 6 in Fighting
  2774 | D:4      | Reached skill level 8 in Axes
  2774 | D:4      | Reached XP level 7. HP: 53/63 MP: 6/6
  2782 | D:4      | Killed Ijyb
  2787 | D:4      | XOM: silly message
  2814 | D:4      | XOM: 2-stop teleportation journey
  2858 | D:4      | Found an iron altar of Okawaru.
  3176 | D:4      | XOM: torment (33/64 hp)
  3513 | D:4      | Reached skill level 9 in Axes
  3658 | D:5      | Entered Level 5 of the Dungeon
  3678 | D:5      | XOM: 5-stop teleportation journey
  3729 | D:5      | Reached skill level 7 in Fighting
  3788 | D:5      | XOM: polymorph adder -> hound
  3882 | D:5      | Reached XP level 8. HP: 54/73 MP: 7/7
  3906 | D:5      | XOM: smoke on damage
  3908 | D:5      | Reached skill level 10 in Axes
  4184 | D:5      | XOM: give mutations
  4184 | D:5      | Gained mutation: Your muscles are strong. (Str +4, Int/Dex
                  | -1) [Xom's mischief]
  4184 | D:5      | Gained mutation: You are dopey. (Int -2) [Xom's mischief]
  4294 | D:5      | Reached skill level 8 in Fighting
  4395 | D:5      | XOM: draining
  4714 | D:5      | Reached skill level 11 in Axes
  4902 | D:5      | XOM: silly message
  4987 | D:6      | Found a sacrificial altar of Ru.
  5012 | D:6      | XOM: give mutations
  5012 | D:6      | Gained mutation: You are covered in fur. (AC +1) [Xom's
                  | mischief]
  5012 | D:6      | Gained mutation: You occasionally lose the ability to drink
                  | potions when taking damage. [Xom's mischief]
  5014 | D:6      | Noticed Blork the orc
  5027 | D:6      | Killed Blork the orc
  5046 | D:6      | Reached skill level 3 in Armour
  5052 | D:6      | XOM: give mutations
  5052 | D:6      | Lost mutation: You are dopey. (Int -2) [Xom's mischief]
  5052 | D:6      | Gained mutation: You possess an exceptional clarity of
                  | mind. [Xom's mischief]
  5052 | D:6      | Lost mutation: You occasionally lose the ability to drink
                  | potions when taking damage. [Xom's mischief]
  5052 | D:6      | Gained mutation: You are clumsy. (Dex -2) [Xom's mischief]
  5056 | D:6      | Found a staircase to the Ecumenical Temple.
  5091 | D:6      | XOM: 1-stop teleportation journey
  5092 | D:6      | Noticed Pikel
  5104 | D:6      | Reached skill level 2 in Dodging
  5114 | D:6      | Killed Pikel
  5115 | D:6      | Reached XP level 9. HP: 40/82 MP: 8/8
  5300 | D:6      | Noticed Duvessa
  5300 | D:6      | Noticed Dowan
  5318 | D:6      | Killed Duvessa
  5319 | D:6      | Reached skill level 9 in Fighting
  5319 | D:6      | Reached skill level 12 in Axes
  5321 | D:6      | Reached skill level 4 in Armour
  5321 | D:6      | Reached skill level 3 in Dodging
  5332 | D:6      | Killed Dowan
  5465 | D:6      | XOM: summons 2 hostile demons
  5466 | D:6      | Noticed a red devil
  5471 | D:6      | XOM: stat loss: -1 Dex (6/7)
  5684 | D:6      | Found a hazy altar of Hepliaklqana.
  6742 | D:7      | Reached skill level 1 in Evocations
  6768 | D:7      | XOM: give mutation
  6768 | D:7      | Lost mutation: You possess an exceptional clarity of mind.
                  | [Xom's mischief]
  6841 | D:7      | Reached skill level 5 in Armour
  6841 | D:7      | Reached skill level 4 in Dodging
  6978 | D:7      | Reached skill level 2 in Evocations
  7292 | D:7      | Found a radiant altar of Vehumet.
  7301 | D:7      | Found a sparkling altar of Nemelex Xobeh.
  7405 | D:7      | XOM: confusion
  7459 | D:7      | XOM: summons 1 hostile shadow creature
  7480 | D:7      | Reached skill level 3 in Evocations
  7480 | D:7      | Reached XP level 10. HP: 93/93 MP: 9/9
  7763 | D:8      | XOM: confusion
  7830 | D:8      | Found the +6 arbalest "Damnation" {damnation}
  7839 | D:8      | Noticed Joseph
  7841 | D:8      | Noticed a two-headed ogre
  7844 | D:8      | XOM: cleaving
  7854 | D:8      | XOM: chaos upgrade
  7857 | D:8      | XOM: enchant monster (good)
  7858 | D:8      | XOM: summons friendly quasit
  7859 | D:8      | Killed a two-headed ogre
  7860 | D:8      | Reached skill level 10 in Fighting
  7860 | D:8      | Reached skill level 13 in Axes
  7860 | D:8      | Reached skill level 5 in Dodging
  7860 | D:8      | Reached skill level 4 in Evocations
  7868 | D:8      | Killed Joseph
  7874 | D:8      | Found an opulent altar of Gozag.
  8015 | D:8      | Found a staircase to the Lair.
  8028 | D:8      | XOM: potion effect (brilliance)
  8091 | D:8      | XOM: give mutations
  8091 | D:8      | Lost mutation: Armour fits poorly on your strangely shaped
                  | body. [Xom's mischief]
  8091 | D:8      | Gained mutation: You do not regenerate when monsters are
                  | visible. [Xom's mischief]
  8091 | D:8      | Gained mutation: Your mind is acute. (Int +4, Str/Dex -1)
                  | [Xom's mischief]
  8091 | D:8      | Lost mutation: You do not regenerate when monsters are
                  | visible. [Xom's mischief]
  8143 | D:8      | XOM: summons 7 friendly demons
  8164 | D:8      | XOM: divination: magic mapping
  8213 | D:8      | Reached skill level 5 in Evocations
  8678 | D:8      | Noticed a cyclops
  8680 | D:8      | XOM: confuse monster(s)
  8687 | D:8      | Reached skill level 6 in Dodging
  8706 | D:8      | Killed a cyclops
  8707 | D:8      | Reached skill level 6 in Evocations
  8828 | D:9      | Found a flagged portal.
  8842 | D:9      | Reached skill level 14 in Axes
  8847 | D:9      | XOM: scenery: create altars
  8862 | Bailey   | Entered a bailey
  8880 | Bailey   | Reached XP level 11. HP: 99/99 MP: 10/10
  9030 | Bailey   | Noticed an orc knight
  9031 | Bailey   | XOM: summons 9 friendly demons
  9052 | Bailey   | XOM: scenery: 3 doors close
  9056 | Bailey   | Killed an orc knight
  9057 | Bailey   | Reached skill level 7 in Dodging
  9178 | Bailey   | Found a bloodstained altar of Trog.
  9178 | Bailey   | XOM: 2-stop teleportation journey
  9181 | Bailey   | XOM: give mutations
  9181 | Bailey   | Lost mutation: Your muscles are strong. (Str +4, Int/Dex
                  | -1) [Xom's mischief]
  9181 | Bailey   | Lost mutation: You are clumsy. (Dex -2) [Xom's mischief]
  9181 | Bailey   | Gained mutation: Armour fits poorly on your strangely
                  | shaped body. [Xom's mischief]
  9305 | D:9      | XOM: 1-stop teleportation journey
  9383 | D:9      | XOM: destruction
  9385 | D:9      | XOM: divination: magic mapping
  9421 | D:9      | Reached skill level 8 in Dodging
  9421 | D:9      | Noticed a boulder beetle
  9428 | D:9      | Killed a boulder beetle
  9467 | D:9      | Identified the +1 short sword of Obiter Dictum {heavy,
                  | Str+6}
  9468 | D:9      | Reached skill level 15 in Axes
  9486 | D:9      | XOM: summons 5 hostile demons
  9634 | D:9      | Noticed a boulder beetle
  9640 | D:9      | XOM: summons 6 friendly demons
  9656 | D:9      | Reached skill level 9 in Dodging
  9660 | D:9      | Killed a boulder beetle
  9700 | D:9      | Noticed a two-headed ogre
  9702 | D:9      | Killed a two-headed ogre
  9703 | D:9      | Reached skill level 16 in Axes
  9703 | D:9      | Reached skill level 10 in Dodging
  9783 | D:9      | Noticed a deep elf pyromancer
  9783 | D:9      | XOM: 4-stop teleportation journey
  9817 | D:9      | XOM: god gift: wand of quicksilver (6)
  9847 | D:9      | Killed a deep elf pyromancer
  9848 | D:9      | Reached XP level 12. HP: 89/106 MP: 11/11
  9971 | D:9      | Found an ornate altar of the Wu Jian Council.
  9987 | D:9      | XOM: silly message
 10377 | D:9      | XOM: noise
 10379 | D:9      | XOM: confusion (+ monsters)
 10714 | D:10     | Entered Level 10 of the Dungeon
 10776 | D:10     | Reached skill level 6 in Armour
 10917 | D:10     | XOM: summons friendly quasit
 11002 | D:10     | XOM: 3-stop teleportation journey
 11478 | D:10     | Found a shimmering blue altar of Sif Muna.
 11659 | D:11     | XOM: summons 4 friendly demons
 11675 | D:11     | XOM: silly message
 11684 | D:11     | Noticed a boulder beetle
 11690 | D:11     | HP: 26/108 [boulder beetle (17)]
 11695 | D:11     | Killed a boulder beetle
 11696 | D:11     | Reached skill level 11 in Fighting
 11696 | D:11     | Reached skill level 7 in Evocations
 11806 | D:10     | XOM: 1-stop teleportation journey
 11953 | D:11     | HP: 23/110 [cyan ugly thing (16)]
 12190 | D:11     | Reached skill level 7 in Armour
 12191 | D:11     | Noticed a boulder beetle
 12195 | D:11     | XOM: enchant monster (good)
 12208 | D:11     | XOM: destruction
 12210 | D:11     | Reached skill level 11 in Dodging
 12220 | D:11     | Killed a boulder beetle
 12365 | D:11     | XOM: scenery: create altars
 12443 | D:11     | Noticed a two-headed ogre
 12446 | D:11     | Killed a two-headed ogre
 12666 | D:11     | XOM: give mutations
 12666 | D:11     | Gained mutation: You are agile. (Dex +4, Str/Int -1) [Xom's
                  | grace]
 12666 | D:11     | Gained mutation: You are partially covered in iridescent
                  | scales. (AC +2) [Xom's grace]
 12666 | D:11     | Gained mutation: You are somewhat resistant to further
                  | mutation. [Xom's grace]
 12723 | D:12     | Noticed a two-headed ogre
 12727 | D:12     | XOM: enchant monster (good)
 12753 | D:12     | Killed a two-headed ogre
 12796 | D:12     | XOM: divination: magic mapping
 12798 | D:12     | Noticed Kirke
 12805 | D:12     | XOM: fake destruction
 12810 | D:12     | XOM: scenery: summon butterflies
 12821 | D:12     | Killed Kirke
 12999 | D:12     | Noticed Gastronok
 13001 | D:12     | Reached XP level 13. HP: 79/116 MP: 12/12
 13002 | D:12     | Noticed Sonja
 13010 | D:12     | Killed Sonja
 13033 | D:12     | XOM: summons friendly ufetubus
 13138 | D:12     | Reached skill level 8 in Armour
 13139 | D:12     | Reached skill level 17 in Axes
 13141 | D:12     | XOM: enchant monster (bad)
 13148 | D:12     | Killed Gastronok
 13568 | D:12     | XOM: noise
 13573 | D:12     | XOM: noise
 13575 | D:12     | XOM: noise
 13776 | D:12     | XOM: silly message
 13854 | D:12     | Reached skill level 8 in Evocations
 13862 | D:12     | Noticed Erolcha
 13866 | D:12     | Killed Erolcha
 13867 | D:12     | Reached skill level 12 in Fighting
 13925 | D:12     | Found a staircase to the Orcish Mines.
 14107 | D:12     | XOM: chaos cloud
 14117 | D:12     | XOM: cleaving
 14187 | D:12     | XOM: summons 7 hostile demons
 14298 | D:12     | XOM: stat loss: -1 Str (16/17)
 14456 | IceCv    | Identified the "Nunau"
 14456 | Lair:1   | Entered Level 1 of the Lair of Beasts
 14674 | Lair:1   | Reached skill level 9 in Armour
 14679 | Lair:1   | XOM: 3-stop teleportation journey
 14702 | Lair:1   | XOM: give mutation
 14702 | Lair:1   | Gained mutation: You are very agile. (Dex +8, Str/Int -2)
                  | [Xom's mischief]
 14740 | Lair:1   | Reached skill level 12 in Dodging
 14788 | Lair:1   | Reached skill level 1 in Ranged Weapons
 14790 | Lair:1   | XOM: polymorph yak -> mana viper
 14899 | Lair:1   | XOM: give mutations
 14899 | Lair:1   | Gained mutation: You are weak. (Str -2) [Xom's mischief]
 14899 | Lair:1   | Gained mutation: You have a pair of large horns on your
                  | head. [Xom's mischief]
 14926 | Lair:1   | XOM: scenery: create altars
 14928 | Lair:1   | Reached skill level 2 in Ranged Weapons
 15244 | Lair:1   | XOM: scenery: 1 doors close
 15422 | Lair:2   | XOM: god gift: scroll labelled RUNURGHEENED {god gift}
 15483 | Lair:2   | Identified the +1 robe of Haemul {rPois Dex+2}
 15547 | Lair:2   | XOM: 1-stop teleportation journey
 15721 | Lair:2   | XOM: 5-stop teleportation journey
 15929 | Lair:2   | XOM: silly message
 16283 | Lair:3   | Identified the +7 quarterstaff of Exceptional Integrity
                  | {venom, rN+ Str+5 Int+2}
 16297 | Lair:3   | Found a hole to the Spider Nest.
 16297 | Lair:3   | XOM: silly message
 16322 | Lair:3   | XOM: confuse monster(s)
 16355 | Lair:3   | XOM: divination: detect items
 16360 | Lair:3   | Reached skill level 3 in Ranged Weapons
 16380 | Lair:3   | XOM is BORED!
 16461 | Lair:3   | XOM: noise
 16504 | Lair:3   | Reached XP level 14. HP: 99/127 MP: 13/13
 16579 | Lair:3   | XOM: 1-stop teleportation journey
 16770 | Lair:3   | Found a staircase to the Shoals.
 16804 | Lair:3   | Reached skill level 13 in Fighting
 16808 | Lair:3   | Reached skill level 10 in Armour
 16832 | Lair:3   | Reached skill level 9 in Evocations
 17042 | Lair:3   | Reached skill level 4 in Ranged Weapons
 17128 | Lair:3   | XOM: cast spell 'Metabolic Englaciation'
 17507 | Lair:3   | Reached skill level 18 in Axes
 17543 | Lair:3   | XOM: summons 1 hostile shadow creature
 17638 | Lair:4   | XOM: summons 14 friendly demons
 17643 | Lair:4   | Noticed Rupert
 17654 | Lair:4   | XOM: scenery: summon butterflies
 17665 | Lair:4   | Killed Rupert
 17689 | Lair:4   | XOM: scenery: summon butterflies
 17690 | Lair:4   | Found a staircase to the Slime Pits.
 17694 | Lair:4   | You fall into a shaft and drop 1 floor!
 17694 | Lair:5   | Entered Level 5 of the Lair of Beasts
 17708 | Lair:4   | Reached skill level 5 in Ranged Weapons
 17818 | Lair:4   | Reached skill level 13 in Dodging
 18318 | Lair:4   | XOM: 2-stop teleportation journey
 18468 | Lair:4   | XOM: give mutations
 18468 | Lair:4   | Gained mutation: You are frail. (-10% HP) [Xom's mischief]
 18468 | Lair:4   | Lost mutation: You have a pair of large horns on your head.
                  | [Xom's mischief]
 18468 | Lair:4   | Gained mutation: You occasionally lose the ability to drink
                  | potions when taking damage. [Xom's mischief]
 18468 | Lair:4   | Lost mutation: You are strong-willed. (Will+) [Xom's
                  | mischief]
 18556 | Lair:4   | XOM: give mutations
 18556 | Lair:4   | Lost mutation: You are very agile. (Dex +8, Str/Int -2)
                  | [Xom's mischief]
 18556 | Lair:4   | Lost mutation: You are somewhat resistant to further
                  | mutation. [Xom's mischief]
 18603 | Lair:4   | XOM: summons 3 hostile shadow creatures
 18915 | Lair:5   | XOM: repel stairs
 18933 | Lair:5   | XOM: blink monster(s)
 18934 | Lair:5   | XOM: polymorph goliath frog -> something unseen
 18940 | Lair:5   | Noticed a ghost moth
 18940 | Lair:5   | HP: 24/117 [ghost moth (13)]
 18948 | Lair:5   | HP: 14/117 [blink frog (13)]
 18949 | Lair:5   | HP: 5/117 [blink frog (6)]
 18954 | Lair:5   | XOM: confusion (+ monsters)
 18962 | Lair:5   | XOM: noise
 18969 | Lair:5   | XOM: give mutations
 18969 | Lair:5   | Gained mutation: Your system is resistant to poisons.
                  | (rPois) [Xom's mischief]
 18969 | Lair:5   | Lost mutation: Your mind is acute. (Int +4, Str/Dex -1)
                  | [Xom's mischief]
 18969 | Lair:5   | Gained mutation: Your body sometimes deteriorates upon
                  | taking damage. [Xom's mischief]
 18972 | Lair:5   | HP: 28/117 [vampire mosquito (1)]
 18977 | Lair:5   | HP: 16/117 [vampire mosquito (8)]
 18977 | Lair:5   | HP: 4/117 [blink frog (12)]
 19166 | Lair:5   | XOM: silly message
 19281 | Lair:5   | XOM: swap monsters
 19291 | Lair:5   | Reached skill level 6 in Ranged Weapons
 19296 | Lair:5   | XOM: destruction
 19322 | Lair:5   | Reached skill level 14 in Fighting
 19328 | Lair:5   | XOM: destruction
 19414 | Lair:5   | Killed a ghost moth
 19417 | Lair:5   | XOM: summons 14 friendly demons
 19424 | Lair:5   | Reached XP level 15. HP: 124/124 MP: 2/14
 19475 | Lair:5   | XOM: snakes to sticks
 19492 | Lair:5   | Reached skill level 10 in Evocations
 19500 | Lair:5   | XOM: summons friendly iron imp
 19658 | Lair:5   | XOM: polymorph iron imp -> cerulean imp
 19662 | Lair:5   | XOM: give mutations
 19662 | Lair:5   | Gained mutation: You passively map a small area around you.
                  | [Xom's grace]
 19662 | Lair:5   | Gained mutation: Your mind is acute. (Int +4, Str/Dex -1)
                  | [Xom's grace]
 19662 | Lair:5   | Gained mutation: You are strong-willed. (Will+) [Xom's
                  | grace]
 19814 | Lair:5   | XOM: give mutation
 19814 | Lair:5   | Lost mutation: You are weak. (Str -2) [Xom's grace]
 20111 | Lair:5   | Identified the +9 falchion of Tenacity {freeze, rElec SInv}
 20588 | Orc:1    | Entered Level 1 of the Orcish Mines
 20726 | Orc:1    | Reached skill level 7 in Ranged Weapons
 20767 | Orc:1    | XOM: 1-stop teleportation journey
 20880 | Orc:1    | XOM: scenery: summon butterflies
 21020 | Orc:2    | Entered Level 2 of the Orcish Mines
 21020 | Orc:2    | Found an iron altar of Okawaru.
 21070 | Orc:2    | XOM: cleaving
 21094 | Orc:2    | XOM: 1-stop teleportation journey
 21156 | Orc:2    | XOM: 1-stop teleportation journey
 21186 | Orc:2    | Found a staircase to the Elven Halls.
 21622 | Orc:1    | XOM: god gift: 41 gold pieces
 21786 | Orc:2    | Reached skill level 14 in Dodging
 21860 | Orc:2    | Found Ucwirghit's Distillery.
 21860 | Orc:2    | Found Ysaix's Antique Armour Shoppe.
 21913 | Orc:2    | Found Yka Jiagh's Assorted Antiques.
 21913 | Orc:2    | Found Idiurr's Magic Scroll Boutique.
 21924 | Orc:2    | Bought a scroll of identify for 28 gold pieces
 21924 | Orc:2    | Bought a scroll of identify for 28 gold pieces
 21924 | Orc:2    | Bought a scroll of identify for 28 gold pieces
 21924 | Orc:2    | Bought a scroll of identify for 28 gold pieces
 21942 | Orc:2    | Bought a scroll labelled MOJIH VOYTUNUU for 27 gold pieces
 21942 | Orc:2    | Bought a scroll labelled XYOH AL TAOXE for 27 gold pieces
 21944 | Orc:2    | Bought a potion of cancellation for 120 gold pieces
 21944 | Orc:2    | Bought a potion of mutation for 120 gold pieces
 21955 | Orc:2    | Bought a potion of brilliance for 60 gold pieces
 21955 | Orc:2    | Bought a potion of attraction for 45 gold pieces
 21955 | Orc:2    | Bought a potion of lignification for 45 gold pieces
 21971 | Orc:2    | Bought a scroll of fear for 56 gold pieces
 21971 | Orc:2    | Bought a scroll of fear for 56 gold pieces
 21973 | Orc:2    | Bought a steaming scale mail for 324 gold pieces
 21973 | Orc:2    | Identified the +3 scale mail of Levity {Drain rC+ rN+
                  | Will+} (You bought it in a shop on level 2 of the Orcish
                  | Mines)
 21975 | Orc:2    | Bought a pair of glowing gloves for 270 gold pieces
 22072 | D:12     | XOM: give mutations
 22072 | D:12     | Lost mutation: You are frail. (-10% HP) [Xom's grace]
 22072 | D:12     | Gained mutation: Your flesh is heat resistant. (rF+) [Xom's
                  | grace]
 22072 | D:12     | Gained mutation: You are mostly covered in iridescent
                  | scales. (AC +4) [Xom's grace]
 22072 | D:12     | Gained mutation: You are highly strong-willed. (Will++)
                  | [Xom's grace]
 22376 | D:13     | Found a frozen archway.
 22381 | D:13     | Reached skill level 19 in Axes
 22409 | IceCv    | XOM: noise
 22409 | IceCv    | Entered an ice cave
 22634 | IceCv    | Found an ancient bone altar of Kikubaaqudgha.
 22663 | IceCv    | XOM: cleaving
 22755 | IceCv    | XOM: give mutations
 22755 | IceCv    | Gained mutation: Your flesh is cold resistant. (rC+) [Xom's
                  | grace]
 22755 | IceCv    | Gained mutation: You passively map the area around you.
                  | [Xom's grace]
 22755 | IceCv    | Gained mutation: You are completely covered in iridescent
                  | scales. (AC +6) [Xom's grace]
 22755 | IceCv    | Gained mutation: You expend magic power (3 MP) to
                  | strengthen your wands. [Xom's grace]
 22871 | IceCv    | Reached skill level 8 in Ranged Weapons
 23023 | D:13     | XOM: 1-stop teleportation journey
 23040 | D:13     | Reached skill level 15 in Fighting
 23317 | D:13     | XOM: summons friendly ufetubus
 23384 | D:13     | Noticed Nessos
 23384 | D:13     | XOM: 5-stop teleportation journey
 23386 | D:13     | Killed Nessos
 23391 | D:13     | XOM: noise
 23899 | D:14     | Found a gate to the Vaults.
 23955 | D:14     | XOM: 2-stop teleportation journey
 24187 | D:14     | Reached skill level 11 in Evocations
 24251 | D:14     | XOM: blink monster(s)
 24269 | D:14     | XOM: cleaving
 24284 | D:14     | XOM: god gift: 23 gold pieces
 24305 | D:14     | XOM: draining
 24375 | D:14     | XOM: god gift: 6 darts of dispersal
 24422 | D:14     | XOM: 2-stop teleportation journey
 24428 | D:14     | XOM: cleaving
 24437 | D:14     | XOM: cleaving
 24440 | D:14     | Reached XP level 16. HP: 76/143 MP: 11/15
 24457 | D:14     | XOM: 7-stop teleportation journey
 24840 | D:15     | Entered Level 15 of the Dungeon
 24922 | D:15     | Reached skill level 9 in Ranged Weapons
 25236 | D:15     | XOM: silly message
 25649 | D:15     | XOM: cast spell 'Summon Mana Viper'
 25733 | D:15     | XOM: silly message
 25887 | D:15     | XOM is BORED!
 25887 | D:15     | XOM: noise
 26013 | D:15     | Found a staircase to the Depths.
 26020 | D:15     | Reached skill level 15 in Dodging
 26321 | D:13     | XOM: give mutations
 26321 | D:13     | Lost mutation: You are covered in fur. (AC +1) [Xom's
                  | mischief]
 26321 | D:13     | Lost mutation: Your system is resistant to poisons. (rPois)
                  | [Xom's mischief]
 26341 | D:13     | XOM: give mutation
 26341 | D:13     | Lost mutation: Your body sometimes deteriorates upon taking
                  | damage. [Xom's mischief]
 26507 | Spider:1 | Entered Level 1 of the Spider Nest
 26508 | Spider:1 | XOM: polymorph emperor scorpion -> death yak
 26571 | Spider:1 | XOM: cast spell 'Discord'
 26597 | Lair:3   | XOM: scenery: summon butterflies
 26599 | Spider:1 | XOM: divine lightning
 26856 | Spider:1 | XOM: summons friendly shadow imp
 26861 | Spider:1 | XOM: polymorph steelbarb worm -> mana viper
 26908 | Spider:1 | Reached skill level 20 in Axes
 26908 | Spider:1 | Reached skill level 10 in Ranged Weapons
 26982 | Spider:1 | XOM: give mutations
 26982 | Spider:1 | Lost mutation: Armour fits poorly on your strangely shaped
                  | body. [Xom's mischief]
 26982 | Spider:1 | Lost mutation: You are highly strong-willed. (Will++)
                  | [Xom's mischief]
 27013 | Spider:1 | XOM: confusion
 27058 | Spider:1 | XOM: silly message
 27068 | Spider:1 | XOM: enchant monster (good)
 27115 | Spider:1 | XOM: 2-stop teleportation journey
 27139 | Spider:1 | Noticed Agnes
 27143 | Spider:1 | XOM: enchant monster (good)
 27148 | Spider:1 | Found a transporter.
 27163 | Spider:1 | Killed Agnes
 27165 | Spider:1 | Reached skill level 12 in Evocations
 27250 | Spider:1 | XOM: 1-stop teleportation journey
 27298 | Spider:1 | XOM: divination: detect creatures
 27392 | Spider:1 | Found a transporter.
 27409 | Spider:1 | Noticed Droidtality99's ghost (adept HOFi)
 27532 | Spider:1 | XOM: cast spell 'Call Canine Familiar'
 27535 | Spider:1 | XOM: potion effect (might)
 27539 | Spider:1 | Reached skill level 11 in Ranged Weapons
 27679 | Spider:1 | XOM: silly message
 27854 | Spider:1 | XOM: 1-stop teleportation journey
 27899 | Spider:1 | Identified the +1 robe of Qazlal's Supremacy {rF+}
 28044 | Spider:2 | Noticed Arachne
 28053 | Spider:2 | Killed Arachne
 28266 | Spider:1 | XOM: silly message
 28616 | Spider:2 | XOM: silly message
 29249 | Spider:3 | XOM: cast spell 'Summon Ice Beast'
 29295 | Spider:3 | XOM: silly message
 29298 | Spider:3 | XOM: cast spell 'Call Canine Familiar'
 29308 | Spider:3 | HP: 35/150 [culicivora (17)]
 29312 | Spider:3 | XOM: enchant monster (bad)
 29523 | Spider:2 | XOM: noise
 29574 | Spider:3 | XOM: divination: detect items
 29580 | Spider:3 | Reached skill level 12 in Ranged Weapons
 29596 | Spider:3 | Reached XP level 17. HP: 148/158 MP: 16/16
 29624 | Spider:3 | XOM: divination: magic mapping
 29779 | Spider:3 | XOM: noise
 29979 | Spider:3 | XOM: god gift: scroll of teleportation
 30008 | Spider:3 | XOM: summons friendly ufetubus
 30018 | Spider:3 | XOM: 7-stop teleportation journey
 30056 | Spider:3 | XOM: potion effect (invisibility)
 30057 | Spider:3 | XOM: cleaving
 30152 | Spider:3 | Identified 2 potions of resistance
 30196 | Spider:3 | Reached skill level 16 in Fighting
 30358 | Spider:4 | Entered Level 4 of the Spider Nest
 30419 | Spider:4 | XOM: divination: detect creatures
 30425 | Spider:4 | XOM: noise
 30545 | Spider:4 | XOM: polymorph jumping spider -> guardian serpent
 30640 | Spider:4 | XOM: 1-stop teleportation journey
 30651 | Spider:4 | Reached skill level 16 in Dodging
 30831 | Spider:4 | Reached skill level 13 in Ranged Weapons
 30972 | Spider:4 | XOM: blink monster(s)
 31552 | Spider:4 | XOM: god gift: staff of death
 31696 | Spider:4 | XOM: summons 5 friendly demons
 31737 | Spider:4 | XOM: god gift: sling {god gift}
 31897 | Spider:4 | XOM: polymorph demonic crawler -> rakshasa
 31899 | Spider:4 | XOM: polymorph rakshasa -> hell hog
 32079 | Spider:4 | XOM: 4-stop teleportation journey
 32169 | Spider:4 | XOM: god gift: runed trident {god gift}
 32243 | Spider:4 | XOM: 4-stop teleportation journey
 32288 | Spider:4 | XOM: scenery: 3 doors close
 32306 | Spider:4 | Reached skill level 11 in Armour
 32307 | Spider:4 | XOM: confusion (+ monsters)
 32329 | Spider:4 | XOM: noise
 32331 | Spider:4 | XOM: divination: magic mapping
 32341 | Spider:4 | XOM: swap monsters
 32349 | Spider:4 | XOM: god gift: 1012 gold pieces
 32352 | Spider:4 | XOM: give mutation
 32352 | Spider:4 | Gained mutation: You have sharp toenails. [Xom's grace]
 32679 | Spider:4 | Reached skill level 14 in Ranged Weapons
 32682 | Spider:4 | XOM: cast spell 'Summon Hydra'
 32688 | Spider:4 | XOM: cleaving
 32707 | Spider:4 | XOM: 4-stop teleportation journey
 32754 | Spider:4 | XOM: god gift: 2 javelins
 32768 | Spider:4 | XOM: give mutation
 32768 | Spider:4 | Gained mutation: Your mind is very acute. (Int +8, Str/Dex
                  | -2) [Xom's grace]
 32799 | Spider:4 | XOM: cloud trail
 33219 | Spider:3 | XOM: noise
 33381 | Spider:4 | Got a gossamer rune of Zot
 33385 | Spider:4 | XOM: 5-stop teleportation journey
 33512 | Spider:4 | XOM: enchant monster (good)
 33519 | Spider:4 | XOM: give mutations
 33519 | Spider:4 | Lost mutation: You have sharp toenails. [Xom's mischief]
 33519 | Spider:4 | Gained mutation: Your natural rate of healing is unusually
                  | fast. [Xom's mischief]
 33586 | Spider:4 | XOM: cloud trail
 33889 | Shoals:1 | Entered Level 1 of the Shoals
 33894 | Shoals:1 | XOM: enchant monster (bad)
 33898 | Shoals:1 | XOM: enchant monster (good)
 33967 | Lair:3   | XOM: silly message
 33972 | Shoals:1 | XOM: polymorph skyshark -> slime creature
 33985 | Shoals:1 | XOM: cast spell 'Summon Ice Beast'
 34095 | Shoals:1 | XOM: 2-stop teleportation journey
 34139 | Shoals:1 | XOM: divination: detect items
 34278 | Shoals:1 | XOM: 2-stop teleportation journey
 34332 | Shoals:1 | XOM: god gift: falchion {god gift}
 34407 | Shoals:1 | Learned a level 1 spell: Apportation
 34410 | Shoals:1 | Learned a level 2 spell: Blink
 34413 | Shoals:1 | Learned a level 2 spell: Wereblood
 34418 | Shoals:1 | Learned a level 4 spell: Manifold Assault
 34423 | Shoals:1 | Learned a level 4 spell: Vhi's Electric Charge
 34423 | Shoals:1 | XOM: 1-stop teleportation journey
 34468 | Shoals:1 | XOM: noise
 34475 | Shoals:1 | XOM: silly message
 34477 | Shoals:1 | Reached skill level 17 in Fighting
 34477 | Shoals:1 | Reached XP level 18. HP: 155/169 MP: 17/17
 34496 | Shoals:1 | XOM: god gift: scroll of teleportation
 34757 | Shoals:2 | Noticed Polyphemus
 34787 | Shoals:2 | XOM: divination: magic mapping
 34793 | Shoals:2 | XOM: divination: magic mapping
 34794 | Shoals:2 | Killed Polyphemus
 34821 | Shoals:2 | XOM: divination: detect items
 34825 | Shoals:2 | HP: 39/169 [tentacle[a kraken] (9)]
 34921 | Shoals:2 | Noticed Roxanne
 35033 | Shoals:2 | XOM: confusion
 35122 | Shoals:2 | Found Odeg's Weapon Boutique.
 35150 | Shoals:2 | Reached skill level 15 in Ranged Weapons
 35283 | Shoals:2 | Reached skill level 12 in Armour
 35286 | Shoals:2 | XOM: noise
 35481 | Shoals:2 | Reached skill level 17 in Dodging
 35648 | Shoals:2 | XOM: give mutations
 35648 | Shoals:2 | Lost mutation: You are agile. (Dex +4, Str/Int -1) [Xom's
                  | mischief]
 35648 | Shoals:2 | Lost mutation: Your mind is very acute. (Int +8, Str/Dex
                  | -2) [Xom's mischief]
 35648 | Shoals:2 | Lost mutation: Your mind is acute. (Int +4, Str/Dex -1)
                  | [Xom's mischief]
 35648 | Shoals:2 | Lost mutation: You expend magic power (3 MP) to strengthen
                  | your wands. [Xom's mischief]
 35698 | Shoals:3 | XOM: 4-stop teleportation journey
 35701 | Shoals:3 | XOM: swap monsters
 35705 | Shoals:3 | XOM: enchant monster (bad)
 35709 | Shoals:3 | XOM: chaos cloud
 35799 | Shoals:3 | XOM: give mutations
 35799 | Shoals:3 | Lost mutation: Your natural rate of healing is unusually
                  | fast. [Xom's mischief]
 35799 | Shoals:3 | Lost mutation: You are strong-willed. (Will+) [Xom's
                  | mischief]
 35837 | Shoals:3 | XOM: cloud trail
 36026 | Shoals:3 | XOM: give mutations
 36026 | Shoals:3 | Gained mutation: A frigid envelope surrounds you and
                  | freezes all who hurt you. [Xom's mischief]
 36026 | Shoals:3 | Gained mutation: You are robust. (+10% HP) [Xom's mischief]
 36026 | Shoals:3 | Lost mutation: You occasionally lose the ability to drink
                  | potions when taking damage. [Xom's mischief]
 36143 | Shoals:3 | Learned a level 2 spell: Lesser Beckoning
 36153 | Shoals:3 | XOM: confusion
 36167 | Shoals:3 | XOM: blink monster(s)
 36495 | Shoals:2 | XOM: summons 1 hostile shadow creature
 36809 | Shoals:3 | XOM: swap monsters
 36819 | Shoals:3 | XOM: summons 2 friendly demons
 36883 | Shoals:3 | XOM: summons 10 hostile demons
 37181 | Shoals:3 | XOM: summons 3 hostile shadow creatures
 37371 | Shoals:3 | XOM: summons 1 hostile shadow creature
 37452 | Shoals:3 | XOM: silly message
 37466 | Shoals:4 | Entered Level 4 of the Shoals
 37686 | Shoals:3 | XOM: torment (86/187 hp)
 38010 | Shoals:3 | XOM: summons 2 hostile shadow creatures
 38012 | Shoals:4 | XOM: stat loss: -1 Int (8/9)
 38086 | Shoals:3 | XOM: give mutation
 38086 | Shoals:3 | Lost mutation: You passively map the area around you.
                  | [Xom's mischief]
 38118 | Shoals:4 | XOM: blink monster(s)
 38355 | Shoals:3 | XOM: god gift: scroll of enchant weapon
 38397 | Shoals:4 | XOM: destruction
 38413 | Shoals:4 | XOM: cast spell 'Death Channel'
 38433 | Shoals:3 | XOM: god gift: 19 gold pieces
 38463 | Shoals:3 | XOM: 1-stop teleportation journey
 38565 | Shoals:3 | XOM: give mutation
 38565 | Shoals:3 | Gained mutation: Your muscles are strong. (Str +4, Int/Dex
                  | -1) [Xom's grace]
 38604 | Shoals:4 | XOM: confuse monster(s)
 38618 | Shoals:4 | XOM: destruction
 38623 | Shoals:3 | XOM: give mutation
 38623 | Shoals:3 | Gained mutation: Your mind is acute. (Int +4, Str/Dex -1)
                  | [Xom's grace]
 38688 | Shoals:4 | XOM: god gift: staff of fire
 38694 | Shoals:3 | XOM: cleaving
 38695 | Shoals:3 | XOM: summons 3 friendly demons
 38892 | Shoals:3 | XOM: give mutations
 38892 | Shoals:3 | Gained mutation: Your mind is very acute. (Int +8, Str/Dex
                  | -2) [Xom's grace]
 38892 | Shoals:3 | Gained mutation: You have hidden genetic potential. [Xom's
                  | grace]
 38892 | Shoals:3 | Gained mutation: Your spells are a little harder to cast,
                  | but a little more powerful. [Xom's grace]
 38892 | Shoals:3 | Gained mutation: You expend magic power (3 MP) to
                  | strengthen your wands. [Xom's grace]
 38901 | Shoals:4 | XOM: divination: magic mapping
 38910 | Shoals:3 | Reached skill level 16 in Ranged Weapons
 38917 | Shoals:4 | XOM: silly message
 38998 | Shoals:3 | XOM: cloud trail
 39043 | Shoals:3 | XOM: blink monster(s)
 39194 | Shoals:3 | XOM: cloud trail
 39454 | Shoals:3 | XOM: noise
 39467 | Shoals:4 | XOM: enchant monster (good)
 39480 | Shoals:3 | XOM: silly message
 39595 | Shoals:3 | XOM: scenery: create altars
 39601 | Shoals:4 | XOM: smoke on damage
 39602 | Shoals:4 | XOM: 4-stop teleportation journey
 39680 | Shoals:4 | XOM: polymorph merfolk impaler -> ice dragon
 39681 | Shoals:4 | XOM: enchant monster (bad)
 39689 | Shoals:4 | XOM: chaos upgrade
 39708 | Shoals:4 | XOM: fog
 39712 | Shoals:4 | XOM: noise
 39773 | Shoals:4 | XOM: summons 1 hostile shadow creature
 39777 | Shoals:4 | HP: 33/188 [merfolk impaler/+4 trident of venom[Xom] (18)]
 39779 | Shoals:4 | XOM: give mutations
 39779 | Shoals:4 | Lost mutation: Your muscles are strong. (Str +4, Int/Dex
                  | -1) [Xom's mischief]
 39779 | Shoals:4 | Lost mutation: Your mind is very acute. (Int +8, Str/Dex
                  | -2) [Xom's mischief]
 39779 | Shoals:4 | Lost mutation: A frigid envelope surrounds you and freezes
                  | all who hurt you. [Xom's mischief]
 39799 | Shoals:4 | XOM: divination: detect creatures
 39808 | Shoals:4 | HP: 33/188 [merfolk javelineer/silver javelin (4)]
 39812 | Shoals:4 | XOM: confuse monster(s)
 39813 | Shoals:4 | HP: 32/188 [snapping turtle (2)]
 40165 | Shoals:4 | XOM: divination: detect creatures
 40179 | Shoals:4 | XOM: polymorph merfolk impaler -> ice dragon
 40192 | Shoals:4 | XOM: noise
 40194 | Shoals:4 | XOM: polymorph merfolk -> cyclops
 40435 | Shoals:4 | XOM: cast spell 'Summon Ice Beast'
 40446 | Shoals:3 | Reached skill level 13 in Armour
 40671 | Shoals:3 | XOM: blink monster(s)
 40713 | Shoals:3 | XOM: give mutations
 40713 | Shoals:3 | Gained mutation: You have sharp fingernails. [Xom's grace]
 40713 | Shoals:3 | Gained mutation: You have supernaturally acute eyesight.
                  | (SInv) [Xom's grace]
 40713 | Shoals:3 | Gained mutation: You possess an exceptional clarity of
                  | mind. [Xom's grace]
 40761 | Shoals:4 | Identified the staff of Dried Tears {rPois rC+ Str+2 Ice}
 40764 | Shoals:3 | XOM: polymorph merfolk javelineer -> fire dragon
 40841 | Shoals:4 | XOM: polymorph merfolk javelineer -> fire dragon
 40844 | Shoals:3 | XOM: cast spell 'Monstrous Menagerie'
 40899 | Shoals:4 | Identified +0 pearl dragon scales
 40903 | Shoals:4 | XOM: scenery: summon butterflies
 40947 | Shoals:4 | XOM: potion effect (invisibility)
 40964 | Shoals:4 | Reached skill level 18 in Fighting
 40983 | Shoals:3 | HP: 37/189 [xom (35)]
 40983 | Shoals:3 | XOM: torment (37/189 hp)
 41016 | Shoals:3 | XOM: noise
 41539 | Shoals:4 | Identified the +0 leather armour of Ethics {*Slow rCorr
                  | Str+4}
 42031 | Shoals:4 | XOM: 1-stop teleportation journey
 42105 | Shoals:4 | Found a glowing golden altar of the Shining One.
 42129 | Shoals:4 | Reached XP level 19. HP: 196/196 MP: 18/18
 42284 | Shoals:4 | Got a barnacled rune of Zot
 42315 | Shoals:4 | Found a glowing silver altar of Zin.
 42418 | Shoals:4 | Found a white marble altar of Elyvilon.
 42607 | Shoals:2 | Killed Roxanne
 42843 | Spider:4 | XOM: give mutation
 42843 | Spider:4 | Gained mutation: You are partially covered in large bone
                  | plates. (SH +4) [Xom's grace]
 42971 | Lair:3   | XOM: give mutations
 42971 | Lair:3   | Lost mutation: You have hidden genetic potential. [Xom's
                  | grace]
 42971 | Lair:3   | Gained mutation: You are somewhat resistant to further
                  | mutation. [Xom's grace]
 42971 | Lair:3   | Gained mutation: You are agile. (Dex +4, Str/Int -1) [Xom's
                  | grace]
 43174 | D:2      | Bought the ring "Begar" {Wiz rElec rC++ rCorr Dex-3} for
                  | 729 gold pieces
 43199 | D:2      | XOM: silly message
 43410 | Lair:3   | XOM: scenery: summon butterflies
 43508 | Spider:1 | XOM: enchant monster (good)
 43511 | Spider:1 | XOM: summons friendly iron imp
 43513 | Spider:1 | XOM: scenery: summon butterflies
 43514 | Spider:1 | XOM: cast spell 'Alistair's Intoxication'
 43515 | Spider:1 | XOM: confuse monster(s)
 43523 | Spider:1 | XOM: cleaving
 43529 | Spider:1 | Reached skill level 17 in Ranged Weapons
 43535 | Spider:1 | Killed Droidtality99's ghost
 43548 | Spider:1 | Identified the amulet of the Hippo {RegenMP rPois}
 43552 | Spider:1 | Identified the +1 spear of Integrity {vamp, rC+}
 43767 | D:12     | XOM: scenery: 1 doors close
 43840 | Vaults:5 | Identified the "Hywkove"
 43840 | Depths:2 | Identified the of Tumetath
 43840 | Depths:3 | Identified the "Wuefrent"
 43840 | Elf:1    | Identified the "Paaf"
 43840 | Elf:1    | XOM: noise
 43840 | Elf:1    | Entered Level 1 of the Elven Halls
 43853 | Elf:1    | Found an ancient bone altar of Kikubaaqudgha.
 44245 | Elf:1    | Noticed Louise
 44267 | Elf:1    | Killed Louise
 44621 | Elf:1    | Reached skill level 18 in Dodging
 44817 | Elf:1    | XOM: give mutations
 44817 | Elf:1    | Lost mutation: Your flesh is heat resistant. (rF+) [Xom's
                  | mischief]
 44817 | Elf:1    | Lost mutation: You have sharp fingernails. [Xom's mischief]
 44817 | Elf:1    | Lost mutation: You are partially covered in large bone
                  | plates. (SH +4) [Xom's mischief]
 44938 | Elf:1    | XOM: scenery: 1 doors open, 1 doors close
 45000 | Elf:2    | Reached skill level 14 in Armour
 45057 | Elf:2    | XOM: cloud trail
 45071 | Elf:2    | XOM: potion effect (berserk rage)
 45075 | Elf:2    | XOM: scenery: create altars
 45076 | Elf:2    | XOM: cast spell 'Summon Small Mammal'
 45254 | Elf:2    | XOM: give mutations
 45254 | Elf:2    | Gained mutation: Your flesh is very cold resistant. (rC++)
                  | [Xom's grace]
 45254 | Elf:2    | Gained mutation: Your muscles are strong. (Str +4, Int/Dex
                  | -1) [Xom's grace]
 45261 | Elf:2    | XOM: 2-stop teleportation journey
 45273 | Elf:2    | Found a runed translucent gate.
 45273 | Elf:2    | Found a runed translucent gate.
 45279 | Elf:2    | Found a runed translucent gate.
 45326 | Elf:2    | XOM: 5-stop teleportation journey
 45437 | Elf:2    | Found Joufif's Weapon Shop.
 45527 | Elf:2    | Bought 2 boomerangs for 48 gold pieces
 45578 | Elf:3    | Identified the "Exaduf"
 45578 | Elf:3    | Entered Level 3 of the Elven Halls
 45636 | Elf:3    | Found Zeog's Magic Scroll Shoppe.
 45645 | Elf:3    | Bought a scroll of teleportation for 54 gold pieces
 45674 | Elf:3    | Reached skill level 18 in Ranged Weapons
 45879 | Elf:3    | Reached skill level 15 in Armour
 45879 | Elf:3    | Reached skill level 1 in Shapeshifting
 45880 | Elf:3    | XOM: polymorph deep elf sorcerer -> quicksilver ooze
 45887 | Elf:3    | Reached skill level 2 in Shapeshifting
 46176 | Elf:3    | Reached skill level 3 in Shapeshifting
 46369 | Elf:3    | XOM: give mutations
 46369 | Elf:3    | Lost mutation: You possess an exceptional clarity of mind.
                  | [Xom's mischief]
 46369 | Elf:3    | Lost mutation: You passively map a small area around you.
                  | [Xom's mischief]
 46369 | Elf:3    | Lost mutation: You expend magic power (3 MP) to strengthen
                  | your wands. [Xom's mischief]
 46369 | Elf:3    | Gained mutation: You are partially covered in large bone
                  | plates. (SH +4) [Xom's mischief]
 46465 | Elf:3    | XOM: summons 9 hostile demons
 46497 | Elf:3    | XOM: summons 10 hostile demons
 46525 | Elf:2    | XOM: draining
 46569 | Elf:3    | Identified the +0 robe "Etoger" {rF+ Regen+ Int+2}
 46569 | Elf:3    | XOM: 1-stop teleportation journey
 46571 | Elf:3    | XOM: chaos cloud
 46575 | Elf:3    | XOM: summons friendly white imp
 46578 | Elf:3    | XOM: cast spell 'Call Canine Familiar'
 46578 | Elf:3    | HP: 31/188 [Hell Sentinel/iron shot[a deep elf
                  | demonologist] (26)]
 46579 | Elf:3    | Reached skill level 4 in Shapeshifting
 46583 | Elf:3    | XOM: 4-stop teleportation journey
 46875 | Elf:3    | Noticed a Tzitzimitl
 46875 | Elf:3    | Identified the +5 triple sword of Righteous Fury {freeze,
                  | rPois}
 46880 | Elf:3    | XOM: enchant monster (good)
 46898 | Elf:3    | Reached skill level 5 in Shapeshifting
 47335 | Elf:3    | XOM: cloud trail
 47388 | Elf:1    | XOM: give mutations
 47388 | Elf:1    | Gained mutation: You have a pair of large horns on your
                  | head. [Xom's grace]
 47388 | Elf:1    | Gained mutation: You have sharp toenails. [Xom's grace]
 47388 | Elf:1    | Gained mutation: Your flesh is almost immune to the effects
                  | of cold. (rC+++) [Xom's grace]
 47388 | Elf:1    | Gained mutation: Your spells are harder to cast, but more
                  | powerful. [Xom's grace]
 47587 | Elf:3    | Identified the +8 chain mail "Hiciusaf" {Will- Dex+3 Slay+5
                  | Stlth+}
 47701 | Elf:3    | Identified a +2 kite shield of resistance
 47724 | Elf:3    | XOM: summons 10 hostile demons
 47820 | Elf:2    | XOM: god gift: 40 gold pieces
 47849 | Elf:2    | Noticed Azrael
 47861 | Elf:2    | Killed Azrael
 47861 | Elf:2    | XOM: divination: detect creatures
 47864 | Elf:2    | XOM: polymorph deep elf knight -> anaconda
 47868 | Elf:2    | XOM: snakes to sticks
 47895 | Elf:2    | Reached skill level 6 in Shapeshifting
 48051 | Elf:2    | XOM: divination: detect items
 48060 | Elf:2    | XOM: cleaving
 48063 | Elf:2    | Reached XP level 20. HP: 194/205 MP: 19/19
 48195 | Elf:2    | Reached skill level 7 in Shapeshifting
 48861 | D:10     | XOM: scenery: 2 doors close
 48900 | D:8      | XOM: god gift: 35 gold pieces
 48910 | D:8      | XOM: give mutation
 48910 | D:8      | Lost mutation: Your mind is acute. (Int +4, Str/Dex -1)
                  | [Xom's mischief]
 49019 | D:15     | XOM: scenery: 1 doors open, 1 doors close
 49020 | D:15     | XOM: divination: detect creatures
 49056 | D:15     | XOM: 9-stop teleportation journey
 49273 | D:8      | XOM: cloud trail
 49532 | D:15     | XOM: give mutations
 49532 | D:15     | Gained mutation: You have razor-sharp toenails. [Xom's
                  | grace]
 49532 | D:15     | Gained mutation: Your mind is acute. (Int +4, Str/Dex -1)
                  | [Xom's grace]
 49532 | D:15     | Gained mutation: Your mind is very acute. (Int +8, Str/Dex
                  | -2) [Xom's grace]
 49532 | D:15     | Lost mutation: You have razor-sharp toenails. [Xom's grace]
 49532 | D:15     | Lost mutation: You have sharp toenails. [Xom's grace]
 49532 | D:15     | Gained mutation: You have large cloven feet. [Xom's grace]
 49563 | Vaults:1 | Entered Level 1 of the Vaults
 49589 | Vaults:1 | XOM: god gift: wand of paralysis (4)
 49590 | Vaults:1 | XOM: scenery: 2 doors close
 49599 | Vaults:1 | XOM: scenery: 1 doors open
 49620 | Vaults:1 | XOM: polymorph deep troll -> water nymph
 49649 | D:14     | XOM: stat loss: -1 Int (14/15)
 50041 | Vaults:1 | XOM: swap monsters
 50043 | Vaults:1 | XOM: scenery: 1 doors open, 1 doors close
 50058 | Vaults:1 | XOM: 1-stop teleportation journey
 50152 | Vaults:1 | Reached skill level 8 in Shapeshifting
 50340 | Vaults:1 | XOM: god gift: 52 gold pieces
 50410 | Vaults:1 | XOM: confuse monster(s)
 50942 | Vaults:1 | XOM: cast spell 'Alistair's Intoxication'
 50967 | Vaults:1 | Reached skill level 9 in Shapeshifting
 50967 | Vaults:1 | XOM: confuse monster(s)
 50968 | Vaults:1 | XOM: destruction
 51088 | D:15     | XOM: noise
 51511 | Vaults:2 | XOM: scenery: 1 doors open
 51561 | Vaults:2 | Reached skill level 10 in Shapeshifting
 51634 | Vaults:2 | XOM: 1-stop teleportation journey
 51723 | Vaults:2 | XOM: god gift: 21 gold pieces
 51855 | Vaults:2 | XOM: 1-stop teleportation journey
 51920 | Vaults:2 | XOM: chaos cloud
 52170 | Vaults:2 | XOM: 1-stop teleportation journey
 52231 | Vaults:2 | XOM: divination: detect items
 52235 | Vaults:2 | Reached skill level 11 in Shapeshifting
 52252 | Vaults:2 | XOM: enchant monster (bad)
 52531 | Vaults:2 | XOM: enchant monster (bad)
 52537 | Vaults:2 | XOM: cast spell 'Call Canine Familiar'
 52592 | Vaults:2 | XOM: 6-stop teleportation journey
 52792 | Vaults:2 | XOM: cleaving
 52816 | Vaults:2 | XOM: enchant monster (bad)
 52827 | Vaults:2 | XOM: blink monster(s)
 53043 | Vaults:2 | XOM: god gift: 5 stones
 53085 | Vaults:2 | XOM: god gift: potion of attraction
 53155 | Vaults:2 | Found a staircase to the Crypt.
 53157 | Vaults:2 | XOM: torment (114/205 hp)
 53162 | Vaults:2 | XOM: blink monster(s)
 53545 | Vaults:2 | XOM: enchant monster (bad)
 53552 | Vaults:2 | Reached XP level 21. HP: 168/213 MP: 20/20
 53556 | Vaults:2 | Reached skill level 12 in Shapeshifting
 53757 | Vaults:2 | XOM: 6-stop teleportation journey
 53775 | Vaults:2 | XOM: give mutations
 53775 | Vaults:2 | Gained mutation: You have a somewhat thin skeletal
                  | structure. (Dex +2, Stealth+) [Xom's grace]
 53775 | Vaults:2 | Gained mutation: You are very agile. (Dex +8, Str/Int -2)
                  | [Xom's grace]
 53775 | Vaults:2 | Gained mutation: You are very robust. (+20% HP) [Xom's
                  | grace]
 53775 | Vaults:2 | Gained mutation: Your spells are much harder to cast, but
                  | much more powerful. [Xom's grace]
 54468 | Vaults:3 | XOM: give mutations
 54468 | Vaults:3 | Gained mutation: You have hoof-like feet. [Xom's grace]
 54468 | Vaults:3 | Gained mutation: You possess an exceptional clarity of
                  | mind. [Xom's grace]
 54564 | Vaults:3 | XOM: blink monster(s)
 54590 | Vaults:3 | XOM: confuse monster(s)
 54796 | Vaults:3 | XOM: noise
 54856 | Vaults:3 | Reached skill level 13 in Shapeshifting
 54865 | Vaults:3 | XOM: enchant monster (bad)
 55033 | Vaults:3 | XOM: enchant monster (bad)
 55326 | Vaults:3 | XOM: 7-stop teleportation journey
 55347 | Vaults:3 | XOM is BORED!
 55770 | Vaults:3 | XOM: give mutations
 55770 | Vaults:3 | Lost mutation: You have a pair of large horns on your head.
                  | [Xom's mischief]
 55770 | Vaults:3 | Lost mutation: Your mind is very acute. (Int +8, Str/Dex
                  | -2) [Xom's mischief]
 56038 | D:12     | XOM: give mutations
 56038 | D:12     | Gained mutation: Your muscles are very strong. (Str +8,
                  | Int/Dex -2) [Xom's grace]
 56038 | D:12     | Gained mutation: You passively map a small area around you.
                  | [Xom's grace]
 56038 | D:12     | Gained mutation: You have a pair of large horns on your
                  | head. [Xom's grace]
 56038 | D:12     | Lost mutation: You have hoof-like feet. [Xom's grace]
 56038 | D:12     | Lost mutation: You have large cloven feet. [Xom's grace]
 56038 | D:12     | Gained mutation: You have sharp toenails. [Xom's grace]
 56154 | D:15     | XOM: god gift: scroll of immolation
 56340 | Vaults:1 | XOM: give mutation
 56340 | Vaults:1 | Gained mutation: Your flesh is heat resistant. (rF+) [Xom's
                  | grace]
 56401 | Vaults:4 | XOM: 1-stop teleportation journey
 56403 | Vaults:4 | Found Baulimah's Antique Weapon Shop.
 56548 | Vaults:4 | Reached skill level 14 in Shapeshifting
 56567 | Vaults:4 | XOM: scenery: 2 doors close
 56570 | Vaults:4 | XOM: summons 13 friendly demons
 56578 | Vaults:4 | XOM: divination: detect creatures
 56904 | Vaults:4 | XOM: blink monster(s)
 57066 | Vaults:4 | Found Vimiv's Jewellery Emporium.
 57066 | Vaults:4 | XOM: 9-stop teleportation journey
 57194 | Vaults:4 | XOM: cast spell 'Summon Horrible Things'
 57272 | Vaults:4 | XOM: cloud trail
 57366 | Vaults:4 | XOM: give mutations
 57366 | Vaults:4 | Gained mutation: Your system is resistant to poisons.
                  | (rPois) [Xom's grace]
 57366 | Vaults:4 | Gained mutation: Your movements are slightly less
                  | encumbered by armour. (ER -2) [Xom's grace]
 57366 | Vaults:4 | Gained mutation: You are covered in fur. (AC +1) [Xom's
                  | grace]
 57604 | Vaults:4 | Noticed Sojobo
 57615 | Vaults:4 | Killed Sojobo
 57804 | Vaults:4 | XOM: divination: magic mapping
 57812 | Vaults:4 | XOM: enchant monster (bad)
 57840 | Vaults:4 | Reached skill level 15 in Shapeshifting
 57930 | Vaults:4 | Bought the ring of the Tortoise {AC+8} for 2816 gold pieces
 57930 | Vaults:4 | Found the ring of the Tortoise {AC+8}
 58008 | Crypt:1  | Entered Level 1 of the Crypt
 58082 | Crypt:1  | Noticed Mennas
 58084 | Crypt:1  | XOM: cast spell 'Summon Cactus Giant'
 58086 | Crypt:1  | Mennas changed into Mennas the pearl dragon
 58086 | Crypt:1  | Noticed Mennas
 58086 | Crypt:1  | XOM: polymorph Mennas -> Mennas the pearl dragon
 58104 | Crypt:1  | Killed Mennas the pearl dragon
 58201 | Crypt:1  | Reached XP level 22. HP: 242/242 MP: 21/21
 58298 | Crypt:1  | XOM: stat loss: -1 Int (8/9)
 58417 | Crypt:1  | XOM: god gift: staff of fire
 58735 | Crypt:2  | Noticed a curse skull
 58741 | Crypt:2  | Killed a curse skull
 58770 | Crypt:1  | XOM: enchant monster (good)
 58880 | Crypt:2  | XOM: give mutations
 58880 | Crypt:2  | Gained mutation: You passively dampen the noise of your
                  | surroundings. [Xom's grace]
 58880 | Crypt:2  | Gained mutation: You have razor-sharp toenails. [Xom's
                  | grace]
 58880 | Crypt:2  | Gained mutation: You expend magic power (3 MP) to
                  | strengthen your wands. [Xom's grace]
 58880 | Crypt:2  | Gained mutation: You are somewhat resistant to both further
                  | mutation and mutation removal. [Xom's grace]
 58901 | Crypt:2  | XOM: cast spell 'Summon Hydra'
 58932 | Crypt:2  | Found a transporter.
 58974 | Crypt:2  | XOM: god gift: 39 gold pieces
 58990 | Crypt:2  | XOM: cleaving
 59117 | Crypt:2  | XOM: divination: detect creatures
 59246 | Crypt:2  | XOM: summons 2 friendly demons
 59263 | Crypt:2  | Reached skill level 16 in Shapeshifting
 59291 | Crypt:2  | XOM: confuse monster(s)
 59356 | Crypt:2  | XOM: divination: detect creatures
 59380 | Crypt:2  | Found a transporter.
 59587 | Crypt:2  | Noticed a dread lich
 59588 | Crypt:2  | XOM: summons 10 hostile demons
 59602 | Crypt:2  | Killed a dread lich
 59627 | Crypt:2  | Lost mutation: You are partially covered in large bone
                  | plates. (SH +4) [mutagenic glow]
 59706 | Crypt:2  | Identified the amulet of the Curupira {Spirit rElec Will-
                  | Dex+5}
 59721 | Crypt:2  | Identified the ring of Worio {Fire Int+2}
 59743 | Crypt:3  | Entered Level 3 of the Crypt
 59744 | Crypt:3  | XOM: repel stairs
 59747 | Crypt:3  | XOM: enchant monster (bad)
 59748 | Crypt:3  | XOM: 1-stop teleportation journey
 59752 | Crypt:3  | XOM: summons 3 hostile demons
 59761 | Crypt:3  | XOM: give mutation
 59761 | Crypt:3  | Lost mutation: Your system is resistant to poisons. (rPois)
                  | [Xom's mischief]
 59902 | Crypt:3  | XOM: stat loss: -1 Dex (22/26)
 59924 | Crypt:3  | Found an ancient bone altar of Kikubaaqudgha.
 60010 | Crypt:3  | XOM: 4-stop teleportation journey
 60024 | Crypt:3  | Reached skill level 17 in Shapeshifting
 60403 | Crypt:1  | XOM: god gift: wand of paralysis (6)
 60521 | Crypt:3  | Found a staircase to the Tomb.
 60635 | Crypt:3  | XOM: summons 2 hostile demons
 60946 | Crypt:3  | XOM: god gift: lajatang {god gift}
 61010 | Crypt:3  | XOM: give mutations
 61010 | Crypt:3  | Gained mutation: You have an increased reservoir of magic.
                  | (+10% MP) [Xom's grace]
 61010 | Crypt:3  | Lost mutation: You have razor-sharp toenails. [Xom's grace]
 61010 | Crypt:3  | Lost mutation: You have sharp toenails. [Xom's grace]
 61010 | Crypt:3  | Gained mutation: You have large cloven feet. [Xom's grace]
 61045 | Crypt:3  | XOM: 1-stop teleportation journey
 61132 | Crypt:3  | XOM: scenery: 5 doors open
 61150 | Crypt:3  | XOM: scenery: 1 doors close
 61276 | Crypt:3  | XOM: summons 2 hostile demons
 61322 | Crypt:3  | XOM: give mutations
 61322 | Crypt:3  | Lost mutation: You have supernaturally acute eyesight.
                  | (SInv) [Xom's mischief]
 61322 | Crypt:3  | Lost mutation: Your spells are much harder to cast, but
                  | much more powerful. [Xom's mischief]
 61322 | Crypt:3  | Lost mutation: You are very robust. (+20% HP) [Xom's
                  | mischief]
 61322 | Crypt:3  | Lost mutation: Your movements are slightly less encumbered
                  | by armour. (ER -2) [Xom's mischief]
 61327 | Crypt:3  | XOM: give mutations
 61327 | Crypt:3  | Lost mutation: You have large cloven feet. [Xom's mischief]
 61327 | Crypt:3  | Lost mutation: You have a pair of large horns on your head.
                  | [Xom's mischief]
 61354 | Crypt:3  | XOM: draining
 61363 | Crypt:3  | XOM: god gift: plate armour {god gift}
 61407 | Crypt:3  | XOM: 2-stop teleportation journey
 61488 | Crypt:3  | XOM: destruction
 61491 | Crypt:3  | Reached skill level 18 in Shapeshifting
 61583 | Crypt:3  | XOM: give mutation
 61583 | Crypt:3  | Gained mutation: You have large cloven feet. [Xom's grace]
 61747 | Crypt:2  | XOM: give mutations
 61747 | Crypt:2  | Gained mutation: Your mind is very acute. (Int +8, Str/Dex
                  | -2) [Xom's grace]
 61747 | Crypt:2  | Gained mutation: You have sharp fingernails. [Xom's grace]
 61747 | Crypt:2  | Gained mutation: You have supernaturally acute eyesight.
                  | (SInv) [Xom's grace]
 61747 | Crypt:2  | Gained mutation: You have a moderately thin skeletal
                  | structure. (Dex +4, Stealth++) [Xom's grace]
 62176 | D:15     | XOM: 1-stop teleportation journey
 62453 | D:15     | XOM: scenery: 1 doors open, 1 doors close
 62483 | Depths:1 | Entered Level 1 of the Depths
 62642 | Depths:1 | Reached XP level 23. HP: 211/229 MP: 24/24
 62671 | Depths:1 | Found a portal to a secret trove of treasure.
 62856 | Depths:1 | XOM: noise
 62872 | Depths:1 | Noticed the Enchantress
 62875 | Depths:1 | Found a gateway to Hell.
 62887 | Depths:1 | You are cast into the Abyss!
 62887 | Abyss:2  | Cast into level 2 of the Abyss (the Enchantress)
 63184 | Abyss:2  | XOM: polymorph hellion -> hell beast
 63189 | Abyss:2  | XOM: confuse monster(s)
 63213 | Abyss:2  | XOM: chaos upgrade
 63248 | Abyss:2  | Reached skill level 19 in Shapeshifting
 63251 | Depths:1 | You pass through the gate.
 63251 | Depths:1 | Escaped the Abyss
 63262 | Depths:1 | HP: 54/220 [the Enchantress/+0 rapier of distortion (2)]
 63267 | Depths:1 | XOM: confuse monster(s)
 63450 | Depths:1 | XOM: repel stairs
 63455 | Depths:1 | You are cast into the Abyss!
 63455 | Abyss:4  | Cast into level 4 of the Abyss (the Enchantress)
 63510 | Abyss:4  | Got an abyssal rune of Zot
 63515 | Abyss:4  | Found a corrupted altar of Lugonu.
 63516 | Abyss:4  | Found a corrupted altar of Lugonu.
 63526 | Abyss:4  | XOM: polymorph large abomination -> large abomination
 63528 | Abyss:4  | XOM: cast spell 'Discord'
 63553 | Abyss:4  | XOM: stat loss: -1 Dex (26/27)
 63557 | Abyss:4  | Found a corrupted altar of Lugonu.
 63561 | Abyss:4  | XOM: polymorph large abomination -> large abomination
 63579 | Depths:1 | You pass through the gate.
 63579 | Depths:1 | Escaped the Abyss
 63584 | Depths:1 | Killed the Enchantress
 63769 | Depths:1 | XOM: summons 12 hostile demons
 63850 | Depths:2 | Found Cuejy's Assorted Antiques.
 63853 | Depths:2 | Bought a scroll of brand weapon for 380 gold pieces
 63867 | Depths:2 | Found a one-way gate to the infinite horrors of the Abyss.
 63957 | Depths:2 | Found a one-way gate leading to the halls of Pandemonium.
 64098 | Depths:2 | XOM: noise
 64374 | Depths:2 | XOM: polymorph necromancer -> merfolk
 64388 | Depths:2 | XOM: 3-stop teleportation journey
 64418 | Depths:2 | Identified a +0 buckler of resistance
 64720 | Depths:2 | Identified the staff of Corpus Delicti {rElec rC+ Conj}
 64735 | Depths:2 | Found Coduonaa's Book Boutique.
 64736 | Depths:2 | Found Yquen's Jewellery Emporium.
 64737 | Depths:2 | Found Gefuworgh's Book Boutique.
 64743 | Depths:2 | XOM: summons 5 hostile demons
 64823 | Depths:2 | XOM: summons 3 hostile shadow creatures
 65051 | Depths:2 | Found a broken altar of Ashenzari.
 65169 | Depths:3 | XOM: swap monsters
 65231 | Depths:3 | Reached skill level 20 in Shapeshifting
 65497 | Depths:3 | Found a one-way gateway to a ziggurat.
 65639 | Depths:3 | XOM: 9-stop teleportation journey
 65875 | Depths:3 | XOM: scenery: create altars
 65923 | Depths:3 | Found the +8 orange crystal plate armour {Archmagi, Int+3
                  | Clar}
 65924 | Depths:3 | XOM: divination: detect items
 65968 | Depths:3 | Reached XP level 24. HP: 237/237 MP: 24/24
 66084 | Depths:3 | XOM: give mutation
 66084 | Depths:3 | Gained mutation: Your movements are slightly less
                  | encumbered by armour. (ER -2) [Xom's grace]
 66128 | Depths:3 | XOM: cloud trail
 66220 | Depths:4 | Entered Level 4 of the Depths
 66272 | Depths:4 | Reached skill level 21 in Shapeshifting
 66279 | Depths:4 | Noticed Saint Roka
 66290 | Depths:4 | Killed Saint Roka
 66337 | Depths:4 | XOM: give mutations
 66337 | Depths:4 | Lost mutation: You passively dampen the noise of your
                  | surroundings. [Xom's mischief]
 66337 | Depths:4 | Lost mutation: You have an increased reservoir of magic.
                  | (+10% MP) [Xom's mischief]
 66384 | Depths:4 | XOM: enchant monster (bad)
 66406 | Depths:4 | XOM: repel stairs
 66472 | Depths:4 | XOM: 2-stop teleportation journey
 66493 | Depths:4 | XOM: silly message
 66494 | Depths:4 | Noticed Vv
 66517 | Depths:4 | Killed Vv
 66861 | Depths:4 | XOM: confuse monster(s)
 66870 | Depths:4 | XOM: scenery: 1 doors close
 67018 | Depths:4 | XOM: chaos cloud
 67024 | Depths:4 | XOM: smoke on damage
 67029 | Depths:4 | XOM: cleaving
 67043 | Depths:4 | Found a gate to the Realm of Zot.
 67219 | Depths:4 | XOM: cast spell 'Death Channel'
 67232 | Depths:4 | XOM: god gift: pair of embroidered boots {god gift}
 67674 | Zot:2    | Identified the "Ekhoj Omu"
 67674 | Zot:3    | Identified the "Icuv"
 67674 | Slime:1  | Entered Level 1 of the Pits of Slime
 67746 | Lair:4   | XOM: cleaving
 67760 | Lair:4   | Reached skill level 22 in Shapeshifting
 68160 | Slime:1  | Identified a scarf of resistance (Xom gifted it to you on
                  | level 1 of the Pits of Slime)
 68160 | Slime:1  | XOM: god gift: scarf of resistance
 68212 | Slime:2  | XOM: summons 16 friendly demons
 68358 | Slime:2  | XOM: god gift: 32 gold pieces
 68483 | Slime:2  | XOM: 2-stop teleportation journey
 68633 | Slime:2  | XOM: god gift: robe {god gift}
 68636 | Slime:2  | XOM: cast spell 'Leda's Liquefaction'
 68684 | Slime:2  | XOM: summons 13 hostile demons
 68700 | Slime:2  | XOM: stat loss: -1 Dex (26/27)
 68733 | Slime:2  | XOM: cloud trail
 68783 | Slime:4  | XOM: polymorph formless jellyfish -> goliath frog
 69363 | Slime:3  | XOM: cast spell 'Summon Dragon'
 69369 | Slime:3  | XOM: polymorph ice dragon -> satyr
 69514 | Slime:3  | XOM: scenery: create altars
 69539 | Slime:3  | XOM: god gift: twisted spear {god gift}
 69539 | Slime:3  | Identified the +3 spear "Impslayer" {chaos, rCorr Dex+3}
                  | (Xom gifted it to you on level 3 of the Pits of Slime)
 69823 | Slime:5  | Identified the "Kuck"
 69823 | Slime:5  | Identified the of Nouf
 69823 | Slime:5  | Entered Level 5 of the Pits of Slime
 69972 | Slime:5  | XOM: enchant monster (good)
 70028 | Slime:4  | XOM: scenery: summon butterflies
 70074 | Slime:5  | Found a viscous altar of Jiyva.
 70074 | Slime:5  | XOM: 4-stop teleportation journey
 70089 | Slime:5  | XOM: cloud trail
 70117 | Slime:5  | XOM: fog
 70169 | Slime:4  | XOM: god gift: +0 buckler of protection
 70229 | Slime:5  | XOM: divine lightning
 70244 | Slime:5  | XOM: summons 4 friendly demons
 70247 | Slime:5  | Noticed the Royal Jelly
 70248 | Slime:5  | Reached skill level 23 in Shapeshifting
 70284 | Slime:5  | XOM: summons 2 hostile shadow creatures
 70311 | Slime:5  | XOM: polymorph slime creature -> bunyip
 70315 | Slime:5  | XOM: cleaving
 70321 | Slime:5  | Killed the Royal Jelly
 70322 | Slime:5  | Reached XP level 25. HP: 199/246 MP: 0/22
 70323 | Slime:5  | XOM: potion effect (attraction)
 70479 | Slime:5  | Identified the ring of Diaddeig {Fly rCorr Str+3}
 70522 | Slime:5  | Got a slimy rune of Zot
 71629 | Vaults:5 | Entered Level 5 of the Vaults
 71644 | Vaults:5 | Reached skill level 21 in Axes
 71659 | Vaults:5 | Found the +8 storm bow {elec, penet}
 71659 | Vaults:5 | XOM: 4-stop teleportation journey
 71760 | Vaults:5 | XOM: fake destruction
 71768 | Vaults:5 | Reached skill level 22 in Axes
 71775 | Vaults:5 | XOM: summons 5 hostile demons
 71795 | Vaults:5 | XOM: 1-stop teleportation journey
 71828 | Vaults:5 | XOM: summons 6 friendly demons
 71955 | Vaults:5 | XOM: polymorph storm dragon -> glowing shapeshifter
 71962 | Vaults:5 | XOM: enchant monster (good)
 71970 | Vaults:5 | XOM: potion effect (invisibility)
 71976 | Vaults:5 | XOM: cast spell 'Olgreb's Toxic Radiance'
 71982 | Vaults:5 | Reached skill level 23 in Axes
 72030 | Vaults:5 | XOM: confuse monster(s)
 72074 | Vaults:5 | XOM: silly message
 72154 | Vaults:5 | Identified the +6 hand axe of Causality {freeze, Str+6
                  | Dex+6}
 72217 | Vaults:5 | XOM: 1-stop teleportation journey
 72226 | Vaults:5 | Reached skill level 24 in Axes
 72234 | Vaults:5 | XOM: enchant monster (good)
 72340 | Vaults:5 | XOM: silly message
 72415 | Vaults:5 | Identified the +0 dagger of Harmony {freeze, *Noise Dex+4}
 72417 | Vaults:5 | Identified the +3 ring mail of Moral Flaws {Contam rElec
                  | rN+ Slay+3}
 72457 | Vaults:5 | Got a silver rune of Zot
 72566 | Vaults:5 | Identified the +2 quarterstaff of Luxury {elec, Fly rElec
                  | rC+ rCorr}
 72599 | Vaults:5 | Identified the +4 trident "Edaun" {flame, rF+}
 72602 | Vaults:5 | Identified the +4 rapier "Zeurubb" {flame, Int+2}
 72662 | Vaults:5 | XOM: summons friendly white imp
 72663 | Vaults:5 | XOM: noise
 72754 | Vaults:5 | Found Awewat's Antique Armour Boutique.
 72755 | Vaults:5 | Found Corack's Distillery.
 72869 | Vaults:5 | XOM is BORED!
 73176 | Tomb:1   | Entered Level 1 of the Tomb of the Ancients
 73237 | Tomb:1   | Reached skill level 1 in Stealth
 73338 | Tomb:1   | XOM: divination: magic mapping
 73436 | Tomb:1   | Noticed a royal mummy
 73436 | Tomb:1   | XOM: 1-stop teleportation journey
 73443 | Tomb:1   | Reached skill level 2 in Stealth
 73447 | Tomb:1   | XOM: swap monsters
 73451 | Tomb:1   | XOM: cleaving
 73456 | Tomb:1   | Reached skill level 19 in Fighting
 73460 | Tomb:1   | XOM: destruction
 73463 | Tomb:1   | Killed a royal mummy
 73464 | Tomb:1   | Reached skill level 3 in Stealth
 73483 | Tomb:1   | Reached XP level 26. HP: 147/259 MP: 22/22
 73803 | Tomb:1   | Identified the +2 leather armour "Baroteff" {+Blink rC-
                  | MP+9 Slay+2}
 74212 | Crypt:3  | XOM: god gift: staff of fire
 74374 | Vaults:1 | XOM: god gift: scroll of fear
 74621 | Zot:1    | Entered Level 1 of the Realm of Zot
 74632 | Zot:1    | XOM: potion effect (heal wounds)
 74633 | Zot:1    | XOM: polymorph moth of wrath -> rime drake
 74633 | Zot:1    | Noticed an electric golem
 74634 | Zot:1    | HP: 55/259 [storm dragon (17)]
 74653 | Zot:1    | XOM: summons 2 friendly demons
 74663 | Zot:1    | HP: 52/259 [constriction (12)]
 74665 | Zot:1    | Reached skill level 4 in Stealth
 74666 | Zot:1    | XOM: cast spell 'Call Canine Familiar'
 74672 | Zot:1    | XOM: god gift: wand of digging (7)
 74675 | Zot:1    | XOM: silly message
 74677 | Zot:1    | HP: 57/259 [red draconian][a red draconian scorcher] (1)]
 74684 | Zot:1    | HP: 57/259 [red draconian/searing blast[a red draconian
                  | scorcher] (4)]
 74696 | Zot:1    | XOM: polymorph storm dragon -> frost giant
 74762 | Zot:1    | Reached skill level 16 in Armour
 74775 | Zot:1    | Reached skill level 5 in Stealth
 74882 | Zot:1    | Killed an electric golem
 75049 | Zot:1    | XOM: fog
 75071 | Zot:1    | XOM: enchant monster (good)
 75081 | Zot:1    | XOM: polymorph red draconian scorcher -> shapeshifter
 75083 | Zot:1    | Reached skill level 13 in Evocations
 75097 | Zot:1    | XOM: scenery: create altars
 75099 | Zot:1    | Reached skill level 20 in Fighting
 75105 | Zot:1    | Reached skill level 6 in Stealth
 75129 | Zot:1    | XOM: summons 2 friendly demons
 75137 | Zot:1    | XOM: fake destruction
 75233 | Zot:1    | Reached skill level 19 in Dodging
 75436 | Zot:1    | XOM: god gift: scroll of fear
 75766 | Zot:2    | Reached skill level 7 in Stealth
 75889 | Zot:2    | Noticed Parghit
 75898 | Zot:2    | Killed Parghit
 75946 | Zot:2    | XOM: scenery: 1 doors open
 75970 | Zot:2    | XOM: fog
 76233 | Zot:2    | XOM: god gift: staff of fire
 76309 | Zot:2    | Noticed a curse toe
 76316 | Zot:2    | XOM: summons friendly white imp
 76323 | Zot:2    | Killed a curse toe
 76649 | Zot:3    | Reached skill level 8 in Stealth
 76657 | Zot:3    | Reached skill level 21 in Fighting
 76666 | Zot:3    | Reached skill level 17 in Armour
 76790 | Zot:3    | XOM: summons friendly iron imp
 76796 | Zot:3    | XOM: polymorph iron imp -> crimson imp
 76905 | Zot:3    | XOM: scenery: create altars
 76913 | Zot:3    | Reached skill level 9 in Stealth
 76917 | Zot:3    | XOM: polymorph purple draconian -> catoblepas
 76953 | Zot:3    | Reached XP level 27. HP: 200/275 MP: 22/22
 76960 | Zot:3    | XOM: potion effect (invisibility)
 76961 | Zot:3    | Reached skill level 19 in Ranged Weapons
 76970 | Zot:3    | XOM: 2-stop teleportation journey
 77086 | Zot:3    | Reached skill level 14 in Evocations
 77109 | Zot:3    | XOM: confuse monster(s)
 77133 | Zot:3    | XOM: 1-stop teleportation journey
 77283 | Zot:3    | Reached skill level 10 in Stealth
 77425 | Zot:3    | XOM: silly message
 77685 | Depths:3 | XOM: summons 1 hostile demon
 77915 | Zot:4    | Reached skill level 20 in Dodging
 77978 | Zot:4    | Found the +4 dragonskin cloak
 77978 | Zot:4    | Noticed Tiamat
 78026 | Zot:4    | XOM: 1-stop teleportation journey
 78076 | Zot:4    | Noticed a curse toe
 78083 | Zot:4    | Killed a curse toe
 78084 | Zot:4    | Reached skill level 18 in Armour
 78207 | Zot:4    | XOM: summons 2 hostile shadow creatures
 78222 | Zot:4    | XOM: 4-stop teleportation journey
 78227 | Zot:4    | XOM: noise
 78244 | Zot:4    | XOM: 1-stop teleportation journey
 78272 | Zot:4    | XOM: 1-stop teleportation journey
 78306 | Zot:4    | XOM: 6-stop teleportation journey
 78328 | Zot:4    | XOM: 1-stop teleportation journey
 78350 | Zot:4    | XOM: summons 1 hostile shadow creature
 78626 | Zot:3    | XOM: blink monster(s)
 78634 | Zot:3    | XOM: swap monsters
 78644 | Zot:3    | Killed Tiamat
 78861 | Zot:5    | Entered Level 5 of the Realm of Zot
 79028 | Depths:3 | Voluntarily entered the Abyss.
 79278 | Abyss:4  | Found a corrupted altar of Lugonu.
 79303 | Abyss:4  | XOM: polymorph rust devil -> orange demon
 79401 | Abyss:4  | Identified the of Zuwkap
 79401 | Abyss:4  | Identified the "Fuck"
 79401 | Abyss:4  | Identified the "Sajaargh"
 79401 | Abyss:4  | Identified the "Ohetiaq"
 79401 | Abyss:4  | Identified the "Noist"
 79401 | Abyss:4  | Identified the "Cosmaga"
 79401 | Abyss:4  | Identified the "Vaeczoam"
 79401 | Abyss:4  | Identified the of Fuzxux
 79401 | Abyss:4  | Identified the "Pabbene"
 79460 | Abyss:4  | Reached skill level 20 in Ranged Weapons
 79536 | Abyss:4  | Reached skill level 15 in Evocations
 79591 | Abyss:4  | Reached skill level 21 in Dodging
 79606 | Abyss:4  | Reached skill level 1 in Translocations
 79647 | Abyss:4  | Reached skill level 2 in Translocations
 79687 | Abyss:4  | Reached skill level 3 in Translocations
 79784 | Abyss:4  | Reached skill level 4 in Translocations
 79828 | Abyss:4  | Found a corrupted altar of Lugonu.
 79918 | Abyss:4  | XOM: chaos cloud
 79920 | Abyss:4  | Paralysed by you for 5 turns
 79935 | Abyss:4  | Reached skill level 5 in Translocations
 80065 | Abyss:4  | XOM: fake destruction
 80073 | Abyss:4  | XOM: chaos cloud
 80081 | Abyss:4  | Reached skill level 6 in Translocations
 80159 | Abyss:4  | XOM: fog
 80184 | Abyss:4  | XOM: noise
 80206 | Abyss:4  | XOM: enchant monster (bad)
 80222 | Abyss:4  | Reached skill level 7 in Translocations
 80292 | Abyss:4  | XOM: chaos upgrade
 80390 | Abyss:4  | Reached skill level 8 in Translocations
 80443 | Abyss:4  | XOM: summons 14 hostile demons
 80484 | Abyss:4  | XOM: swap monsters
 80523 | Abyss:4  | XOM: summons 4 hostile shadow creatures
 80543 | Abyss:4  | XOM: noise
 80546 | Abyss:4  | XOM: potion effect (haste)
 80548 | Abyss:4  | XOM: summons 2 friendly demons
 80571 | Abyss:4  | XOM: polymorph crimson imp -> lemure
 80615 | Abyss:4  | Reached skill level 9 in Translocations
 80646 | Abyss:4  | XOM: cast spell 'Summon Hydra'
 80650 | Abyss:4  | XOM: confuse monster(s)
 80660 | Abyss:4  | XOM: divine lightning
 80671 | Abyss:4  | Reached skill level 1 in Spellcasting
 80676 | Abyss:4  | XOM: summons 16 friendly demons
 80678 | Abyss:4  | XOM: enchant monster (good)
 80753 | Abyss:4  | XOM: divination: detect items
 80760 | Abyss:4  | Reached skill level 2 in Spellcasting
 80831 | Abyss:4  | XOM: cast spell 'Leda's Liquefaction'
 80906 | Abyss:4  | Reached skill level 10 in Translocations
 80986 | Abyss:4  | XOM: summons friendly crimson imp
 80988 | Abyss:4  | XOM: cast spell 'Summon Cactus Giant'
 80992 | Abyss:4  | XOM: blink monster(s)
 81022 | Abyss:4  | Reached skill level 3 in Spellcasting
 81052 | Abyss:4  | Noticed an ancient lich
 81059 | Abyss:4  | Killed an ancient lich
 81106 | Abyss:4  | XOM: swap monsters
 81150 | Abyss:4  | XOM: confuse monster(s)
 81243 | Abyss:4  | XOM: scenery: create altars
 81249 | Abyss:4  | Reached skill level 11 in Translocations
 81286 | Abyss:4  | Reached skill level 4 in Spellcasting
 81305 | Abyss:4  | Paralysed by you for 4 turns
 81321 | Abyss:4  | XOM: noise
 81335 | Abyss:4  | Found a shimmering altar of Xom.
 81335 | Abyss:4  | Found a shimmering altar of Xom.
 81421 | Abyss:4  | XOM: polymorph raiju -> komodo dragon
 81435 | Abyss:4  | XOM: fake destruction
 81450 | Abyss:4  | XOM: enchant monster (good)
 81591 | Abyss:4  | XOM: noise
 81674 | Abyss:4  | XOM: cast spell 'Summon Cactus Giant'
 81694 | Abyss:4  | XOM: silly message
 81736 | Abyss:4  | XOM: silly message
 81747 | Abyss:4  | Reached skill level 1 in Air Magic
 81806 | Abyss:4  | Reached skill level 5 in Spellcasting
 81863 | Abyss:4  | XOM: noise
 81873 | Abyss:4  | Reached skill level 12 in Translocations
 81949 | Abyss:4  | Reached skill level 2 in Air Magic
 82086 | Abyss:4  | XOM: noise
 82112 | Abyss:4  | Found a corrupted altar of Lugonu.
 82112 | Abyss:4  | Found a corrupted altar of Lugonu.
 82266 | Abyss:4  | Reached skill level 3 in Air Magic
 82315 | Abyss:4  | XOM: scenery: summon butterflies
 82440 | Abyss:4  | XOM: cast spell 'Death Channel'
 82464 | Abyss:4  | XOM: stat loss: -1 Str (26/27)
 82476 | Abyss:4  | Reached skill level 6 in Spellcasting
 82477 | Abyss:4  | XOM: polymorph blizzard demon -> cacodemon
 82558 | Abyss:4  | Learned a level 2 spell: Passwall
 82618 | Abyss:4  | XOM: chaos cloud
 82620 | Abyss:4  | Reached skill level 13 in Translocations
 82623 | Abyss:4  | Paralysed by you for 3 turns
 82718 | Abyss:4  | Reached skill level 4 in Air Magic
 82720 | Abyss:4  | XOM: silly message
 82774 | Abyss:4  | Identified +0 pearl dragon scales
 82901 | Abyss:4  | XOM: silly message
 82918 | Abyss:4  | XOM: potion effect (invisibility)
 82983 | Abyss:4  | XOM: summons 2 hostile shadow creatures
 82987 | Abyss:4  | XOM: summons 10 hostile demons
 83169 | Abyss:4  | Reached skill level 5 in Air Magic
 83253 | Abyss:4  | XOM: summons 10 hostile demons
 83257 | Abyss:4  | XOM: swap monsters
 83281 | Abyss:4  | Reached skill level 7 in Spellcasting
 83288 | Abyss:4  | Reached skill level 14 in Translocations
 83318 | Abyss:4  | XOM: chaos cloud
 83326 | Abyss:4  | Paralysed by accursed screaming for 1 turns
 83330 | Abyss:4  | XOM: smoke on damage
 83452 | Abyss:4  | XOM: potion effect (invisibility)
 83550 | Abyss:4  | Reached skill level 6 in Air Magic
 83555 | Abyss:4  | XOM: summons 5 friendly demons
 83576 | Abyss:4  | XOM: fake destruction
 83754 | Abyss:4  | XOM: chaos cloud
 83759 | Abyss:4  | XOM: noise
 83848 | Abyss:4  | XOM: summons 14 hostile demons
 83889 | Abyss:4  | Found a corrupted altar of Lugonu.
 84072 | Depths:3 | You pass through the gate.
 84072 | Depths:3 | Escaped the Abyss
 84129 | Hell     | Entered the Vestibule of Hell
 84129 | Hell     | Noticed Geryon
 84139 | Hell     | Reached skill level 15 in Translocations
 84141 | Hell     | Reached skill level 8 in Spellcasting
 84141 | Hell     | XOM: chaos cloud
 84143 | Hell     | Paralysed by you for 2 turns
 84153 | Depths:3 | Reached skill level 7 in Air Magic
 84180 | Hell     | XOM: summons 10 hostile demons
 84183 | Hell     | XOM: blink monster(s)
 84188 | Hell     | XOM: swap monsters
 84194 | Hell     | Killed Geryon
 84202 | Hell     | XOM: polymorph rust devil -> hell hog
 84302 | Hell     | XOM: fog
 84308 | Hell     | XOM: enchant monster (bad)
 84309 | Hell     | XOM: blink monster(s)
 84317 | Hell     | XOM: swap monsters
 84322 | Hell     | Reached skill level 8 in Air Magic
 84322 | Hell     | XOM: fog
 84325 | Depths:3 | XOM: divination: detect creatures
 84334 | Depths:3 | Reached skill level 9 in Spellcasting
 84341 | Depths:3 | XOM: summons 1 hostile demon
 84601 | Hell     | Reached skill level 1 in Throwing
 84620 | Hell     | Reached skill level 2 in Throwing
 84644 | Hell     | XOM: silly message
 84656 | Hell     | Reached skill level 3 in Throwing
 84718 | Hell     | Found a gateway to the decaying netherworld of Tartarus.
 84871 | Hell     | Found a gateway to the ashen valley of Gehenna.
 84907 | Hell     | XOM: summons 1 hostile shadow creature
 84979 | Hell     | Found a gateway to the Iron City of Dis.
 85035 | Hell     | Found a gateway to the freezing wastes of Cocytus.
 85221 | Depths:2 | XOM: summons 1 hostile demon
 85311 | Depths:2 | Voluntarily entered the Abyss.
 85334 | Abyss:4  | XOM: potion effect (might)
 85361 | Abyss:4  | Reached skill level 4 in Throwing
 85399 | Abyss:4  | Found a corrupted altar of Lugonu.
 85424 | Abyss:4  | Found a corrupted altar of Lugonu.
 85529 | Abyss:4  | XOM: god gift: +0 barding of stealth
 85559 | Abyss:4  | XOM: summons friendly ufetubus
 85617 | Abyss:4  | XOM: polymorph smoke demon -> sixfirhy
 85624 | Abyss:4  | Reached skill level 5 in Throwing
 85718 | Abyss:4  | XOM: cleaving
 85737 | Abyss:4  | XOM: enchant monster (good)
 85753 | Abyss:4  | Reached skill level 6 in Throwing
 85756 | Abyss:4  | XOM: confuse monster(s)
 85768 | Abyss:4  | Reached skill level 22 in Fighting
 85771 | Abyss:4  | XOM: confuse monster(s)
 85836 | Abyss:4  | XOM: polymorph raiju -> polar bear
 85875 | Abyss:4  | Reached skill level 9 in Air Magic
 85891 | Abyss:4  | XOM: cast spell 'Alistair's Intoxication'
 85899 | Abyss:4  | Found a corrupted altar of Lugonu.
 85959 | Abyss:4  | Found a corrupted altar of Lugonu.
 85968 | Abyss:4  | Found a corrupted altar of Lugonu.
 86026 | Abyss:5  | Reached skill level 7 in Throwing
 86162 | Depths:2 | You pass through the gate.
 86162 | Depths:2 | Escaped the Abyss
 86385 | Zot:5    | Noticed an orb of fire
 86390 | Zot:5    | Noticed a curse toe
 86396 | Zot:5    | XOM: potion effect (experience)
 86396 | Zot:5    | Reached skill level 8 in Throwing
 86396 | Zot:5    | Reached skill level 10 in Spellcasting
 86398 | Zot:5    | Killed an orb of fire
 86409 | Zot:5    | XOM: divine lightning
 86412 | Zot:5    | Killed a curse toe
 86413 | Zot:5    | Reached skill level 23 in Fighting
 86413 | Zot:5    | Reached skill level 9 in Throwing
 86422 | Zot:4    | XOM: scenery: summon butterflies
 86485 | Zot:5    | XOM: divination: detect creatures
 87032 | D:13     | XOM: noise
 87150 | Orc:2    | Bought a scroll of enchant weapon for 202 gold pieces
 87292 | D:14     | XOM: god gift: ring of protection from cold
 87430 | Depths:3 | XOM: silly message
 87714 | Zot:5    | XOM: potion effect (brilliance)
 87724 | Zot:5    | Noticed an orb of fire
 87724 | Zot:5    | Noticed an orb of fire
 87726 | Zot:5    | Noticed an orb of fire
 87730 | Zot:5    | Noticed an orb of fire
 87736 | Zot:5    | XOM: potion effect (might)
 87738 | Zot:5    | XOM: potion effect (might)
 87741 | Zot:5    | Noticed an ancient lich
 87742 | Zot:5    | Noticed an orb of fire
 87745 | Zot:5    | Noticed a dread lich
 87749 | Zot:5    | Noticed an electric golem
 87751 | Zot:5    | Killed an orb of fire
 87753 | Zot:5    | XOM: divination: detect creatures
 87753 | Zot:5    | XOM: smoke on damage
 87759 | Zot:5    | XOM: divination: magic mapping
 87762 | Zot:5    | XOM: silly message
 87776 | Zot:4    | Killed an orb of fire
 87777 | Zot:4    | Reached skill level 10 in Throwing
 87795 | Zot:4    | XOM: divination: detect creatures
 87991 | Zot:4    | XOM: divination: magic mapping
 88041 | Zot:5    | XOM: polymorph Killer Klown -> titan
 88052 | Zot:5    | XOM: enchant monster (good)
 88055 | Zot:5    | Killed an orb of fire
 88055 | Zot:5    | XOM: blink monster(s)
 88058 | Zot:5    | XOM: scenery: 2 doors close
 88059 | Zot:5    | XOM: repel stairs
 88338 | Zot:4    | Killed an orb of fire
 88339 | Zot:4    | Reached skill level 10 in Air Magic
 88535 | Zot:5    | XOM: noise
 88539 | Zot:4    | XOM: cleaving
 88541 | Zot:4    | XOM: cast spell 'Dispersal'
 88546 | Zot:4    | XOM: divine lightning
 88560 | Zot:4    | Killed an orb of fire
 88750 | Zot:4    | XOM: silly message
 88804 | Zot:5    | XOM: noise
 88807 | Zot:5    | XOM: god gift: 4 stones
 88809 | Zot:5    | XOM: enchant monster (good)
 88817 | Zot:5    | Noticed a dread lich
 88818 | Zot:5    | XOM: enchant monster (good)
 88819 | Zot:5    | Killed a dread lich
 88820 | Zot:5    | Reached skill level 11 in Throwing
 88820 | Zot:5    | XOM: enchant monster (bad)
 88826 | Zot:5    | Killed a dread lich
 88860 | Zot:5    | Reached skill level 24 in Fighting
 88865 | Zot:5    | XOM: noise
 88901 | Zot:5    | Reached skill level 12 in Throwing
 88902 | Zot:5    | XOM: 4-stop teleportation journey
 88903 | Zot:5    | XOM: potion effect (brilliance)
 88907 | Zot:5    | Killed an ancient lich
 88913 | Zot:5    | Killed an electric golem
 89028 | Zot:5    | Reached skill level 13 in Throwing
 89050 | Zot:5    | Noticed an electric golem
 89052 | Zot:5    | XOM: 1-stop teleportation journey
 89081 | Zot:5    | Noticed a curse toe
 89082 | Zot:5    | XOM: polymorph Orb Guardian -> formless jellyfish
 89086 | Zot:5    | XOM: 2-stop teleportation journey
 89119 | Zot:5    | Killed an electric golem
 89127 | Zot:5    | Killed a curse toe
 89307 | Zot:5    | Reached skill level 14 in Throwing
 89311 | Zot:5    | XOM: polymorph Orb Guardian -> emperor scorpion
 89328 | Zot:5    | XOM: fog
 89434 | Zot:5    | XOM: summons 8 hostile demons
 89759 | Depths:3 | XOM: stat loss: -1 Dex (28/29)
 89779 | Depths:3 | XOM: cloud trail
 89803 | Depths:2 | XOM: god gift: 57 gold pieces
 89833 | Depths:1 | XOM: divination: detect items
 89919 | D:15     | Upgraded the game from 0.31-a0-949-g57150269e1 to
                  | 0.31-a0-960-g0fca184906
 90018 | Tomb:3   | Identified the "Liogh"
 90018 | Tar:7    | Identified the "Yczyusku"
 90018 | Tar:7    | Identified the "Wuphuj"
 90018 | Dis:7    | Identified the "Joyhuul"
 90018 | Dis:7    | Identified the of Ynuesef
 90018 | Dis:7    | Identified the of Gogeserr
 90018 | Geh:7    | Identified the of Pir Fokk
 90018 | Pan      | Entered Pandemonium
 90018 | Pan      | XOM: fog
 90026 | Pan      | XOM: cast spell 'Summon Ice Beast'
 90065 | Pan      | XOM: summons friendly rust devil
 90244 | Pan      | Reached skill level 15 in Throwing
 90351 | Pan      | XOM: cloud trail
 90394 | Pan      | XOM: scenery: 3 doors close
 90612 | Pan      | Noticed Oniuma Less the pandemonium lord
 90633 | Pan      | Killed Oniuma Less the pandemonium lord
 90634 | Pan      | Reached skill level 16 in Throwing
 90743 | Pan      | XOM: god gift: scroll of silence
 90913 | Pan      | XOM: scenery: 3 doors close
 91055 | Pan      | XOM: god gift: 922 gold pieces
 91062 | Pan      | XOM: god gift: box of beasts
 91139 | Pan      | Got a demonic rune of Zot
 91180 | Pan      | XOM: god gift: amulet of guardian spirit
 91254 | Pan      | XOM: cloud trail
 91394 | Pan      | XOM: polymorph sun demon -> sixfirhy
 91402 | Pan      | XOM: 3-stop teleportation journey
 91499 | Pan      | XOM: 5-stop teleportation journey
 91597 | Pan      | Noticed Hoasecue the pandemonium lord
 91615 | Pan      | XOM: divine lightning
 91620 | Pan      | Killed Hoasecue the pandemonium lord
 91621 | Pan      | Reached skill level 17 in Throwing
 91623 | Pan      | XOM: confuse monster(s)
 91661 | Pan      | XOM: cast spell 'Cause Fear'
 91662 | Pan      | XOM: 1-stop teleportation journey
 91946 | Pan      | XOM: god gift: scroll of torment
 91973 | Pan      | XOM: scenery: create altars
 92140 | Pan      | XOM: potion effect (might)
 92263 | Pan      | XOM: scenery: create altars
 92567 | Pan      | Reached skill level 18 in Throwing
 92574 | Pan      | Noticed Jisimudd the pandemonium lord
 92575 | Pan      | XOM: summons friendly shadow imp
 92584 | Pan      | Killed Jisimudd the pandemonium lord
 92614 | Pan      | XOM: cloud trail
 92831 | Pan      | Noticed Uphavuss the pandemonium lord
 92835 | Pan      | XOM: summons friendly iron imp
 92836 | Pan      | XOM: fog
 92848 | Pan      | XOM: summons friendly ufetubus
 92850 | Pan      | Killed Uphavuss the pandemonium lord
 92854 | Pan      | XOM: polymorph ufetubus -> shadow imp
 92967 | Pan      | XOM: fake destruction
 92985 | Pan      | XOM: fake destruction
 93248 | Pan      | Reached skill level 19 in Throwing
 93255 | Pan      | XOM: god gift: +5 ring of evasion
 93325 | Pan      | XOM: scenery: summon butterflies
 93383 | Pan      | XOM: 4-stop teleportation journey
 93388 | Pan      | XOM: god gift: 38 gold pieces
 93526 | Pan      | XOM: god gift: 33 gold pieces
 93562 | Pan      | XOM: scenery: summon butterflies
 93633 | Depths:2 | You pass through the gate.
 93633 | Depths:2 | Escaped Pandemonium
 93639 | Pan      | Entered Pandemonium
 94266 | Pan      | XOM: 2-stop teleportation journey
 94303 | Pan      | XOM: confuse monster(s)
 94331 | Pan      | Reached skill level 22 in Dodging
 94461 | Pan      | XOM: cloud trail
 94541 | Pan      | Found an exit through the horrors of the Abyss.
 94687 | Pan      | XOM: cleaving
 94690 | Pan      | Identified the +4 halberd of Impatience {heavy, rC+ Stlth+}
 94691 | Pan      | XOM: cleaving
 94693 | Pan      | XOM: fog
 94703 | Pan      | Noticed Neogeom the pandemonium lord
 94722 | Pan      | Reached skill level 20 in Throwing
 94725 | Pan      | Killed Neogeom the pandemonium lord
 94777 | Pan      | XOM: scenery: create altars
 94782 | Pan      | XOM: cleaving
 94785 | Pan      | XOM: confuse monster(s)
 94806 | Pan      | XOM: confuse monster(s)
 94810 | Pan      | XOM: cloud trail
 94985 | Depths:2 | You pass through the gate.
 94985 | Depths:2 | Escaped Pandemonium
 94991 | Pan      | XOM: noise
 94991 | Pan      | Entered Pandemonium
 95153 | Pan      | XOM: scenery: 1 doors open
 95255 | Pan      | XOM: polymorph demonic crawler -> apocalypse crab
 95282 | Pan      | XOM: polymorph balrug -> lorocyproca
 95285 | Pan      | XOM: scenery: 1 doors close
 95334 | Pan      | XOM: divination: detect items
 95347 | Pan      | XOM: god gift: staff of death
 95650 | Pan      | XOM: cloud trail
 95820 | Pan      | Noticed Voprulef the pandemonium lord
 95828 | Pan      | XOM: divination: magic mapping
 95829 | Pan      | XOM: cleaving
 95835 | Pan      | Killed Voprulef the pandemonium lord
 95841 | Pan      | Identified the staff of Terror {rF+ Will+ Conj}
 95935 | Pan      | XOM: god gift: javelin
 95994 | Pan      | XOM: scenery: 1 doors close
 96008 | Pan      | Entered the realm of Mnoleg.
 96309 | Pan      | Found an exit through the horrors of the Abyss.
 96555 | Pan      | XOM: enchant monster (good)
 96573 | Pan      | XOM: summons friendly white imp
 96575 | Pan      | Reached skill level 11 in Stealth
 96591 | Pan      | XOM: enchant monster (good)
 96704 | Pan      | Noticed Mnoleg
 96724 | Pan      | XOM: polymorph shining eye -> shapeshifter
 96727 | Pan      | XOM: god gift: wand of digging (7)
 96740 | Pan      | Killed Mnoleg
 96759 | Pan      | XOM: destruction
 96762 | Pan      | XOM: enchant monster (bad)
 96837 | Pan      | Got a glowing rune of Zot
 97010 | Pan      | Entered the realm of Gloorx Vloq.
 97010 | Pan      | Noticed a curse skull
 97022 | Pan      | Killed a curse skull
 97024 | Pan      | XOM: blink monster(s)
 97027 | Pan      | Reached skill level 23 in Dodging
 97055 | Pan      | Noticed Gloorx Vloq
 97070 | Pan      | Killed Gloorx Vloq
 97159 | Pan      | Got a dark rune of Zot
 97166 | Pan      | Noticed a curse skull
 97180 | Pan      | Killed a curse skull
 97348 | Pan      | XOM: silly message
 97784 | Pan      | Reached skill level 12 in Stealth
 97817 | Pan      | Found an exit through the horrors of the Abyss.
 97821 | Pan      | XOM: polymorph demonspawn black sun -> alligator snapping
                  | turtle
 97886 | Pan      | XOM: chaos cloud
 98075 | Pan      | Reached skill level 19 in Armour
 98360 | Pan      | XOM: god gift: 16 gold pieces
 98361 | Pan      | XOM: polymorph cacodemon -> lorocyproca
 98522 | Pan      | Noticed Utuho the pandemonium lord
 98538 | Pan      | Killed Utuho the pandemonium lord
 98691 | Pan      | XOM: 3-stop teleportation journey
 98847 | Pan      | XOM: noise
 98960 | Pan      | XOM: scenery: 3 doors close
 99185 | Pan      | XOM: god gift: 12 gold pieces
 99196 | Depths:2 | You pass through the gate.
 99196 | Depths:2 | Escaped Pandemonium
 99203 | Pan      | Entered Pandemonium
 99304 | Pan      | Found an exit through the horrors of the Abyss.
 99548 | Pan      | Noticed Nuogh the pandemonium lord
 99561 | Pan      | Killed Nuogh the pandemonium lord
 99648 | Pan      | Identified the +5 great sword "Killer Bee's Regret"
                  | {freeze, rPois Int+2}
 99757 | Pan      | XOM: enchant monster (good)
 99891 | Pan      | XOM: 4-stop teleportation journey
100005 | Pan      | XOM: scenery: 3 doors close
100201 | Pan      | Entered the realm of Lom Lobon.
100253 | Pan      | Reached skill level 16 in Evocations
100327 | Pan      | Identified the +9 long sword of a treasure trove {heavy,
                  | rN+ Str+5 Dex+2}
100525 | Pan      | XOM: 4-stop teleportation journey
100529 | Pan      | Reached skill level 13 in Stealth
100603 | Pan      | XOM: summons 11 hostile demons
100604 | Pan      | Reached skill level 11 in Spellcasting
100614 | Pan      | Reached skill level 24 in Dodging
101062 | Pan      | Reached skill level 21 in Throwing
101104 | Pan      | XOM: silly message
101176 | Pan      | Noticed Lom Lobon
101184 | Pan      | XOM: give mutations
101184 | Pan      | Lost mutation: You have sharp fingernails. [Xom's mischief]
101184 | Pan      | Lost mutation: Your movements are slightly less encumbered
                  | by armour. (ER -2) [Xom's mischief]
101184 | Pan      | Lost mutation: You are completely covered in iridescent
                  | scales. (AC +6) [Xom's mischief]
101191 | Pan      | Killed Lom Lobon
101202 | Pan      | Got a magical rune of Zot
101223 | Pan      | XOM: summons 3 hostile shadow creatures
101230 | Pan      | XOM: summons 4 hostile demons
101457 | Depths:2 | You pass through the gate.
101457 | Depths:2 | Escaped Pandemonium
101464 | Pan      | Entered Pandemonium
101533 | Pan      | Noticed Fiediry the pandemonium lord
101545 | Pan      | Killed Fiediry the pandemonium lord
101555 | Pan      | XOM: summons 1 hostile demon
101663 | Pan      | XOM: chaos cloud
101739 | Pan      | XOM: blink monster(s)
102119 | Pan      | XOM: swap monsters
102269 | Pan      | Identified the "Gaushrut"
102269 | Pan      | Identified the of Zimextil
102269 | Pan      | Identified the "Giuparamu"
102269 | Pan      | Identified the "Jeviteg"
102269 | Pan      | Identified the "Lucrent"
102269 | Pan      | Entered the realm of Cerebov.
102454 | Pan      | Reached skill level 20 in Armour
102661 | Pan      | Found an exit through the horrors of the Abyss.
102836 | Pan      | XOM: enchant monster (bad)
102838 | Pan      | Identified the +8 flail of Indignation {drain, +Blink rN+
                  | Int-2}
102838 | Pan      | Identified the ring "Fahuhett" {rPois Will- rCorr Str+7
                  | Slay+3}
102842 | Pan      | XOM: divination: detect items
103021 | Pan      | Identified the ring of Resumed Hostilities {rF- rCorr
                  | Dex+6}
103021 | Pan      | Found the +6 sword of Cerebov {flame}
103021 | Pan      | Noticed Cerebov
103053 | Pan      | XOM: silly message
103059 | Pan      | XOM: swap monsters
103064 | Pan      | XOM: chaos upgrade
103069 | Pan      | Got a fiery rune of Zot
103073 | Pan      | XOM: noise
103092 | Pan      | Identified the talisman of death of the Trees {Fly rElec
                  | rF+ Slay-2}
103093 | Pan      | Identified the +9 dagger of an ice cave {holy, +Blink
                  | Str+4}
103095 | Pan      | Identified the +8 lajatang of Nomell {holy, Str+3}
103188 | Pan      | Identified the staff of Hyenieq {+Blink rC- Int-3 Dex+4
                  | Earth}
103189 | Pan      | Identified the +4 kite shield "Qixuok" {rF+ Regen+}
103190 | Pan      | Identified the +0 ring mail of Resonance {rCorr Str+2 Dex+4
                  | Slay-6}
103218 | Pan      | Identified the +5 quarterstaff of the Turnip {venom, rC+
                  | Str-3 Dex+5}
103302 | Pan      | XOM: scenery: summon butterflies
103303 | Pan      | XOM: summons 2 hostile shadow creatures
103461 | Pan      | XOM: fake destruction
103486 | Pan      | Killed Cerebov
103630 | Pan      | Reached skill level 14 in Stealth
103675 | Pan      | XOM: swap monsters
103735 | Depths:2 | You pass through the gate.
103735 | Depths:2 | Escaped Pandemonium
103975 | Depths:2 | XOM: god gift: wand of roots (3)
104031 | Coc:1    | Entered Level 1 of Cocytus
104045 | Coc:1    | XOM: confuse monster(s)
104154 | Coc:1    | XOM: cloud trail
104255 | Coc:2    | XOM: destruction
104258 | Coc:2    | XOM: potion effect (haste)
104350 | Coc:2    | XOM: divination: detect creatures
104393 | Coc:2    | XOM: cleaving
104412 | Coc:2    | XOM: confuse monster(s)
104414 | Coc:2    | Reached skill level 17 in Evocations
104432 | Coc:2    | XOM: cloud trail
104558 | Coc:3    | XOM: summons 2 hostile shadow creatures
104615 | Coc:3    | XOM: summons 3 friendly demons
104618 | Coc:3    | XOM: divination: detect creatures
104620 | Coc:3    | XOM: divination: detect items
104629 | Coc:3    | XOM: 5-stop teleportation journey
104631 | Coc:3    | XOM: summons 2 hostile demons
104779 | Coc:3    | Reached skill level 12 in Spellcasting
104864 | Coc:3    | XOM: summons 2 hostile demons
104911 | Coc:4    | XOM: swap monsters
104934 | Coc:4    | XOM: blink monster(s)
104952 | Coc:4    | Noticed an ancient lich
104965 | Coc:4    | XOM: destruction
104966 | Coc:4    | XOM: 2-stop teleportation journey
104997 | Coc:4    | Reached skill level 21 in Armour
105090 | Coc:4    | XOM: summons 1 hostile shadow creature
105098 | Coc:4    | Killed an ancient lich
105134 | Coc:5    | Noticed a curse skull
105134 | Coc:5    | Noticed a curse skull
105134 | Coc:5    | Noticed a curse skull
105136 | Coc:5    | Noticed a curse skull
105136 | Coc:5    | Noticed a curse skull
105137 | Coc:5    | Killed a curse skull
105137 | Coc:5    | Noticed a curse skull
105140 | Coc:5    | Noticed a curse skull
105141 | Coc:5    | XOM: chaos cloud
105142 | Coc:5    | Reached skill level 22 in Throwing
105142 | Coc:5    | Noticed a curse skull
105143 | Coc:5    | Noticed a curse skull
105144 | Coc:5    | XOM: enchant monster (bad)
105146 | Coc:5    | Killed a curse skull
105147 | Coc:5    | Killed a curse skull
105148 | Coc:5    | Killed a curse skull
105148 | Coc:5    | Killed a curse skull
105151 | Coc:5    | Killed a curse skull
105154 | Coc:5    | Killed a curse skull
105159 | Coc:5    | Killed a curse skull
105160 | Coc:5    | Killed a curse skull
105164 | Coc:5    | XOM: swap monsters
105369 | Coc:6    | XOM: noise
105409 | Coc:6    | Paralysed by a wendigo for 1 turns
105410 | Coc:6    | XOM: repel stairs
105423 | Coc:6    | Reached skill level 15 in Stealth
105480 | Coc:6    | XOM: confuse monster(s)
105501 | Coc:6    | XOM: noise
105502 | Coc:6    | XOM: summons 14 hostile demons
105695 | Coc:7    | Entered Level 7 of Cocytus
105702 | Coc:7    | XOM: summons 4 hostile demons
105811 | Coc:7    | XOM: enchant monster (bad)
105812 | Coc:7    | Paralysed by a wendigo for 1 turns
105825 | Coc:7    | XOM: enchant monster (good)
105826 | Coc:7    | XOM: cleaving
105845 | Coc:7    | Reached skill level 18 in Evocations
105910 | Coc:7    | XOM: 2-stop teleportation journey
105914 | Coc:7    | XOM: blink monster(s)
105928 | Coc:7    | Reached skill level 13 in Spellcasting
105928 | Coc:7    | XOM: noise
105944 | Coc:7    | XOM: silly message
106053 | Coc:7    | Identified the +3 kite shield of Xom's Esteem {rF- Str+6
                  | Int+5}
106075 | Coc:7    | XOM: 1-stop teleportation journey
106104 | Coc:7    | Reached skill level 23 in Throwing
106130 | Coc:7    | XOM: divination: magic mapping
106137 | Coc:7    | Identified the +1 longbow "Doomoug" {heavy, Dex+5}
106142 | Coc:7    | Identified the +8 demon trident of Dishonesty {freeze,
                  | rPois Int+5}
106144 | Coc:7    | Identified the staff "scionoferis's Peril" {rPois rC+ Dex+4
                  | Poison}
106145 | Coc:7    | Identified the +5 sling of Greed {flame, rN+ Str+4 Dex+2
                  | Stlth+}
106147 | Coc:7    | Identified the +3 arbalest "Yzyq" {antimagic, Will+ Dex+2}
106271 | Coc:7    | XOM: potion effect (brilliance)
106379 | Coc:7    | Noticed Antaeus
106386 | Coc:7    | XOM: chaos cloud
106388 | Coc:7    | XOM: swap monsters
106394 | Coc:7    | XOM: blink monster(s)
106400 | Coc:7    | XOM: blink monster(s)
106416 | Coc:7    | Killed Antaeus
106456 | Coc:7    | Got an icy rune of Zot
106668 | Coc:7    | XOM: noise
106702 | Coc:7    | XOM: noise
106823 | Coc:7    | XOM: silly message
106879 | Dis:1    | Entered Level 1 of the Iron City of Dis
106879 | Dis:1    | Noticed a caustic shrike
106879 | Dis:1    | Noticed a caustic shrike
106879 | Dis:1    | Noticed a caustic shrike
106883 | Dis:1    | Killed a caustic shrike
106883 | Dis:1    | XOM: stat loss: -1 Dex (34/35)
106884 | Dis:1    | Killed a caustic shrike
106888 | Dis:1    | Killed a caustic shrike
106991 | Dis:1    | XOM: summons 1 hostile demon
107019 | Dis:1    | XOM: stat loss: -1 Str (26/27)
107085 | Dis:1    | XOM: cast spell 'Call Canine Familiar'
107211 | Dis:1    | XOM: scenery: summon butterflies
107244 | Dis:1    | XOM: cast spell 'Summon Hydra'
107373 | Dis:2    | Reached skill level 14 in Spellcasting
107762 | Dis:3    | XOM: polymorph Brimstone Fiend -> Ice Fiend
107878 | Dis:3    | XOM: cleaving
107889 | Dis:3    | Reached skill level 24 in Throwing
108194 | Dis:3    | Noticed a caustic shrike
108194 | Dis:3    | Noticed a caustic shrike
108194 | Dis:3    | Noticed a caustic shrike
108197 | Dis:3    | XOM: summons friendly iron imp
108202 | Dis:3    | Killed a caustic shrike
108206 | Dis:3    | Killed a caustic shrike
108206 | Dis:3    | Killed a caustic shrike
108357 | Dis:4    | Noticed a caustic shrike
108357 | Dis:4    | Noticed a caustic shrike
108357 | Dis:4    | Noticed a caustic shrike
108357 | Dis:4    | Noticed a caustic shrike
108357 | Dis:4    | XOM: summons 8 friendly demons
108360 | Dis:4    | Killed a caustic shrike
108360 | Dis:4    | XOM: scenery: 3 doors open
108366 | Dis:4    | Killed a caustic shrike
108371 | Dis:4    | Killed a caustic shrike
108373 | Dis:4    | Killed a caustic shrike
108399 | Dis:4    | XOM: 12-stop teleportation journey
108545 | Dis:4    | XOM: confuse monster(s)
108586 | Dis:4    | Reached skill level 15 in Spellcasting
109229 | Dis:5    | XOM: cloud trail
109271 | Dis:6    | XOM: 1-stop teleportation journey
109442 | Dis:6    | XOM: summons 15 friendly demons
109446 | Dis:6    | XOM: summons 8 friendly demons
109510 | Dis:6    | XOM: enchant monster (good)
109530 | Dis:6    | XOM: summons friendly iron imp
109572 | Dis:6    | XOM: summons friendly white imp
109578 | Dis:6    | XOM: cast spell 'Call Canine Familiar'
109581 | Dis:6    | XOM: enchant monster (good)
109816 | Dis:6    | XOM: scenery: create altars
109821 | Dis:7    | Entered Level 7 of the Iron City of Dis
109845 | Dis:7    | Reached skill level 25 in Axes
109927 | Dis:7    | XOM: summons friendly white imp
110130 | Dis:7    | XOM: 4-stop teleportation journey
110160 | Dis:7    | Noticed an ancient lich
110163 | Dis:7    | Noticed a caustic shrike
110170 | Dis:7    | XOM: potion effect (invisibility)
110367 | Dis:7    | XOM: 1-stop teleportation journey
110380 | Dis:7    | XOM: chaos cloud
110545 | Dis:7    | Reached skill level 25 in Fighting
110570 | Dis:7    | XOM: noise
110575 | Dis:7    | Noticed a caustic shrike
110575 | Dis:7    | XOM: silly message
110580 | Dis:7    | XOM: stat loss: -1 Int (14/15)
110582 | Dis:7    | Killed a caustic shrike
110591 | Dis:7    | Reached skill level 25 in Dodging
110596 | Dis:7    | XOM: polymorph iron giant -> great orb of eyes
110777 | Dis:7    | XOM: stat loss: -1 Int (14/15)
110835 | Dis:7    | Noticed a caustic shrike
110842 | Dis:7    | XOM: blink monster(s)
110843 | Dis:7    | Noticed a caustic shrike
110844 | Dis:7    | XOM: summons 14 hostile demons
110849 | Dis:7    | Killed a caustic shrike
110855 | Dis:7    | Killed a caustic shrike
110915 | Dis:7    | XOM: summons friendly crimson imp
110921 | Dis:7    | Killed a caustic shrike
110932 | Dis:7    | HP: 65/292 [iron golem (23)]
111069 | Dis:7    | XOM: divination: magic mapping
111251 | Dis:7    | XOM: god gift: scroll of blinking
111367 | Dis:7    | Noticed a juggernaut
111374 | Dis:7    | XOM: noise
111377 | Dis:7    | XOM: 5-stop teleportation journey
111426 | Dis:7    | XOM: summons 8 hostile demons
111543 | Dis:7    | XOM: stat loss: -1 Int (14/15)
111812 | Dis:7    | XOM: summons 1 hostile demon
111903 | Dis:7    | Killed a juggernaut
111982 | Dis:7    | XOM: 1-stop teleportation journey
112009 | Dis:7    | XOM: silly message
112019 | Dis:7    | XOM: polymorph iron giant -> frost giant
112082 | Dis:7    | XOM: 1-stop teleportation journey
112241 | Dis:7    | XOM: chaos cloud
112301 | Dis:7    | Killed an ancient lich
112328 | Dis:7    | Noticed a caustic shrike
112336 | Dis:7    | Noticed a juggernaut
112354 | Dis:7    | Killed a juggernaut
112356 | Dis:7    | Killed a caustic shrike
112408 | Dis:7    | Identified the +1 falchion "Hylakh" {heavy, Will+ Dex+2}
112420 | Dis:7    | Noticed a caustic shrike
112423 | Dis:7    | XOM: enchant monster (bad)
112426 | Dis:7    | Killed a caustic shrike
112698 | Dis:7    | XOM: silly message
112703 | Dis:7    | Identified the amulet of Springtime {RegenMP *Slow rC+
                  | Str+9 Dex+4}
112769 | Dis:7    | Noticed a juggernaut
112770 | Dis:7    | Noticed Dispater
112777 | Dis:7    | XOM: confuse monster(s)
112793 | Dis:7    | XOM: fog
112794 | Dis:7    | XOM: polymorph Dispater -> Dispater
112795 | Dis:7    | XOM: chaos cloud
112800 | Dis:7    | XOM: cast spell 'Alistair's Intoxication'
112817 | Dis:7    | Killed Dispater
112825 | Dis:7    | Killed a juggernaut
113014 | Dis:7    | XOM: scenery: create altars
113069 | Dis:7    | Reached skill level 26 in Axes
113078 | Dis:7    | Got an iron rune of Zot
113095 | Dis:7    | Identified the staff of Gicwyiri {rF+ Earth}
113129 | Dis:7    | XOM: scenery: create altars
113224 | Dis:7    | XOM: scenery: create altars
113327 | Dis:7    | XOM: stat loss: -1 Dex (34/35)
113328 | Dis:7    | XOM: god gift: +1 barding of cold resistance
113373 | Dis:7    | XOM: 2-stop teleportation journey
113718 | Geh:1    | Entered Level 1 of Gehenna
113795 | Geh:1    | XOM: noise
113806 | Geh:1    | XOM: swap monsters
114177 | Geh:2    | Noticed a dread lich
114188 | Geh:2    | Killed a dread lich
114311 | Geh:2    | XOM: 2-stop teleportation journey
114340 | Geh:2    | XOM: god gift: 14 gold pieces
114348 | Geh:2    | XOM: silly message
114414 | Geh:2    | XOM: silly message
114419 | Geh:2    | XOM: potion effect (haste)
114480 | Geh:3    | XOM: fake destruction
114680 | Geh:4    | XOM: fog
114684 | Geh:4    | Reached skill level 16 in Stealth
114790 | Geh:4    | Noticed a dread lich
114790 | Geh:4    | XOM: summons 9 friendly demons
114795 | Geh:4    | XOM: divination: detect items
114806 | Geh:4    | XOM: scenery: create altars
114810 | Geh:4    | Killed a dread lich
114823 | Geh:4    | XOM: enchant monster (bad)
114827 | Geh:4    | Reached skill level 26 in Fighting
115039 | Geh:5    | XOM: smoke on damage
115194 | Geh:5    | Reached skill level 26 in Dodging
115254 | Geh:5    | Noticed a dread lich
115256 | Geh:5    | Noticed a dread lich
115257 | Geh:5    | Noticed a dread lich
115258 | Geh:5    | Noticed an ancient lich
115259 | Geh:5    | XOM: divination: detect items
115262 | Geh:5    | Noticed a dread lich
115265 | Geh:5    | XOM: divination: detect creatures
115270 | Geh:5    | Noticed an ancient lich
115276 | Geh:5    | XOM: divination: detect items
115280 | Geh:5    | Killed a dread lich
115281 | Geh:5    | Killed a dread lich
115282 | Geh:5    | Reached skill level 25 in Throwing
115282 | Geh:5    | XOM: cleaving
115286 | Geh:5    | Noticed an ancient lich
115287 | Geh:5    | Killed an ancient lich
115288 | Geh:5    | XOM: destruction
115293 | Geh:5    | XOM: cleaving
115294 | Geh:5    | Killed a dread lich
115294 | Geh:5    | Killed a dread lich
115300 | Geh:5    | Killed an ancient lich
115302 | Geh:5    | XOM: silly message
115305 | Geh:5    | Killed an ancient lich
115502 | Geh:6    | Noticed a dread lich
115507 | Geh:6    | Reached skill level 17 in Stealth
115511 | Geh:6    | Killed a dread lich
115527 | Geh:6    | XOM: enchant monster (bad)
115739 | Geh:7    | Entered Level 7 of Gehenna
115809 | Geh:7    | XOM: chaos upgrade
115981 | Geh:7    | XOM: summons 7 hostile demons
116076 | Geh:7    | XOM: enchant monster (good)
116223 | Geh:7    | XOM: scenery: summon butterflies
116283 | Geh:7    | XOM: god gift: 6 boomerangs
116346 | Geh:7    | XOM: swap monsters
116388 | Geh:7    | XOM: cleaving
116526 | Geh:7    | Reached skill level 1 in Transmutations
116548 | Geh:7    | Noticed the Serpent of Hell
116567 | Geh:7    | Killed the Serpent of Hell
116814 | Geh:7    | XOM: cast spell 'Summon Ice Beast'
116818 | Geh:7    | Reached skill level 2 in Transmutations
116824 | Geh:7    | Found the +13 sceptre of Asmodeus
116824 | Geh:7    | Noticed Asmodeus
116833 | Geh:7    | XOM: cast spell 'Summon Hydra'
116843 | Geh:7    | Killed Asmodeus
116864 | Geh:7    | Got an obsidian rune of Zot
116923 | Geh:7    | XOM: enchant monster (good)
116927 | Geh:7    | Reached skill level 26 in Throwing
117026 | Hell     | XOM: divination: magic mapping
117028 | Hell     | Upgraded the game from 0.31-a0-960-g0fca184906 to
                  | 0.31-a0-963-ga325b2283a
117139 | D:15     | XOM: god gift: ring mail {god gift}
117283 | Crypt:1  | XOM: divination: magic mapping
117362 | Tomb:1   | Noticed a royal mummy
117362 | Tomb:1   | Noticed a royal mummy
117362 | Tomb:1   | XOM: 5-stop teleportation journey
117654 | Tomb:2   | Noticed a royal mummy
117660 | Tomb:2   | XOM: enchant monster (good)
117663 | Tomb:2   | Killed a royal mummy
117688 | Tomb:2   | Reached skill level 1 in Earth Magic
117691 | Tomb:2   | Noticed a royal mummy
117702 | Tomb:2   | Killed a royal mummy
117718 | Tomb:2   | Noticed a royal mummy
117730 | Tomb:2   | Noticed a royal mummy
117730 | Tomb:2   | Noticed a royal mummy
117730 | Tomb:2   | XOM: 4-stop teleportation journey
117739 | Tomb:2   | Reached skill level 3 in Transmutations
117747 | Tomb:2   | Killed a royal mummy
117750 | Tomb:2   | XOM: scenery: summon butterflies
117755 | Tomb:2   | Killed a royal mummy
117758 | Tomb:2   | Reached skill level 2 in Earth Magic
117758 | Tomb:2   | Killed a royal mummy
117883 | Tomb:2   | XOM: potion effect (might)
117884 | Tomb:2   | Reached skill level 18 in Stealth
117989 | Tomb:2   | Reached skill level 3 in Earth Magic
118103 | Tomb:1   | Noticed a royal mummy
118103 | Tomb:1   | Noticed a royal mummy
118104 | Tomb:1   | Noticed a royal mummy
118112 | Tomb:1   | Killed a royal mummy
118114 | Tomb:1   | Killed a royal mummy
118121 | Tomb:1   | Noticed a royal mummy
118122 | Tomb:1   | Killed a royal mummy
118127 | Tomb:1   | Killed a royal mummy
118132 | Tomb:1   | Noticed a royal mummy
118132 | Tomb:1   | Noticed a royal mummy
118134 | Tomb:1   | XOM: destruction
118141 | Tomb:1   | XOM: fog
118142 | Tomb:1   | XOM: summons 5 friendly demons
118144 | Tomb:1   | Killed a royal mummy
118145 | Tomb:1   | Killed a royal mummy
118171 | Tomb:1   | XOM: god gift: tin of tremorstones (2/2)
118221 | Tomb:1   | Noticed a royal mummy
118227 | Tomb:1   | XOM: potion effect (attraction)
118228 | Tomb:1   | Killed a royal mummy
118239 | Tomb:1   | Noticed a royal mummy
118247 | Tomb:1   | Killed a royal mummy
118279 | Tomb:1   | Killed a royal mummy
118280 | Tomb:1   | Reached skill level 21 in Ranged Weapons
118283 | Tomb:1   | Noticed a royal mummy
118292 | Tomb:1   | Killed a royal mummy
118374 | Tomb:1   | Killed a royal mummy
118376 | Tomb:1   | Noticed a royal mummy
118394 | Tomb:1   | Killed a royal mummy
118463 | Tomb:1   | Noticed a royal mummy
118475 | Tomb:1   | Killed a royal mummy
118500 | Tomb:1   | Noticed a royal mummy
118509 | Tomb:1   | Killed a royal mummy
118527 | Tomb:1   | Noticed a royal mummy
118529 | Tomb:1   | Noticed a royal mummy
118529 | Tomb:1   | Noticed a royal mummy
118535 | Tomb:1   | Killed a royal mummy
118540 | Tomb:1   | Killed a royal mummy
118547 | Tomb:1   | Killed a royal mummy
118585 | Tomb:2   | Identified the +1 robe of Afaisa Kinash {-Tele Fly rC+ rN+}
118589 | Tomb:2   | XOM: noise
118591 | Tomb:2   | XOM: silly message
118613 | Tomb:2   | XOM: swap monsters
118815 | Tomb:3   | Entered Level 3 of the Tomb of the Ancients
118815 | Tomb:3   | Noticed Boris
118828 | Tomb:3   | Killed Boris
118847 | Tomb:3   | Reached skill level 16 in Translocations
118851 | Tomb:3   | Reached skill level 16 in Spellcasting
118862 | Tomb:3   | XOM: blink monster(s)
118891 | Tomb:3   | Noticed a royal mummy
118892 | Tomb:3   | Noticed a royal mummy
118894 | Tomb:3   | Killed a royal mummy
118899 | Tomb:3   | XOM: noise
118906 | Tomb:3   | Noticed a royal mummy
118906 | Tomb:3   | Killed a royal mummy
118908 | Tomb:3   | Noticed a royal mummy
118910 | Tomb:3   | Noticed a royal mummy
118918 | Tomb:3   | Killed a royal mummy
118921 | Tomb:3   | Killed a royal mummy
118921 | Tomb:3   | Noticed a royal mummy
118924 | Tomb:3   | Noticed a royal mummy
118926 | Tomb:3   | Killed a royal mummy
118927 | Tomb:3   | Reached skill level 22 in Ranged Weapons
118927 | Tomb:3   | Noticed a royal mummy
118927 | Tomb:3   | XOM: 2-stop teleportation journey
118940 | Tomb:3   | XOM: polymorph emperor scorpion -> azure jelly
118943 | Tomb:3   | XOM: blink monster(s)
118948 | Tomb:3   | Noticed a royal mummy
118949 | Tomb:3   | Killed a royal mummy
118958 | Tomb:3   | Killed a royal mummy
119074 | Tomb:3   | Killed a royal mummy
119121 | Tomb:3   | XOM: stat loss: -1 Int (14/15)
119244 | Tomb:3   | Killed a royal mummy
119375 | Tomb:3   | Got a golden rune of Zot
119402 | Tomb:3   | XOM: chaos cloud
119410 | Tomb:3   | Found the +0 pair of fencer's gloves {Riposte Dex+3}
119415 | Tomb:3   | Found the amulet of the Air {Inacc Air Fly rElec RMsl}
119487 | Tomb:3   | Identified the ring of Zin's Favour {Drain Will- Int+6
                  | Dex+6 Stlth+}
119528 | Tomb:3   | Identified the +7 long sword "Dragon's Doom" {venom, rPois}
119624 | Tomb:3   | Identified the +0 orcbow "Grim Tooth" {freeze, *Slow rElec
                  | rCorr}
120388 | Tar:1    | Entered Level 1 of Tartarus
120456 | Tar:1    | XOM: 1-stop teleportation journey
120903 | Tar:2    | You are sucked into a shaft and drop 2 floors!
120942 | Tar:4    | XOM: polymorph doom hound -> hellephant
120950 | Tar:4    | XOM: swap monsters
120952 | Tar:4    | XOM: enchant monster (bad)
120955 | Tar:4    | XOM: stat loss: -1 Int (14/15)
120979 | Tar:4    | XOM: enchant monster (good)
121398 | Tar:5    | XOM: 1-stop teleportation journey
121406 | Tar:5    | XOM: silly message
121417 | Tar:5    | Reached skill level 17 in Translocations
121448 | Tar:5    | Reached skill level 23 in Ranged Weapons
121531 | Tar:5    | XOM: god gift: scroll of brand weapon
121638 | Tar:6    | XOM: fake destruction
121641 | Tar:6    | XOM: cleaving
121681 | Tar:6    | XOM: 1-stop teleportation journey
121690 | Tar:6    | XOM: stat loss: -1 Int (14/15)
121838 | Tar:6    | XOM: summons 4 hostile shadow creatures
121872 | Tar:7    | Entered Level 7 of Tartarus
121977 | Tar:7    | Reached skill level 17 in Spellcasting
122184 | Tar:7    | XOM: scenery: 2 doors open, 2 doors close
122283 | Tar:7    | XOM: scenery: 4 doors open, 2 doors close
122287 | Tar:7    | XOM: summons friendly ufetubus
122319 | Tar:7    | XOM: scenery: 2 doors open
122380 | Tar:7    | Noticed a dread lich
122381 | Tar:7    | Paralysed by a dread lich for 3 turns
122382 | Tar:7    | Noticed an ancient lich
122388 | Tar:7    | Killed a dread lich
122396 | Tar:7    | Killed an ancient lich
122406 | Tar:7    | Identified the +7 mace "Elegrot" {drain, Int+3 Dex+3 SInv}
122445 | Tar:7    | Identified the staff "Fish" {*Slow rPois rF+++ rN+ Int+2
                  | Necro}
122455 | Tar:7    | XOM: scenery: 4 doors close
122465 | Tar:7    | XOM: smoke on damage
122601 | Tar:7    | Identified the dragon-blood talisman of the Gusle {Str+3}
122636 | Tar:7    | XOM: god gift: javelin
122719 | Tar:7    | Found the sphere of Battle
122720 | Tar:7    | Noticed an ancient lich
122723 | Tar:7    | Noticed an ancient lich
122727 | Tar:7    | Killed an ancient lich
122730 | Tar:7    | Killed an ancient lich
122736 | Tar:7    | Identified the +7 hand axe of the End of Times {heavy, Fly
                  | rN++ Str-3 Int-2}
122768 | Tar:7    | XOM: god gift: staff of fire
122780 | Tar:7    | Reached skill level 24 in Ranged Weapons
122865 | Tar:7    | XOM: scenery: 4 doors close
122884 | Tar:7    | XOM: god gift: potion of haste
123074 | Tar:7    | XOM: summons friendly white imp
123097 | Tar:7    | Reached skill level 18 in Translocations
123178 | Tar:7    | XOM: noise
123215 | Tar:7    | XOM: god gift: sling {god gift}
123323 | Tar:7    | XOM: polymorph Tzitzimitl -> Hell Sentinel
123443 | Tar:7    | XOM: god gift: 45 gold pieces
123449 | Tar:7    | XOM: 1-stop teleportation journey
123463 | Tar:7    | XOM: summons 14 hostile demons
123494 | Tar:7    | Noticed Ereshkigal
123497 | Tar:7    | XOM: silly message
123499 | Tar:7    | XOM: summons 1 hostile demon
123511 | Tar:7    | Killed Ereshkigal
123512 | Tar:7    | XOM: polymorph Hell Sentinel -> Brimstone Fiend
123534 | Tar:7    | XOM: summons 1 hostile demon
123574 | Tar:7    | XOM: polymorph Tzitzimitl -> Tzitzimitl
123575 | Tar:7    | XOM: chaos cloud
123872 | Tar:7    | Got a bone rune of Zot
124123 | Zot:3    | XOM is BORED!
124123 | Zot:3    | XOM: summons 7 hostile demons
124244 | Zot:5    | Got the Orb of Zot
124294 | Zot:4    | Noticed Vonaxarph the pandemonium lord
124326 | Zot:3    | Noticed Puserch the pandemonium lord
124547 | D:15     | XOM: god gift: 49 gold pieces
124614 | D:10     | Noticed Zietyc Disamp the pandemonium lord
124615 | D:10     | XOM: fog
124621 | D:10     | Killed Zietyc Disamp the pandemonium lord
124683 | D:7      | Noticed Zaqup the pandemonium lord
124706 | D:6      | Noticed Enkiathratt the pandemonium lord
124710 | D:6      | XOM: polymorph Enkiathratt -> Enkiathratt
124712 | D:6      | XOM: scenery: summon butterflies
124714 | D:6      | XOM: polymorph Enkiathratt -> Enkiathratt
124716 | D:6      | XOM: scenery: create altars
124719 | D:6      | XOM: cleaving
124813 | D:$      | Escaped with the Orb!

Vanquished Creatures
  Cerebov (Pan)
  Antaeus (Coc:7)
  Asmodeus (Geh:7)
  Ereshkigal (Tar:7)
  the Royal Jelly (Slime:5)
  Lom Lobon (Pan)
  the Serpent of Hell (Geh:7)
  Mnoleg (Pan)
  Dispater (Dis:7)
  Tiamat (Zot:3)
  6 orbs of fire (Zot:5 Zot:4)
  11 dread liches (Crypt:2 Zot:5 Geh:2 Geh:4 Geh:5)
  9 ancient liches (Abyss:4 Coc:4 Dis:7 Geh:5 Tar:7)
  3 juggernauts (Dis:7)
  32 royal mummies (Tomb:1 Tomb:2 Tomb:3)
  Sojobo (Vaults:4)
  Boris (Tomb:3)
  Vv (Depths:4)
  7 Killer Klowns (Zot:5)
  Parghit (Zot:2)
  17 shard shrikes (Coc:2 Coc:3 Coc:6 Coc:7)
  4 curse toes (Zot:2 Zot:4 Zot:5)
  15 caustic shrikes (Dis:1 Dis:3 Dis:4 Dis:7)
  10 pandemonium lords (Pan D:10)
  Saint Roka (Depths:4)
  Geryon (Hell)
  8 profane servitors (Abyss:4 Tar:1 Tar:4 Tar:5 Tar:6)
  30 bone dragons (Abyss:2 Depths:4 Abyss:4 Tar:7)
  14 golden dragons (Depths:3 Depths:4 Vaults:5 Zot:1 Zot:3)
  the Enchantress (Depths:1)
  16 Tzitzimimeh (Pan Dis:3 Tar:7)
  2 pearl dragons (Crypt:1 Abyss:4)
  3 electric golems (Zot:1 Zot:5)
  15 doom hounds (Tar:2 Tar:4 Tar:6 Tar:7)
  14 Brimstone Fiends (Pan Geh:5 Geh:6 Geh:7 Tar:7)
  Arachne (Spider:2)
  8 hellephants (Abyss:4 Abyss:5 Geh:3 Geh:6 Tar:4)
  21 iron giants (Dis:1 Dis:2 Dis:3 Dis:4 Dis:5)
  2 spectral shard shrikes (Tar:5 Tar:7)
  A walking crystal tome (Depths:4)
  25 tentacled monstrosities (Vaults:5 Zot:1 Zot:2 Zot:3 Zot:4)
  20 tainted leviathans (Hell Tar:2 Tar:4 Tar:5 Tar:6)
  23 Hell Sentinels (Abyss:4 Dis:3 Dis:4 Dis:5 Dis:7)
  24 Orb Guardians (Zot:5 Depths:2)
  14 liches (Depths:1 Abyss:2 Depths:3 Vaults:5 Tomb:1)
  33 Ice Fiends (Pan Coc:3 Coc:4 Coc:6 Coc:7)
  3 walking earthen tomes (Depths:3 Abyss:4)
  A deep elf blademaster (Elf:3)
  3 walking divine tomes (Depths:3)
  15 titans (Depths:2 Vaults:5 Zot:4 Pan Coc:3)
  16 acid blobs (Lair:4 Slime:1 Slime:2 Slime:4 Slime:5)
  2 deep elf master archers (Elf:3)
  19 searing wretches (Hell Depths:3 Geh:2 Geh:3 Geh:4)
  50 ancient champions (Crypt:1 Crypt:2 Crypt:3 Tomb:1 Dis:1)
  19 quicksilver dragons (Depths:2 Depths:3 Depths:4 Vaults:5 Zot:1)
  50 tentacled starspawn (Abyss:2 Abyss:4 Abyss:5)
  A walking frostbound tome (Depths:3)
  25 Executioners (Abyss:4 Abyss:5 Pan D:15)
  2 krakens (Shoals:2)
  Gastronok (D:12)
  14 sphinxes (Vaults:2 Vaults:4 Depths:3 Vaults:5 Tomb:1)
  Polyphemus (Shoals:2)
  16 death cobs (Zot:1 Zot:2 Zot:3 Zot:4 Zot:5)
  10 shadow dragons (Depths:2 Depths:4 Vaults:5 Zot:1 Zot:2)
  26 storm dragons (Depths:3 Depths:4 Vaults:5 Zot:1 Zot:2)
  An eldritch tentacle (Pan)
  The ghost of Droidtality99 the Executioner, an adept HOFi of Okawaru (Spider:1)
  7 draconian monks (Zot:1 Zot:3 Zot:4 Abyss:4)
  Agnes (Spider:1)
  2 revenants (Tomb:1 Abyss:4)
  10 tengu reavers (Vaults:2 Vaults:3 Vaults:4 Depths:2 Depths:4)
  Kirke (D:12)
  Roxanne (Shoals:2)
  10 rockslimes (Lair:4 Slime:2 Slime:5)
  11 azure jellies (Slime:2 Slime:4 Slime:5)
  7 draconian knights (Depths:4 Zot:3 Zot:4)
  23 fire giants (Depths:1 Depths:2 Depths:3 Depths:4 Vaults:5)
  11 quicksilver elementals (Dis:1 Dis:2 Dis:3 Dis:7)
  4 demonspawn warmongers (Pan)
  43 balrugs (Abyss:4 Depths:3 Pan Geh:1 Geh:2)
  9 narguns (Coc:3 Coc:4 Coc:5 Coc:6 Coc:7)
  9 ghost moths (Lair:5 Spider:2 Spider:3 Spider:4 Spider:1)
  4 daevas (Abyss:4)
  7 emperor scorpions (Spider:3 Spider:4 Spider:1 Zot:5)
  18 frost giants (Vaults:1 Depths:1 Depths:3 Depths:4 Vaults:5)
  22 iron dragons (Depths:3 Depths:4 Vaults:5 Hell Dis:1)
  A spectral juggernaut (Tar:7)
  5 draconian scorchers (Zot:1 Zot:2 Zot:3)
  3 spectral caustic shrikes (Tar:5 Tar:7)
  Louise (Elf:1)
  5 draconian shifters (Zot:1 Zot:2 Zot:3 Zot:4 Zot:5)
  8 draconian stormcallers (Depths:4 Zot:3 Zot:4 Zot:5)
  11 deep elf sorcerers (Elf:3 Vaults:5 Abyss:4)
  11 curse skulls (Crypt:2 Pan Coc:5)
  7 deep elf elementalists (Elf:3 Abyss:4)
  9 shard shrike simulacra (Coc:4 Coc:5 Coc:6 Coc:7)
  A juggernaut zombie (Geh:4)
  19 vault wardens (Vaults:1 Vaults:2 Vaults:3 Vaults:4 Vaults:5)
  A caustic shrike skeleton (Hell)
  4 spriggan defenders (Depths:1 Depths:3)
  23 cacodemons (Abyss:4 Depths:3 Abyss:5 Pan)
  18 ironbound preservers (Vaults:1 Vaults:2 Vaults:3 Vaults:4 Vaults:5)
  2 orc warlords (Vaults:3)
  5 ghouls (Crypt:1 Crypt:3)
  31 war gargoyles (Vaults:3 Vaults:4 Vaults:5 Hell Dis:1)
  An angel (Abyss:5)
  17 reapers (Abyss:4 Hell Depths:3 Pan Geh:4)
  25 vampire knights (Crypt:1 Crypt:2 Crypt:3 Depths:3 Depths:4)
  5 demonspawn corrupters (Pan)
  16 quicksilver oozes (Elf:3 Slime:2 Slime:4 Slime:3 Slime:5)
  A juggernaut skeleton (Geh:4)
  34 very ugly things (Vaults:1 Depths:3 Abyss:4 Pan)
  7 demonspawn blood saints (Pan)
  9 formless jellyfish (Vaults:1 Vaults:2 Slime:4 Slime:3 Slime:5)
  10 bennus (Tomb:1 Tomb:3)
  2 broodmothers (Spider:1 Spider:2)
  15 stone giants (Depths:1 Depths:2 Depths:3 Depths:4 Vaults:5)
  32 elemental wellsprings (Coc:1 Coc:2 Coc:3 Coc:4 Coc:5)
  11 draconian annihilators (Zot:1 Zot:3 Zot:4 Pan)
  8 ironbound thunderhulks (Vaults:1 Vaults:2 Vaults:3 Vaults:4)
  12 black draconians (Depths:4 Zot:1 Zot:2 Zot:3 Zot:4)
  Nessos (D:13)
  11 putrid mouths (Hell Tar:2 Tar:4)
  14 lorocyprocas (Abyss:4 Hell Pan)
  9 deep elf demonologists (Elf:3 Vaults:5 Abyss:4)
  24 purple draconians (Depths:4 Zot:1 Zot:2 Zot:3 Zot:4)
  10 green draconians (Zot:1 Zot:2 Zot:3 Zot:4 Zot:5)
  6 deep elf annihilators (Elf:3 Vaults:5 Pan)
  7 demonspawn black suns (Pan)
  13 white draconians (Depths:4 Zot:1 Zot:3 Zot:4 Abyss:4)
  A bunyip (Slime:5)
  7 yellow draconians (Depths:4 Zot:1 Zot:3 Zot:4 Abyss:4)
  Azrael (Elf:2)
  15 red draconians (Depths:4 Zot:1 Zot:2 Zot:3 Zot:4)
  12 wendigos (Coc:1 Coc:2 Coc:6 Coc:7)
  107 starcursed masses (Abyss:2 Abyss:4 Abyss:5)
  9 spark wasps (Spider:1 Spider:3 Depths:2 Depths:3)
  2 spectral titans (Tar:1 Tar:4)
  22 blizzard demons (Abyss:4 Hell Pan)
  23 iron golems (Dis:1 Dis:2 Dis:3 Dis:4 Dis:5)
  An ettin (shapeshifter) (Depths:3)
  4 deep elf death magi (Elf:1 Elf:3 Crypt:2)
  9 dire elephants (D:15 Vaults:2 Vaults:3 Vaults:4)
  4 merfolk javelineers (Shoals:3 Shoals:4)
  22 eidola (Crypt:1 Abyss:4 Tar:2 Tar:4 Tar:5)
  19 green deaths (Pan)
  A spectral elf (Tar:1)
  A spectral iron giant (Tar:7)
  11 ettins (Depths:1 Depths:2 Depths:3 Depths:4 Vaults:5)
  A spectral quicksilver dragon (Tar:4)
  9 fire dragons (D:13 Shoals:3 Depths:1 Depths:2 Depths:3)
  A quicksilver dragon zombie (Crypt:3)
  11 entropy weavers (Spider:1 Spider:4 Vaults:2 Vaults:4 Vaults:5)
  10 merfolk impalers (Shoals:1 Shoals:3 Shoals:4)
  20 yaktaur captains (Vaults:2 Vaults:3 Vaults:4 Vaults:5)
  17 mummy priests (Tomb:1 Tomb:2 Tomb:3)
  18 jiangshi (Crypt:1 Crypt:2 Crypt:3)
  6 jorogumos (Spider:1 Spider:3 Spider:4)
  A spectral golden dragon (Tar:6)
  9 deep elf high priests (Elf:3 Depths:4 Vaults:5)
  4 hell beasts (Abyss:2 Pan)
  2 catoblepae (Shoals:2 Zot:3)
  13 great orbs of eyes (Vaults:1 Vaults:3 Slime:3 Slime:5 Abyss:4)
  14 ice dragons (Shoals:4 Depths:1 Depths:2 Depths:3 Depths:4)
  3 spriggan air magi (Depths:1 Depths:2 Depths:3)
  11 caustic shrike simulacra (Coc:2 Coc:3 Coc:6 Coc:7)
  5 hydras (Lair:2 Lair:3 Lair:5 D:15)
  4 juggernaut simulacra (Pan Coc:5 Coc:7)
  5 spriggan zombies (Crypt:1 Crypt:3 Abyss:4)
  Erolcha (D:12)
  14 salamander tyrants (Geh:1 Geh:2 Geh:4 Geh:7)
  34 vault guards (Vaults:1 Vaults:2 Vaults:5)
  26 centaur warriors (D:12 D:13 D:15 Shoals:1 Vaults:1)
  4 spriggan skeletons (Crypt:3 Hell Pan)
  15 rakshasas (Abyss:2 Depths:2 Abyss:4 Abyss:5 Pan)
  An alligator (Abyss:4)
  8 merfolk aquamancers (Shoals:3 Shoals:4)
  3 merfolk avatars (Shoals:1 Shoals:2 Shoals:3)
  2 peacekeepers (Vaults:3 Vaults:4)
  5 alligator snapping turtles (Shoals:2 Shoals:3 Pan)
  5 ironbound frosthearts (Vaults:1 Vaults:2 Vaults:3 Vaults:4)
  2 fenstrider witch skeletons (Hell Pan)
  2 radroaches (Spider:1)
  14 stokers (Hell Geh:1 Geh:2 Geh:5 Geh:6)
  5 two-headed ogres (D:8 D:9 D:11 D:12 Orc:1)
  3 death knights (Crypt:1 Abyss:4)
  6 satyrs (Shoals:1 Shoals:2 Shoals:3 Shoals:4)
  13 boulder beetles (D:9 D:11 Lair:3 D:13 Spider:1)
  5 death yaks (Lair:3 Shoals:2)
  3 deep troll shamans (Depths:1 Depths:2 Depths:3)
  47 demonic crawlers (Spider:1 Spider:3 Spider:4 Abyss:4 Hell)
  40 dancing weapons (Elf:1 Elf:2 Elf:3 Vaults:3 Abyss:4)
  116 death scarabs (Crypt:1 Tomb:1 Tomb:2 Tomb:3)
  A naga warrior (Abyss:2)
  3 orc high priests (Orc:2)
  13 vampire magi (Crypt:1 Crypt:2 Crypt:3 Depths:4 Abyss:4)
  A death yak (shapeshifter) (Vaults:5)
  12 deep troll earth magi (Depths:1 Depths:3 Depths:4)
  3 occultists (Depths:2 Pan)
  4 spriggan berserkers (Depths:1 Depths:2 Depths:3 Depths:4)
  76 thrashing horrors (Abyss:2 Abyss:4)
  A spectral storm dragon (Tar:1)
  52 hell hogs (Spider:4 Abyss:4 Hell Geh:1 Geh:2)
  A spectral dire elephant (Tar:7)
  8 hell knights (Depths:2 Depths:1 Depths:3 Abyss:4)
  3 shock serpents (Pan)
  90 sun demons (Abyss:4 Depths:3 Hell Pan)
  54 soul eaters (Crypt:2 Abyss:4 Depths:3 Hell Pan)
  12 deep elf knights (Elf:1 Elf:2 Vaults:5)
  A storm dragon zombie (Crypt:3)
  41 wretched stars (Abyss:2 Abyss:4 Abyss:5)
  A skyshark (shapeshifter) (Vaults:5)
  6 crystal echidnas (Dis:2 Dis:4 Dis:7)
  11 iron trolls (Depths:1 Depths:2 Depths:3 Dis:6)
  A golden dragon zombie (Crypt:2)
  7 quicksilver dragon simulacra (Coc:3 Coc:4 Coc:5 Coc:6 Coc:7)
  5 sun moths (Spider:3 Spider:4)
  3 pharaoh ants (Lair:3 Spider:3 Spider:4)
  3 skysharks (Lair:4 Shoals:1 Shoals:2)
  35 sixfirhies (Abyss:4 Depths:3 Abyss:5 Pan)
  53 skeletal warriors (D:14 D:15 Crypt:1 Crypt:2 Crypt:3)
  A fire crab (shapeshifter) (Abyss:4)
  30 shadow wraiths (Crypt:2 Abyss:2 Abyss:4 Abyss:5 Pan)
  2 storm dragon skeletons (Crypt:2)
  A bunyip zombie (Crypt:1)
  A spark wasp zombie (Crypt:3)
  A deep troll (shapeshifter) (Vaults:5)
  4 cherubim (Shoals:3 Shoals:4)
  A goliath frog (Slime:4)
  9 sea snakes (Lair:3 Shoals:1 Shoals:2 Shoals:3 Shoals:4)
  3 death drakes (Abyss:4)
  52 deep trolls (Vaults:1 Vaults:2 Vaults:4 Depths:1 Depths:2)
  15 spatial maelstroms (Abyss:4)
  7 flayed ghosts (D:14 Crypt:2 Depths:2 Abyss:4 Geh:4)
  2 arcanists (Vaults:3 Pan)
  A glowing orange brain (shapeshifter) (Vaults:5)
  2 anaconda zombies (Abyss:4)
  11 glowing orange brains (Depths:4 Abyss:4)
  8 shadow demons (Abyss:4 Pan)
  20 ironbound convokers (Vaults:1 Vaults:2 Vaults:3 Vaults:4 Vaults:5)
  A swamp dragon (shapeshifter) (Abyss:4)
  2 bog bodies (Crypt:3)
  19 necromancers (IceCv Elf:1 Vaults:3 Vaults:4 Crypt:1)
  A golden dragon skeleton (Abyss:4)
  5 steelbarb worms (Spider:1 Spider:2 Spider:3)
  An anaconda skeleton (Pan)
  2 bunyip skeletons (Hell Pan)
  12 deep elf archers (Elf:1 Elf:2 Elf:3 Vaults:5)
  20 harpies (Shoals:1 Lair:3 Shoals:2 Shoals:4 Vaults:2)
  13 orb spiders (Spider:1 Spider:2 Spider:3 Spider:4)
  Pikel (D:6)
  A fenstrider witch simulacrum (Hell)
  17 orc knights (Bailey Orc:2 D:15 Vaults:3 Vaults:5)
  24 deep elf pyromancers (D:9 D:13 Elf:1 Elf:2 Elf:3)
  29 phantasmal warriors (Vaults:1 Vaults:2 Vaults:3 Crypt:1 Crypt:2)
  A harpy (shapeshifter) (Depths:3)
  7 lindwurms (Lair:3 Vaults:1 Vaults:2)
  9 deep elf zephyrmancers (Elf:1 Elf:2 Elf:3 Vaults:5)
  2 spectral ettins (Tar:1 Tar:4)
  2 tengu zombies (Vaults:3 Crypt:1)
  A goliath frog skeleton (Crypt:1)
  A shining eye (shapeshifter) (Abyss:4)
  6 orc sorcerers (Orc:2 Abyss:4)
  5 shining eyes (Slime:1 Slime:2 Slime:5)
  3 mana vipers (Lair:1 Lair:3 Abyss:4)
  15 manticores (D:12 D:13 D:14 D:15 Shoals:1)
  3 fire giant zombies (Geh:4)
  An oklob plant (Lair:3)
  A salamander (D:15)
  23 wolf spiders (Spider:1 Spider:2 Spider:3 Spider:4)
  6 will-o-the-wisps (Abyss:4)
  2 stone giant zombies (Vaults:3 Crypt:3)
  A draconian skeleton (Pan)
  11 cyclopes (D:8 D:9 D:12 D:13 Shoals:2)
  164 large abominations (Elf:1 Abyss:2 Abyss:4 Abyss:5 Pan)
  A salamander (shapeshifter) (Zot:1)
  36 moths of wrath (Spider:2 Spider:3 Spider:4 Spider:1 Zot:1)
  A shadow dragon skeleton (Pan)
  11 fauns (Shoals:1 Shoals:2 Shoals:3 Shoals:4)
  10 worldbinders (Abyss:2 Abyss:4)
  30 ugly things (D:11 D:14 Depths:1 Depths:2 Depths:3)
  2 iron dragon skeletons (Crypt:1 Geh:4)
  An elephant (shapeshifter) (Depths:3)
  3 elephants (Lair:5)
  3 dire elephant zombies (Crypt:2 Crypt:3 Abyss:4)
  A frost giant skeleton (Crypt:2)
  A centaur zombie (Crypt:3)
  2 spectral centaurs (Tar:1 Tar:2)
  2 torpor snails (Spider:1 Spider:4)
  Joseph (D:8)
  8 apocalypse crabs (Abyss:4 Abyss:5 Pan)
  2 toenail golems (Pan)
  3 eyes of devastation (Slime:5 Abyss:4)
  6 water nymphs (Shoals:1 Shoals:2 Shoals:3 Shoals:4 Vaults:1)
  8 merfolk sirens (Lair:3 Shoals:1 Shoals:3 Shoals:4)
  12 rust devils (Abyss:4 Hell Pan D:10)
  20 vault sentinels (Vaults:1 Vaults:2 Vaults:3 Vaults:4 Vaults:5)
  7 black mambas (Lair:1 Lair:3 Lair:5)
  12 molten gargoyles (D:10 Geh:7)
  4 guardian serpents (Spider:4 Abyss:2 Abyss:4)
  5 ice statues (IceCv Pan)
  24 cane toads (Lair:1 Lair:2 Lair:3 Lair:4 Lair:5)
  7 titan simulacra (Coc:1 Coc:2 Coc:3 Coc:7)
  A gargoyle (D:9)
  23 hellions (Abyss:4 Pan Coc:1 Coc:2 Dis:2)
  109 smoke demons (Abyss:2 Abyss:4 Abyss:5 Pan)
  A storm dragon simulacrum (Coc:1)
  A dire elephant skeleton (Pan)
  3 centaur skeletons (Crypt:2 Pan)
  21 efreet (D:15 Abyss:4 Pan)
  An alligator snapping turtle skeleton (Pan)
  2 rime drakes (Lair:5 Zot:1)
  2 unseen horror zombies (Crypt:1 Crypt:2)
  3 unseen horrors (D:12 Abyss:4)
  5 kobold demonologists (D:12 Abyss:2 Abyss:4)
  24 ice devils (D:13 IceCv Abyss:4 Hell Pan)
  3 spectral nagas (Tar:2 Tar:4 Tar:7)
  2 tengu conjurers (D:14 Depths:1)
  31 orange demons (Abyss:4 Hell Abyss:5 Pan)
  A komodo dragon (shapeshifter) (Depths:2)
  17 komodo dragons (D:8 D:10 Lair:1 Lair:4 Lair:5)
  2 bunyip simulacra (Coc:2)
  21 freezing wraiths (D:9 IceCv Vaults:2 Crypt:1 Abyss:2)
  A golden dragon simulacrum (Coc:3)
  40 tormentors (Abyss:4 Pan Coc:5 Coc:6 Coc:7)
  38 yaktaurs (D:15 Vaults:2 Vaults:3 Vaults:5)
  An iron troll zombie (Crypt:2)
  34 ancient zymes (Abyss:4)
  47 guardian mummies (Tomb:1 Tomb:2 Tomb:3)
  An iron giant simulacrum (Coc:7)
  4 anaconda simulacra (IceCv Coc:1 Coc:6)
  A queen bee (D:12)
  7 trolls (D:8 D:9 D:10 D:12 Orc:1)
  A catoblepas skeleton (Pan)
  28 hellwings (Abyss:2 Abyss:4 Abyss:5 Pan)
  2 yaktaur skeletons (Vaults:3 Crypt:1)
  A minotaur skeleton (Pan)
  A death yak skeleton (Crypt:2)
  37 merfolk (Lair:3 D:13 Shoals:1 Shoals:2 Shoals:3)
  A polar bear (shapeshifter) (Vaults:5)
  5 harpy zombies (Crypt:1 Crypt:2 Crypt:3 Abyss:4)
  8 red devils (Pan Depths:4 D:10)
  A silent spectre (Tar:1)
  2 spectral harpies (Tar:4 Tar:5)
  2 polar bears (Lair:5 Abyss:4)
  3 meliai (Spider:3)
  A meliai (shapeshifter) (Abyss:4)
  2 tyrant leeches (Lair:5)
  Grinder (D:3)
  7 wind drakes (Lair:3 Shoals:1 Shoals:2 Shoals:3 Shoals:4)
  A shadow dragon simulacrum (Coc:2)
  3 hornets (D:9 Spider:1)
  3 harpy skeletons (Pan Geh:4)
  95 raiju (Abyss:2 Abyss:4 Abyss:5)
  8 dream sheep (Shoals:2 Shoals:4 Shoals:3)
  6 snapping turtles (Shoals:1 Shoals:3 Shoals:4)
  A dream sheep (shapeshifter) (Abyss:4)
  13 tarantellas (Lair:3 Spider:1 Spider:3 Spider:4)
  46 blink frogs (Lair:1 Lair:3 Lair:5 Abyss:4)
  A blink frog (shapeshifter) (Vaults:5)
  2 ettin zombies (Crypt:3)
  110 slime creatures (D:11 D:12 Lair:4 D:15 Shoals:1)
  A jumping spider (shapeshifter) (Elf:2)
  2 iron dragon simulacra (Crypt:2 Coc:3)
  2 fire dragon zombies (Crypt:1 Geh:4)
  3 glass eyes (Depths:4 Slime:2 Slime:3)
  A spectral black mamba (Tar:1)
  3 stone giant simulacra (Coc:2 Coc:5 Coc:6)
  A slime creature (shapeshifter) (Depths:3)
  20 culicivoras (Lair:3 Spider:1 Spider:2 Spider:3 Spider:4)
  A spriggan (Depths:1)
  21 flying skulls (Crypt:3 Abyss:4 Tomb:2)
  4 shadows (D:9 D:12 Abyss:4)
  33 jumping spiders (Spider:1 Spider:2 Spider:3 Spider:4)
  2 centaur simulacra (D:14 D:15)
  3 vampires (D:9 D:10 Abyss:5)
  A slime creature zombie (Crypt:2)
  24 wraiths (D:9 D:12 D:13 D:14 Crypt:1)
  66 ynoxinuls (Abyss:4 Abyss:5 Pan)
  67 yaks (D:8 D:9 D:11 D:12 Lair:1)
  A culicivora (shapeshifter) (Vaults:4)
  15 water elementals (Shoals:1 Shoals:2 Shoals:3 Shoals:4 Elf:3)
  4 air elementals (Elf:2 Abyss:4)
  3 hogs (D:12)
  8 wyverns (D:7 D:9 D:10 Lair:1 Lair:3)
  18 ushabtiu (Tomb:1 Tomb:2 Tomb:3)
  9 dire elephant simulacra (IceCv Coc:1 Coc:2 Coc:5 Coc:6)
  A basilisk (shapeshifter) (Abyss:4)
  62 small abominations (Abyss:2 Abyss:4 Abyss:5)
  An orc simulacrum (Coc:2)
  An unseen horror simulacrum (D:9)
  Eustachio (D:4)
  8 fire bats (Abyss:4)
  17 golden eyes (Slime:1 Slime:2 Slime:5 Abyss:4)
  A basilisk (D:12)
  9 fire elementals (Elf:2 Elf:3 Abyss:4)
  55 chaos spawn (Abyss:2 Abyss:4 Pan)
  58 neqoxecs (Abyss:2 Abyss:4 Pan)
  56 redbacks (Lair:3 Spider:1 Spider:3 Spider:4 Vaults:2)
  12 vampire mosquitoes (Lair:5 D:14 D:15 Spider:1)
  3 death yak simulacra (IceCv)
  4 steam dragons (D:7 D:8 D:10)
  18 harpy simulacra (IceCv Crypt:2 Abyss:4 Hell Coc:1)
  22 spatial vortices (Abyss:4)
  5 wargs (Orc:1 Orc:2 Depths:4)
  A naga (Abyss:2)
  A demonspawn zombie (Crypt:3)
  A naga zombie (Tomb:1)
  Duvessa (D:6)
  An acid dragon (D:9)
  An acid dragon (shapeshifter) (Depths:3)
  14 water moccasins (D:7 D:9 Lair:1 Lair:2 Lair:3)
  A demonspawn skeleton (Pan)
  3 hydra simulacra (Coc:4 Coc:7)
  14 hell hounds (Elf:2 Abyss:4 Depths:3 Hell)
  7 naga skeletons (Crypt:1 Tomb:1 Abyss:4 Hell Tomb:3)
  An ogre skeleton (Vaults:3)
  4 ice beasts (D:5 D:7 Abyss:4)
  5 sky beasts (D:6 D:7 D:8)
  A sky beast (shapeshifter) (D:14)
  A snapping turtle zombie (Crypt:1)
  7 black bears (D:5 D:7 Lair:1)
  6 ettin simulacra (Abyss:4 Hell Coc:1 Coc:2 Coc:6)
  27 orc warriors (D:6 D:9 Bailey Orc:1 Orc:2)
  A lindwurm zombie (Crypt:3)
  4 boggarts (Vaults:3)
  30 centaurs (D:9 D:10 D:12 D:13 D:15)
  7 ogres (D:4 D:7 Orc:1 Orc:2)
  A swamp dragon skeleton (Crypt:2)
  3 lemures (D:6)
  18 wolves (D:10 Lair:2 Lair:3 Lair:4 Lair:5)
  2 phantoms (D:5)
  10 kobold brigands (D:6 D:9 Bailey Abyss:2)
  Blork the orc (D:6)
  27 bullfrogs (D:8 D:9 Lair:1 Lair:2 Lair:3)
  2 scorpions (D:5 D:6)
  3 earth elementals (Elf:2 Elf:3 Abyss:4)
  An elf zombie (Elf:1)
  5 gnoll sergeants (D:9 D:10)
  A cane toad simulacrum (IceCv)
  2 necrophages (Crypt:2 Crypt:3)
  13 wights (D:8 D:9)
  Dowan (D:6)
  19 killer bees (D:7 D:8 D:9 D:12)
  4 elephant simulacra (IceCv)
  A wolf zombie (Crypt:2)
  2 electric eels (Lair:4 Lair:5)
  A raiju skeleton (Crypt:1)
  10 howler monkeys (D:5 D:6 D:9 D:10 D:13)
  A lava snake (D:10)
  3 crimson imps (Abyss:2 Abyss:4 Pan)
  8 hounds (D:4 D:5 D:6 D:10)
  2 quasits (Abyss:4)
  4 iron imps (Abyss:4)
  A black bear zombie (Crypt:2)
  16 jellies (D:4 D:5 D:6 D:8 Lair:4)
  23 orc priests (D:5 D:6 D:3 D:9 D:11)
  5 gnoll boudas (D:6 D:7 D:9 D:10)
  Crazy Yiuf (D:3)
  A sleepcap (D:5)
  15 iguanas (D:8 Lair:4)
  Ijyb (D:4)
  23 orc wizards (D:4 D:5 D:8 D:9 D:11)
  7 spriggan simulacra (IceCv Abyss:4 Coc:1 Coc:2)
  13 hell rats (Lair:1 Hell)
  A statue (D:7)
  2 troll simulacra (IceCv)
  5 polar bear simulacra (IceCv)
  7 wolf simulacra (IceCv)
  38 mummies (Tomb:1 Tomb:2 Tomb:3)
  Robin (D:4)
  23 gnolls (D:6 D:7 D:9 D:10)
  6 naga simulacra (IceCv Crypt:3 Coc:2 Coc:3 Coc:5)
  7 adders (D:2 D:3 D:4 D:5)
  4 shadow imps (D:3 D:8)
  11 white imps (D:5 D:6 Abyss:2 Abyss:4)
  9 ufetubi (D:6 IceCv Abyss:4)
  A lava snake zombie (Crypt:3)
  An adder skeleton (Crypt:3)
  4 worms (D:12)
  56 orcs (D:3 D:4 D:5 D:6 D:7)
  6 ball pythons (D:1 D:2 D:4)
  8 endoplasms (D:1 D:2 D:4 Abyss:4)
  6 giant cockroaches (D:1 D:2 D:3)
  16 goblins (D:1 D:2 D:4)
  6 hobgoblins (D:1 D:2 D:4)
  6 jackals (D:2 D:10)
  7 quokkas (D:2 D:4 D:5)
  5 bats (D:1 D:2)
  21 frilled lizards (D:1 D:2 Lair:4)
  A giant cockroach zombie (Crypt:1)
  22 kobolds (D:1 D:3 D:4 D:6 D:9)
  An orc skeleton (Crypt:1)
  4 rats (D:1 D:2)
  A rat zombie (Crypt:1)
  4 creeping infernos (Geh:4 Geh:5 Geh:7)
  8 fire vortices (Geh:4 Geh:5 Geh:6)
  7 lurking horrors (Abyss:4)
  A spectral weapon (Vaults:3)
  32 starspawn tentacles (Abyss:2 Abyss:4)
  2 tentacles (Shoals:2)
5678 creatures vanquished.

Vanquished Creatures (collateral kills)
  Gloorx Vloq (Pan)
  A caustic shrike (Dis:7)
  Rupert (Lair:4)
  2 Hell Sentinels (Dis:7)
  A sphinx (Depths:4)
  2 acid blobs (Slime:2 Slime:3)
  2 ancient champions (Dis:7)
  A rockslime (Slime:3)
  A daeva (Shoals:3)
  A quicksilver elemental (Dis:7)
  A balrug (Geh:7)
  A curse skull (Coc:5)
  An orc warlord (Vaults:4)
  An ironbound preserver (Vaults:4)
  An elemental wellspring (Coc:5)
  A very ugly thing (Depths:4)
  A stone giant (Depths:4)
  An eidolon (Crypt:3)
  An entropy weaver (Spider:1)
  2 salamander tyrants (Geh:1)
  An ironbound frostheart (Vaults:4)
  A dancing weapon (Dis:7)
  Sonja (D:12)
  A flayed ghost (Geh:4)
  2 shadow demons (Abyss:4)
  A bog body (Crypt:3)
  A glowing orange brain (Depths:4)
  An ironbound convoker (Vaults:4)
  2 phantasmal warriors (Crypt:3)
  A wolf spider (Spider:1)
  A deep elf zephyrmancer (Elf:2)
  5 ugly things (Abyss:4 Depths:4)
  A cyclops (D:11)
  6 elephants (Lair:4)
  A smoke demon (Abyss:4)
  A torpor snail (Spider:1)
  A slime creature (Slime:2)
  2 cane toads (Lair:4)
  A komodo dragon (Lair:5)
  A merfolk (Shoals:1)
  A tarantella (Spider:1)
  2 blink frogs (Lair:5)
  2 raiju (Abyss:4)
  A boulder beetle zombie (Crypt:3)
  2 jumping spiders (Spider:1 Spider:4)
  A yak (D:11)
  A vampire mosquito (Lair:5)
  A basilisk (Lair:4)
  3 redbacks (Spider:1 Spider:4)
  A neqoxec (Abyss:4)
  A tengu (shapeshifter) (Depths:4)
  2 small abominations (Abyss:4)
  A goblin skeleton (Crypt:3)
  A rat (D:3)
  A lurking horror (Abyss:4)
77 creatures vanquished.

Vanquished Creatures (others)
  An ancient lich (Zot:5)
  A titan (Vaults:5)
  An eldritch tentacle (Pan)
  A fire giant (Geh:4)
  A curse skull (Coc:5)
  4 shard shrike simulacra (Coc:1 Coc:7)
  An elemental wellspring (Coc:4)
  A purple draconian (Zot:5)
  A white draconian (Zot:5)
  A spark wasp (Spider:1)
  A mummy priest (Tomb:2)
  2 juggernaut simulacra (Coc:1 Coc:7)
  2 caustic shrike simulacra (Coc:2 Coc:7)
  9 dancing weapons (D:12 Elf:2 Depths:4 Vaults:5 Abyss:4)
  A stoker (Geh:5)
  A centaur warrior (Vaults:1)
  A deep elf knight (Elf:2)
  2 quicksilver dragon simulacra (Coc:5 Coc:6)
  A sea snake (Shoals:3)
  A spriggan simulacrum (Coc:2)
  A vault sentinel (Vaults:5)
  An ice statue (Pan)
  A tormentor (Tar:4)
  An ancient zyme (Abyss:4)
  A merfolk (Shoals:4)
  A tarantella (Spider:1)
  A blink frog (Abyss:4)
  2 large abominations (Abyss:4)
  3 jumping spiders (Spider:1)
  A yak (D:11)
  2 humans (D:12)
  A chaos spawn (Pan)
  A neqoxec (Pan)
  2 redbacks (Spider:1 Spider:4)
  A hydra simulacrum (Coc:2)
  2 harpy simulacra (Coc:2 Coc:4)
  4 small abominations (Abyss:4)
  A starcursed mass (Abyss:4)
  A hell rat (Hell)
  A white imp (Abyss:4)
  A kobold (D:4)
  3 ball lightnings (Pan)
  10 foxfires (Abyss:4)
  A lurking horror (Abyss:4)
  6 spectral weapons (Vaults:2 Vaults:4 Depths:1)
  64 starspawn tentacles (Abyss:2 Abyss:4 Abyss:5)
  6 tentacles (Shoals:2)
154 creatures vanquished.

Grand Total: 5909 creatures vanquished

Table legend: (Time is in decaauts)
 A = Elapsed time spent in this place.
 B = Non-inter-level travel time spent in this place.
 C = Inter-level travel time spent in this place.
 D = Time resting spent in this place.
 E = Time spent auto-exploring this place.
 F = Levels seen in this place.
 G = Mean time per level.
                   A        B        C        D        E       F      G
               +--------+--------+--------+--------+--------+-----+--------+
         Total | 121246 | 105212 |  16034 |  16030 |  54664 | 106 | 1143.8 |
       Dungeon |  22748 |  16995 |   5753 |    974 |  12268 |  15 | 1516.5 |
          Lair |   7700 |   6273 |   1427 |    886 |   4132 |   5 | 1540.0 |
        Shoals |   8416 |   7864 |    552 |   3425 |   3004 |   4 | 2104.0 |
   Spider Nest |   7160 |   6472 |    688 |   1680 |   3504 |   4 | 1790.0 |
    Slime Pits |   3120 |   2729 |    391 |     90 |   1974 |   5 |  624.0 |
  Orcish Mines |   1624 |   1414 |    210 |    229 |    859 |   2 |  812.0 |
   Elven Halls |   4502 |   4162 |    340 |   1181 |   2182 |   3 | 1500.7 |
        Vaults |   9556 |   8395 |   1161 |    427 |   6136 |   5 | 1911.2 |
         Crypt |   4089 |   3343 |    746 |    353 |   2060 |   3 | 1363.0 |
          Tomb |   3642 |   3141 |    501 |    853 |   1234 |   3 | 1214.0 |
        Depths |   6598 |   4482 |   2116 |    563 |   2422 |   4 | 1649.5 |
          Hell |    975 |    760 |    215 |      0 |    439 |   1 |  975.0 |
           Dis |   6137 |   5985 |    152 |   2272 |   1606 |   7 |  876.7 |
       Gehenna |   3075 |   2714 |    361 |     89 |    968 |   7 |  439.3 |
       Cocytus |   2547 |   2392 |    155 |    135 |    898 |   7 |  363.9 |
      Tartarus |   3378 |   3004 |    374 |    384 |    835 |   6 |  563.0 |
           Zot |   6784 |   5896 |    888 |   1198 |   2673 |   5 | 1356.8 |
         Abyss |   5293 |   5293 |      0 |     12 |   1988 |   5 | 1058.6 |
   Pandemonium |  12819 |  12819 |      0 |   1077 |   5177 |  13 |  986.1 |
        Bailey |    471 |    471 |      0 |    122 |    146 |   1 |  471.0 |
      Ice Cave |    603 |    603 |      0 |     75 |    155 |   1 |  603.0 |
               +--------+--------+--------+--------+--------+-----+--------+

Top non-repeatable levels by time:
Shoals:3: 4906 daAuts
 Abyss:4: 4816 daAuts
    D:15: 3572 daAuts
   Dis:7: 3438 daAuts
Spider:4: 2930 daAuts
Vaults:2: 2896 daAuts
    D:12: 2372 daAuts
  Lair:3: 2308 daAuts
   Zot:4: 2181 daAuts
Depths:3: 2166 daAuts
 Crypt:3: 1980 daAuts
   Tar:7: 1952 daAuts
Vaults:1: 1945 daAuts
  Tomb:1: 1889 daAuts
    D:10: 1808 daAuts

Table legend:
 A = Non-vault XP
 B = Vault XP
 C = Vault XP percentage of total XP
 D = Non-vault monster count
 E = Vault monster count
 F = Vault count percentage of total count
                 A         B        C        D         E       F
            +---------+---------+-------+---------+---------+-------
      Total | 2325022 | 1839757 |  44.2 |    3731 |    1947 |  34.3
            +---------+---------+-------+---------+---------+-------
        D:1 |      26 |       4 |  13.3 |      16 |       3 |  15.8
        D:2 |      50 |       0 |   0.0 |      22 |       0 |   0.0
        D:3 |      35 |     447 |  92.7 |       7 |       7 |  50.0
        D:4 |     343 |     268 |  43.9 |      26 |      14 |  35.0
        D:5 |    1175 |       0 |   0.0 |      24 |       0 |   0.0
        D:6 |     908 |     945 |  51.0 |      29 |       4 |  12.1
        D:7 |    1395 |      32 |   2.2 |      19 |       1 |   5.0
        D:8 |    2052 |    2702 |  56.8 |      17 |      18 |  51.4
        D:9 |    3743 |    8742 |  70.0 |      37 |      35 |  48.6
       D:10 |    1645 |    2531 |  60.6 |      10 |      30 |  75.0
       D:11 |    5914 |       0 |   0.0 |      22 |       0 |   0.0
       D:12 |    8388 |    6057 |  41.9 |      30 |      22 |  42.3
       D:13 |    7182 |    2060 |  22.3 |      20 |       4 |  16.7
       D:14 |   11308 |     723 |   6.0 |      22 |       1 |   4.3
       D:15 |    9304 |    2869 |  23.6 |      30 |       4 |  11.8
     Lair:1 |    7303 |    1454 |  16.6 |      36 |       7 |  16.3
     Lair:2 |    2614 |       0 |   0.0 |      11 |       0 |   0.0
     Lair:3 |   14676 |    6242 |  29.8 |      48 |      22 |  31.4
     Lair:4 |   13056 |    6012 |  31.5 |      29 |      48 |  62.3
     Lair:5 |   12543 |    9875 |  44.0 |      40 |      35 |  46.7
   Shoals:1 |   16289 |       0 |   0.0 |      31 |       0 |   0.0
   Shoals:2 |   18164 |    6894 |  27.5 |      34 |       7 |  17.1
   Shoals:3 |   19980 |   12583 |  38.6 |      40 |      16 |  28.6
   Shoals:4 |   16855 |   12538 |  42.7 |      35 |      23 |  39.7
   Spider:1 |   22871 |   15935 |  41.1 |      61 |      21 |  25.6
   Spider:2 |    6041 |    2030 |  25.2 |      12 |       1 |   7.7
   Spider:3 |   15994 |     244 |   1.5 |      32 |       1 |   3.0
   Spider:4 |   21396 |   26897 |  55.7 |      47 |      53 |  53.0
    Slime:1 |    2517 |       0 |   0.0 |       4 |       0 |   0.0
    Slime:2 |   14698 |       0 |   0.0 |      28 |       0 |   0.0
    Slime:3 |   14097 |     381 |   2.6 |      28 |       9 |  24.3
    Slime:4 |   11050 |       0 |   0.0 |      16 |       0 |   0.0
    Slime:5 |   24864 |   26867 |  51.9 |      44 |      19 |  30.2
      Orc:1 |    3233 |       0 |   0.0 |      32 |       0 |   0.0
      Orc:2 |    2653 |    8185 |  75.5 |      21 |      25 |  54.3
      Elf:1 |   11196 |    6740 |  37.6 |      17 |      10 |  37.0
      Elf:2 |    8536 |   23282 |  73.2 |      17 |      37 |  68.5
      Elf:3 |   13715 |   30592 |  69.0 |      24 |      28 |  53.8
   Vaults:1 |   22748 |   20478 |  47.4 |      32 |      26 |  44.8
   Vaults:2 |   44056 |   23615 |  34.9 |      67 |      30 |  30.9
   Vaults:3 |   32559 |   12693 |  28.0 |      48 |      20 |  29.4
   Vaults:4 |   24576 |   24841 |  50.3 |      38 |      26 |  40.6
   Vaults:5 |   31913 |   93696 |  74.6 |      46 |      90 |  66.2
    Crypt:1 |   25452 |    2943 |  10.4 |      45 |       2 |   4.3
    Crypt:2 |   25558 |    9486 |  27.1 |      41 |       7 |  14.6
    Crypt:3 |   25370 |   51800 |  67.1 |      43 |      71 |  62.3
     Tomb:1 |   13730 |   87546 |  86.4 |      23 |      51 |  68.9
     Tomb:2 |   11914 |   67990 |  85.1 |      28 |      95 |  77.2
     Tomb:3 |   10120 |   90319 |  89.9 |      18 |      93 |  83.8
   Depths:1 |   25440 |   13000 |  33.8 |      30 |      13 |  30.2
   Depths:2 |   16042 |   16334 |  50.5 |      19 |      18 |  48.6
   Depths:3 |   46573 |   32853 |  41.4 |      53 |      24 |  31.2
   Depths:4 |   34771 |   31218 |  47.3 |      36 |      30 |  45.5
       Hell |   32998 |   34281 |  51.0 |      51 |      36 |  41.4
      Dis:1 |   28915 |       0 |   0.0 |      21 |       0 |   0.0
      Dis:2 |   13302 |       0 |   0.0 |      12 |       0 |   0.0
      Dis:3 |   24441 |    7363 |  23.2 |      15 |       4 |  21.1
      Dis:4 |   20915 |       0 |   0.0 |      13 |       0 |   0.0
      Dis:5 |   16059 |       0 |   0.0 |      12 |       0 |   0.0
      Dis:6 |       0 |   43927 | 100.0 |       0 |      32 | 100.0
      Dis:7 |       0 |  154910 | 100.0 |       0 |     101 | 100.0
      Geh:1 |   13038 |       0 |   0.0 |      13 |       0 |   0.0
      Geh:2 |   22987 |       0 |   0.0 |      19 |       0 |   0.0
      Geh:3 |   14418 |       0 |   0.0 |      11 |       0 |   0.0
      Geh:4 |    9281 |   22908 |  71.2 |      10 |      24 |  70.6
      Geh:5 |   15978 |   33597 |  67.8 |      18 |       7 |  28.0
      Geh:6 |   22720 |       0 |   0.0 |      16 |       0 |   0.0
      Geh:7 |   12224 |   55503 |  82.0 |      12 |      44 |  78.6
      Coc:1 |   10854 |       0 |   0.0 |      17 |       0 |   0.0
      Coc:2 |   24788 |       0 |   0.0 |      30 |       0 |   0.0
      Coc:3 |   30444 |       0 |   0.0 |      24 |       0 |   0.0
      Coc:4 |   22495 |       0 |   0.0 |      17 |       0 |   0.0
      Coc:5 |   13116 |   10635 |  44.8 |      18 |       9 |  33.3
      Coc:6 |   35166 |    1795 |   4.9 |      34 |       1 |   2.9
      Coc:7 |   24079 |   68537 |  74.0 |      24 |      47 |  66.2
      Tar:1 |    8109 |       0 |   0.0 |      11 |       0 |   0.0
      Tar:2 |    4108 |    5633 |  57.8 |       4 |       5 |  55.6
      Tar:4 |   10474 |   20895 |  66.6 |       9 |      18 |  66.7
      Tar:5 |   12762 |       0 |   0.0 |      10 |       0 |   0.0
      Tar:6 |   12096 |       0 |   0.0 |       8 |       0 |   0.0
      Tar:7 |   16570 |  123000 |  88.1 |      13 |      69 |  84.1
      Zot:1 |   35694 |   39612 |  52.6 |      30 |      31 |  50.8
      Zot:2 |   42977 |    3052 |   6.6 |      34 |       1 |   2.9
      Zot:3 |   44935 |   50763 |  53.0 |      39 |      39 |  50.0
      Zot:4 |   26594 |   24570 |  48.0 |      18 |      16 |  47.1
      Zot:5 |   44064 |   87333 |  66.5 |      28 |      39 |  58.2
    Abyss:2 |   21535 |     333 |   1.5 |      40 |       1 |   2.4
    Abyss:4 |  543964 |    8265 |   1.5 |     982 |      13 |   1.3
    Abyss:5 |   20586 |       0 |   0.0 |      34 |       0 |   0.0
        Pan |  333705 |  228483 |  40.6 |     499 |     240 |  32.5
     Bailey |       0 |    1582 | 100.0 |       0 |      18 | 100.0
      IceCv |       0 |    9837 | 100.0 |       0 |      51 | 100.0
            +---------+---------+-------+---------+---------+-------
